Workbook
Name _disclosure_date: #REF!
Name _disclosure_date: CoverSheet!$C$8
Name _template_version: #REF!
Name _template_version: CoverSheet!$A$14
Name _title: #REF!
Name _title: CoverSheet!$A$3
Name dd_AssetCategory: #REF!
Name dd_CapacityConstraint: #REF!
Name dd_CausalProxy: #REF!
Name dd_Cause: #REF!
Name dd_opexsalescapex: #REF!
Name dd_opexsalescapex: 'Drop down boxes'!$B$12:$B$21
Name dd_YesNo: #REF!
Name dd_YesNo: 'Drop down boxes'!$B$4:$B$6
Name M: #REF!
Name M: 'F1. RAB'!$L$9:$P$17
Name Remedial: #REF!
Name ScheduleG1: #REF!
Name ScheduleG4: #REF!
Name SFIR: #REF!
Name tb_F1i_1_ptable_data: #REF!
Name tb_F1i_1_ptable_data: 'F1. RAB'!$L$9:$P$17
Name tb_F1i_1_ptable_header: #REF!
Name tb_F1i_1_ptable_header: 'F1. RAB'!$L$6:$P$8
Name tb_F1i_1_ptable_label: #REF!
Name tb_F1i_1_ptable_label: 'F1. RAB'!$E$9:$K$17
Name tb_F1i_1_ptable_subtitle: #REF!
Name tb_F1i_1_ptable_subtitle: 'F1. RAB'!$E$19
Name tb_F1i_2_ptable_data: #REF!
Name tb_F1i_2_ptable_data: 'F1. RAB'!$L$20:$P$21
Name tb_F1i_2_ptable_header: #REF!
Name tb_F1i_2_ptable_header: 'F1. RAB'!$L$6:$P$8
Name tb_F1i_2_ptable_label: #REF!
Name tb_F1i_2_ptable_label: 'F1. RAB'!$E$20:$F$21
Name tb_F1ii_1_ptable_data: #REF!
Name tb_F1ii_1_ptable_data: 'F1. RAB'!$L$27:$P$36
Name tb_F1ii_1_ptable_header: #REF!
Name tb_F1ii_1_ptable_header: 'F1. RAB'!$L$24:$P$26
Name tb_F1ii_1_ptable_label: #REF!
Name tb_F1ii_1_ptable_label: 'F1. RAB'!$E$27:$F$36
Name tb_F1iii_1_cell_data: #REF!,#REF!,#REF!
Name tb_F1iii_1_cell_data: 'F1. RAB'!$P$40,'F1. RAB'!$P$41,'F1. RAB'!$P$42
Name tb_F1iii_1_cell_label: #REF!,#REF!,#REF!
Name tb_F1iii_1_cell_label: 'F1. RAB'!$E$40,'F1. RAB'!$E$41,'F1. RAB'!$E$42
Name tb_F1iii_1_ptable_data: #REF!,#REF!,#REF!,#REF!,#REF!,#REF!,#REF!,#REF!
Name tb_F1iii_1_ptable_data: 'F1. RAB'!$M$45,'F1. RAB'!$M$47,'F1. RAB'!$M$50,'F1. RAB'!$M$52,'F1. RAB'!$O$45,'F1. RAB'!$O$47,'F1. RAB'!$O$50,'F1. RAB'!$O$52
Name tb_F1iii_1_ptable_header: #REF!,#REF!
Name tb_F1iii_1_ptable_header: 'F1. RAB'!$M$44,'F1. RAB'!$O$44
Name tb_F1iii_1_ptable_label: #REF!,#REF!,#REF!,#REF!
Name tb_F1iii_1_ptable_label: 'F1. RAB'!$F$45,'F1. RAB'!$F$47,'F1. RAB'!$F$50,'F1. RAB'!$E$52
Name tb_F1iv_1_ptable_data: #REF!
Name tb_F1iv_1_ptable_data: 'F1. RAB'!$I$58:$R$66
Name tb_F1iv_1_ptable_header: #REF!
Name tb_F1iv_1_ptable_header: 'F1. RAB'!$I$56:$R$57
Name tb_F1iv_1_ptable_label: #REF!
Name tb_F1iv_1_ptable_label: 'F1. RAB'!$E$58:$F$66
Name tb_F1iv_1_ptable_subtitle: #REF!
Name tb_F1iv_1_ptable_subtitle: 'F1. RAB'!$E$68:$F$68
Name tb_F1iv_2_ptable_data: #REF!
Name tb_F1iv_2_ptable_data: 'F1. RAB'!$I$69:$R$70

Sheet Cognos_Office_Connection_Cache

Sheet List
E2: AD
E3: KT
B4: Not started | E4: LW
B5: In progress | E5: RT
B6: In first review | E6: HM
B7: In second review | E7: DF
B8: Complete | E8: ADT
E9: HP
E10: LS
E11: MSR
E12: MS
E13: DLS
E14: JC
E15: LB
E16: TR
E17: JW
E18: AF
E19: RK
E20: KP
... E26: Pending reconfirmation

Sheet CoverSheet
A3: Transpower Information Disclosure Schedules F1-7a, TP1-6, G1-8, SO1
B8: Disclosure Year (year ended) | C8: =+'F1. RAB'!R2 -> 46203
B14: Prepared and Published on 23 October 2026

Sheet Directors' certificate
A2: Directors' Certificate - October 2026

Sheet Table of Contents  
C2: TRANSPOWER INFORMATION DISCLOSURE
C3: Table of Contents
C5: Compliance
D6: Directors' Certificate | E6: Transpower generated
D7: Assurance Report | E7: Transpower generated
C8: Financial Information
C9: F1 | D9: Value of the Regulatory Asset Base (RAB Roll Forward)
C10: F2 | D10: Operating Expenditure (Opex): Actual
C11: F3 | D11: Base Capital Expenditure (Base Capex): Actual Commissioned
C12: F4 | D12: Comparison of Forecasts for Opex and base Capex Commissioning
C13: F5 | D13: Major Capital Expenditure (Major Capex)
C14: F6 | D14: Regulated Revenue
C15: F7 | D15: Cost Allocation
C16: F7a | D16: Asset Allocation
C17: TP1 | D17: ROI and profit calculations (required by ID Determination Clause 8.7 to 8.14) | E17: Transpower generated
C18: TP2 | D18: Major project costs (required by ID Determination Clause 8.18 and 8.19) | E18: Transpower generated
C19: TP3 | D19: Major project timing (required by ID Determination Clause 8.18 and 8.19) | E19: Transpower generated
C20: TP4 | D20: Fully commissioned project details (required by ID Determination Clause 8.20) | E20: None in 2026
C21: TP5 | D21: Related party transactions (required by ID Determination Clause 8.21) | E21: Transpower generated
C22: TP6 | D22: Investment contracts (required by ID Determination Clause 10) | E22: Transpower generated
C23: Grid Management Information
C24: G1 | D24: Transmission System Statistics
C25: G2 | D25: Grid Demand and Injection
C26: G3 | D26: Grid Exit Point (GXP) Connection Capacity and Demand (Actual and Forecast)
C27: G4 | D27: Quality of Supply: Grid Outputs and Performance Measures
C28: G5 | D28: Quality of Supply: Interconnection Assets
C29: G6 | D29: Asset Health and Age (2nd Year of RCP and in RCP Proposal)
C30: G7 | D30: Asset Management Maturity Assessment Tool (AMMAT)
C31: G8 | D31: AMMAT Results Summary
C32: System Operator
C33: SO1 | D33: System Operator

Sheet  Assurance report
A2: Assurance Report - October 2026
A4: .

Sheet F1. RAB
N1: Transpower | P1: Disclosure Date | R1: 46318
A2: SCHEDULE F1: VALUE OF THE REGULATORY ASSET BASE (RAB ROLL FORWARD) | P2: Disclosure Year (year ended) | R2: 46203
A3: Disclosure of line items required from disclosure year 2026 onward are specified in column U. The opening balance of the RAB has been adjusted to bring it in line with the RAB balance in the Annual Compliance Statements. The Commission's decision to allow IDC cap revenue reductions to be subtracted off depreciation means that the ID and ACS RAB's will be aligned going forward. https://comcom.govt.nz/__data/assets/pdf_file/0020/363152/Information-Disclosure-Transpower-Amendment-Determination-2024-Final-Decision-Reasons-Paper-13-November-2024.pdf Clause 2.83 align IPP RAB with ID RAB
A4: ref
A5: =ROW() -> 5 | C5: F1(i): Value of Regulatory Asset Base (RAB Roll Forward)
A6: =ROW() -> 6 | L6: RAB | M6: RAB | N6: RAB | O6: RAB | P6: RAB
A7: =ROW() -> 7 | L7: CY-4 | M7: CY-3 | N7: CY-2 | O7: CY-1 | P7: CY
A8: =ROW() -> 8 | L8: ($M) | M8: ($M) | N8: ($M) | O8: ($M) | P8: ($M)
A9: =ROW() -> 9 | E9: Opening RAB value (excl ACA) | L9: 4.8642165e+09 | M9: 4.8828481e+09 | N9: 4.9564665e+09 | O9: 5.0502123e+09 | P9: =ROUND(+O17,-5) -> 5224500000
A10: =ROW() -> 10 | D10: plus | E10: Value of found assets | L10: 0 | M10: 0 | N10: 0 | O10: 0 | P10: =R76 -> 0
A11: =ROW() -> 11 | D11: less | E11: Value of disposed assets | L11: 8994642.1 | M11: 7467082.2 | N11: 3060788.8 | O11: 3678768 | P11: =SUM(R82:R85) -> 6400000
A12: =ROW() -> 12 | D12: less | E12: Value of lost assets | L12: 0 | M12: 0 | N12: 0 | O12: 0 | P12: =R94 -> 0
A13: =ROW() -> 13 | D13: less | E13: Total depreciation | L13: 2.4760483e+08 | M13: 2.5083635e+08 | N13: 2.556321e+08 | O13: 2.6755847e+08 | P13: =R100 -> 281600000
D14: plus | E14: Total revaluations | L14: 0 | M14: 0 | N14: 0 | O14: 0 | P14: =O52 -> 204100000
A15: =ROW() -> 15 | D15: plus | E15: Total Value of commissioned assets (including acquired assets and costs incurred after an asset is first commissioned) | L15: 2.7523106e+08 | M15: 3.3192189e+08 | N15: 3.3150841e+08 | O15: 4.4551016e+08 | P15: =R107 -> 482500000
A16: =ROW() -> 16 | D16: plus | E16: Adjustment to opening RAB resulting from change in cost allocation | L16: 0 | M16: 0 | N16: 0 | O16: 0 | P16: -300000
A17: =ROW() -> 17 | E17: Closing RAB value | L17: 4.8828481e+09 | M17: 4.9564665e+09 | N17: 5.029282e+09 | O17: 5.2244852e+09 | P17: =+P9+P10-P11-P12-P13+P15+P16+P14 -> 5622800000
A18: =ROW() -> 18
A19: =ROW() -> 19 | D19: plus | E19: Opening RAB of Anticipatory Connection Assets (ACA)
A20: =ROW() -> 20 | E20: Opening RAB value including Anticipatory Connection Assets (ACA) | P20: =+P9+P21 -> 5224500000
A21: =ROW() -> 21 | E21: Value of commissioned ACA | L21: 0 | M21: 0 | N21: 0 | O21: 0 | P21: =+R70 -> 0
A22: =ROW() -> 22
A23: =ROW() -> 23 | C23: F1(ii): Unallocated Regulatory Asset Base
A24: =ROW() -> 24 | L24: Unallocated RAB | M24: Unallocated RAB | N24: Unallocated RAB | O24: Unallocated RAB | P24: Unallocated RAB
A25: =ROW() -> 25 | L25: =+L7 -> CY-4 | M25: =+M7 -> CY-3 | N25: =+N7 -> CY-2 | O25: =+O7 -> CY-1 | P25: =+P7 -> CY
A26: =ROW() -> 26 | L26: ($M) | M26: ($M) | N26: ($M) | O26: ($M) | P26: ($M)
A27: =ROW() -> 27 | E27: Unallocated opening RAB value | L27: 4.9109182e+09 | M27: 4.9330056e+09 | N27: 5.0090564e+09 | O27: 5.0940975e+09 | P27: =ROUND(+O34+V27,-5) -> 5261400000
A28: =ROW() -> 28 | D28: plus | E28: Found assets | L28: 0 | M28: 0 | N28: 0 | O28: 0 | P28: =R77 -> 0
A29: =ROW() -> 29 | D29: less | E29: Asset disposals | L29: 8994642.1 | M29: 7467082.2 | N29: 3060788.8 | O29: 3678768 | P29: =SUM(R86:R89) -> 6400000
A30: =ROW() -> 30 | D30: less | E30: Lost Assets | L30: 0 | M30: 0 | N30: 0 | O30: 0 | P30: =R95 -> 0
A31: =ROW() -> 31 | D31: less | E31: Total depreciation | L31: 2.5985876e+08 | M31: 2.6489715e+08 | N31: 2.7019692e+08 | O31: 2.8048541e+08 | P31: =R101 -> 295900000
D32: plus | E32: Total revaluations | L32: 0 | M32: 0 | N32: 0 | O32: 0 | P32: =M52 -> 2.052e+08
A33: =ROW() -> 33 | D33: plus | E33: Assets commissioned | L33: 2.9094074e+08 | M33: 3.4841508e+08 | N33: 3.3742503e+08 | O33: 4.5149664e+08 | P33: =R108 -> 497800000
A34: =ROW() -> 34 | E34: Unallocated closing RAB value | L34: 4.9330056e+09 | M34: 5.0090564e+09 | N34: 5.0732237e+09 | O34: 5.2614299e+09 | P34: =+P27+P28-P29-P30-P31+P33+P32 -> 5662100000
A35: =ROW() -> 35
A36: =ROW() -> 36 | E36: Result of cost allocation ratio (opening values) | L36: =IF(L17=0,0,L9/L27) -> 0.99049022 | M36: =IF(M17=0,0,M9/M27) -> 0.98983226 | N36: =IF(N17=0,0,N9/N27) -> 0.98950104 | O36: =IF(O17=0,0,O9/O27) -> 0.99138509 | P36: =IF(P17=0,0,P9/P27) -> 0.99298666
A37: =ROW() -> 37
A38: =ROW() -> 38 | C38: F1(iii): Calculation of Revaluation Rate and Revaluation of Assets
A39: =ROW() -> 39
A40: =ROW() -> 40 | E40: CPI4 | P40: 1359
A41: =ROW() -> 41 | E41: CPI4-4 | P41: 1306
A42: =ROW() -> 42 | E42: Revaluation rate (%) | P42: =ROUND(IF(P40<>0,P40/P41-1, 0),3) -> 0.041
A43: =ROW() -> 43
A44: =ROW() -> 44 | M44: Unallocated RAB ($000) | O44: RAB ($000)
A45: =ROW() -> 45 | F45: Total opening RAB value | M45: =P27 -> 5261400000 | O45: =P9 -> 5224500000
D46: less | F46: Adjustments to opening RAB - see footnote | M46: 36384715 | O46: 32439772
A47: =ROW() -> 47 | D47: less | F47: Opening value of assets with nil physical life, and disposed and lost assets | M47: 6400000 | O47: 6400000
D48: less | F48: Depreciation on opening RAB | M48: 2.8650667e+08 | O48: 2.7249099e+08
A49: =ROW() -> 49
A50: =ROW() -> 50 | F50: Total opening RAB value adjusted for depreciation, and fully depreciated, disposed and lost assets | M50: =M45+M46-M47-M48 -> 5.004878e+09 | O50: =O45+O46-O47-O48 -> 4.9780488e+09
A51: =ROW() -> 51
A52: =ROW() -> 52 | E52: Total revaluations | M52: =IF(M50<>0,M50*$P42,0) -> 2.052e+08 | O52: =IF(O50<>0,O50*$P42,0) -> 204100000
A53: =ROW() -> 53
A54: =ROW() -> 54
A55: =ROW() -> 55 | C55: F1(iv): Disclosure by Asset Category
A56: =ROW() -> 56 | I56: HVAC Substations | J56: HVAC Lines and Transmission cables | K56: HVDC Substations and Submarine cables | L56: HVDC Lines | M56: Easements | N56: Intangibles | O56: IST | P56: Business Support | Q56: Pseudo Assets | R56: Total
A57: =ROW() -> 57 | I57: ($M) | J57: ($M) | K57: ($M) | L57: ($M) | M57: ($M) | N57: ($M) | O57: ($M) | P57: ($M) | Q57: ($M) | R57: ($M)
A58: =ROW() -> 58 | E58: Opening RAB value (CY) | I58: 1878800000 | J58: 2111900000 | K58: 421500000 | L58: 100000000 | M58: 302600000 | N58: 48600000 | O58: 153600000 | P58: 165600000 | Q58: 41900000 | R58: =SUM(I58:Q58) -> 5224500000
A59: =ROW() -> 59 | C59: plus | E59: Found assets | I59: =I76 -> 0 | J59: =J76 -> 0 | K59: =K76 -> 0 | L59: =L76 -> 0 | M59: =M76 -> 0 | N59: =N76 -> 0 | O59: =O76 -> 0 | P59: =P76 -> 0 | Q59: =Q76 -> 0 | R59: =IF(SUM(I59:Q59)=R76,R76,"ERROR") -> 0
A60: =ROW() -> 60 | C60: less | E60: Asset disposals | I60: =SUM(I82:I85) -> 3100000 | J60: =SUM(J82:J85) -> 1600000 | K60: =SUM(K82:K85) -> 400000 | L60: =SUM(L82:L85) -> 0 | M60: =SUM(M82:M85) -> 0 | N60: =SUM(N82:N85) -> 300000 | O60: =SUM(O82:O85) -> 900000 | P60: =SUM(P82:P85) -> 100000 | Q60: =SUM(Q82:Q85) -> 0 | R60: =IF(SUM(I60:Q60)=SUM(R82:R85),SUM(R82:R85),"ERROR") -> 6400000
A61: =ROW() -> 61 | C61: less | E61: Lost Assets | I61: =I94 -> 0 | J61: =J94 -> 0 | K61: =K94 -> 0 | L61: =L94 -> 0 | M61: =M94 -> 0 | N61: =N94 -> 0 | O61: =O94 -> 0 | P61: =P94 -> 0 | Q61: =Q94 -> 0 | R61: =IF(SUM(I61:Q61)=R94,R94,"ERROR") -> 0
A62: =ROW() -> 62 | C62: less | E62: Total depreciation | I62: =I100 -> 81800000 | J62: =J100 -> 94400000 | K62: =K100 -> 27100000 | L62: =L100 -> 4900000 | M62: =M100 -> 600000 | N62: =N100 -> 20600000 | O62: =O100 -> 26200000 | P62: =P100 -> 24000000 | Q62: =Q100 -> 2000000 | R62: =(SUM(I62:Q62)) -> 281600000
D63: plus | E63: Total revaluations | I63: =I114 -> 72800000 | J63: =J114 -> 84500000 | K63: =K114 -> 16100000 | L63: =L114 -> 4000000 | M63: =M114 -> 12600000 | N63: =N114 -> 1300000 | O63: =O114 -> 5200000 | P63: =P114 -> 6000000 | Q63: =Q114 -> 1600000 | R63: =(SUM(I63:Q63)) -> 204100000
A64: =ROW() -> 64 | C64: plus | E64: Total Assets commissioned | I64: =I107 -> 142500000 | J64: =J107 -> 224900000 | K64: =K107 -> 12600000 | L64: =L107 -> 1500000 | M64: =M107 -> 5100000 | N64: =N107 -> 31700000 | O64: =O107 -> 18500000 | P64: =P107 -> 45700000 | Q64: =Q107 -> 0 | R64: =(SUM(I64:Q64)) -> 482500000
A65: =ROW() -> 65 | C65: less | E65: Adjustment to opening RAB resulting from change in cost allocation | P65: -300000 | R65: =(SUM(I65:Q65)) -> -300000
A66: =ROW() -> 66 | E66: Closing RAB value (CY) | I66: =+I58+I59-I60-I61-I62+I64+I65+I63 -> 2009200000 | J66: =+J58+J59-J60-J61-J62+J64+J65+J63 -> 2325300000 | K66: =+K58+K59-K60-K61-K62+K64+K65+K63 -> 422700000 | L66: =+L58+L59-L60-L61-L62+L64+L65+L63 -> 100600000 | M66: =+M58+M59-M60-M61-M62+M64+M65+M63 -> 319700000 | N66: =+N58+N59-N60-N61-N62+N64+N65+N63 -> 60700000 | O66: =+O58+O59-O60-O61-O62+O64+O65+O63 -> 150200000 | P66: =+P58+P59-P60-P61-P62+P64+P65+P63 -> 192900000 | ... R66: =+R58+R59-R60-R61-R62+R64+R65+R63 -> 5622800000
A67: =ROW() -> 67
A68: =ROW() -> 68 | C68: plus | E68: Opening RAB value of Anticipatory Connection Assets (ACA)
A69: =ROW() -> 69 | E69: Opening RAB value including Anticipatory Connection Assets (ACA) | I69: =+I58 -> 1878800000 | J69: =+J58 -> 2111900000 | K69: =+K58 -> 421500000 | L69: =+L58 -> 100000000 | M69: =+M58 -> 302600000 | N69: =+N58 -> 48600000 | O69: =+O58 -> 153600000 | P69: =+P58 -> 165600000 | Q69: =+Q58 -> 41900000 | R69: =SUM(I69:Q69)+V9 -> 5224500000
A70: =ROW() -> 70 | E70: Commissioned ACA | I70: 0 | J70: 0 | K70: 0 | L70: 0 | M70: 0 | N70: 0 | O70: 0 | P70: 0 | Q70: 0 | R70: =SUM(I70:Q70) -> 0
A71: =ROW() -> 71
A72: =ROW() -> 72
A73: =ROW() -> 73 | C73: F1(v): Found Assets
A74: =ROW() -> 74 | I74: =+I56 -> HVAC Substations | J74: =+J56 -> HVAC Lines and Transmission cables | K74: =+K56 -> HVDC Substations and Submarine cables | L74: =+L56 -> HVDC Lines | M74: =+M56 -> Easements | N74: =+N56 -> Intangibles | O74: =+O56 -> IST | P74: =+P56 -> Business Support | ... R74: =+R56 -> Total
A75: =ROW() -> 75 | I75: =+I57 -> ($M) | J75: =+J57 -> ($M) | K75: =+K57 -> ($M) | L75: =+L57 -> ($M) | M75: =+M57 -> ($M) | N75: =+N57 -> ($M) | O75: =+O57 -> ($M) | P75: =+P57 -> ($M) | ... R75: =+R57 -> ($M)
A76: =ROW() -> 76 | F76: RAB value (CY) | I76: 0 | J76: 0 | K76: 0 | L76: 0 | M76: 0 | N76: 0 | O76: 0 | P76: 0 | Q76: 0 | R76: =SUM(I76:Q76) -> 0
A77: =ROW() -> 77 | F77: Unallocated RAB value (CY) | I77: 0 | J77: 0 | K77: 0 | L77: 0 | M77: 0 | N77: 0 | O77: 0 | P77: 0 | Q77: 0 | R77: =SUM(I77:Q77) -> 0
A78: =ROW() -> 78
A79: =ROW() -> 79 | C79: F1(vi): Asset Disposals
A80: =ROW() -> 80 | I80: =+I74 -> HVAC Substations | J80: =+J74 -> HVAC Lines and Transmission cables | K80: =+K74 -> HVDC Substations and Submarine cables | L80: =+L74 -> HVDC Lines | M80: =+M74 -> Easements | N80: =+N74 -> Intangibles | O80: =+O74 -> IST | P80: =+P74 -> Business Support | ... R80: =+R74 -> Total
A81: =ROW() -> 81 | I81: =+I75 -> ($M) | J81: =+J75 -> ($M) | K81: =+K75 -> ($M) | L81: =+L75 -> ($M) | M81: =+M75 -> ($M) | N81: =+N75 -> ($M) | O81: =+O75 -> ($M) | P81: =+P75 -> ($M) | ... R81: =+R75 -> ($M)
A82: =ROW() -> 82 | F82: RAB Asset Sales - Related Party (CY) | R82: =SUM(I82:Q82) -> 0
A83: =ROW() -> 83 | F83: RAB Asset Sales - Regulated Supplier (CY) | R83: =SUM(I83:Q83) -> 0
A84: =ROW() -> 84 | F84: RAB Asset Sales - Other (CY) | R84: =SUM(I84:Q84) -> 0
A85: =ROW() -> 85 | F85: RAB Asset Disposals (CY) | I85: 3100000 | J85: 1600000 | K85: 400000 | L85: 0 | M85: 0 | N85: 300000 | O85: 900000 | P85: 100000 | Q85: 0 | R85: =SUM(I85:Q85) -> 6400000
A86: =ROW() -> 86 | F86: Unallocated RAB Asset Sales - Related party (CY) | R86: =SUM(I86:Q86) -> 0
A87: =ROW() -> 87 | F87: Unallocated RAB Asset Sales - Regulated Supplier (CY) | R87: =SUM(I87:Q87) -> 0
A88: =ROW() -> 88 | F88: Unallocated RAB Asset Sales - Other (CY) | R88: =SUM(I88:Q88) -> 0
A89: =ROW() -> 89 | F89: Unallocated RAB Asset Disposals (CY) | I89: 3100000 | J89: 1600000 | K89: 400000 | L89: 0 | M89: 0 | N89: 300000 | O89: 900000 | P89: 100000 | Q89: 0 | R89: =SUM(I89:Q89) -> 6400000
A90: =ROW() -> 90
A91: =ROW() -> 91 | C91: F1(vii): Lost Assets
A92: =ROW() -> 92 | I92: =+I80 -> HVAC Substations | J92: =+J80 -> HVAC Lines and Transmission cables | K92: =+K80 -> HVDC Substations and Submarine cables | L92: =+L80 -> HVDC Lines | M92: =+M80 -> Easements | N92: =+N80 -> Intangibles | O92: =+O80 -> IST | P92: =+P80 -> Business Support | ... R92: =+R80 -> Total
A93: =ROW() -> 93 | I93: =+I81 -> ($M) | J93: =+J81 -> ($M) | K93: =+K81 -> ($M) | L93: =+L81 -> ($M) | M93: =+M81 -> ($M) | N93: =+N81 -> ($M) | O93: =+O81 -> ($M) | P93: =+P81 -> ($M) | ... R93: =+R81 -> ($M)
A94: =ROW() -> 94 | F94: RAB value (CY) | I94: 0 | J94: 0 | K94: 0 | L94: 0 | M94: 0 | N94: 0 | O94: 0 | P94: 0 | Q94: 0 | R94: =SUM(I94:Q94) -> 0
A95: =ROW() -> 95 | F95: Unallocated RAB value (CY) | I95: 0 | J95: 0 | K95: 0 | L95: 0 | M95: 0 | N95: 0 | O95: 0 | P95: 0 | Q95: 0 | R95: =SUM(I95:Q95) -> 0
A96: =ROW() -> 96
A97: =ROW() -> 97 | C97: F1(viii): Depreciation
A98: =ROW() -> 98 | I98: =+I56 -> HVAC Substations | J98: =+J56 -> HVAC Lines and Transmission cables | K98: =+K56 -> HVDC Substations and Submarine cables | L98: =+L56 -> HVDC Lines | M98: =+M56 -> Easements | N98: =+N56 -> Intangibles | O98: =+O56 -> IST | P98: =+P56 -> Business Support | ... R98: =+R56 -> Total
A99: =ROW() -> 99 | I99: ($M) | J99: ($M) | K99: ($M) | L99: ($M) | M99: ($M) | N99: ($M) | O99: ($M) | P99: ($M) | Q99: ($M) | R99: ($M)
A100: =ROW() -> 100 | F100: Depreciation and impairment on the RAB (CY) | I100: 81800000 | J100: 94400000 | K100: 27100000 | L100: 4900000 | M100: 600000 | N100: 20600000 | O100: 26200000 | P100: 24000000 | Q100: 2000000 | R100: =SUM(I100:Q100) -> 281600000
...

Sheet F2.Opex
G1: Transpower | I1: Disclosure Date | K1: =+'F1. RAB'!$R$1 -> 46318
A2: SCHEDULE F2: OPERATING EXPENDITURE (OPEX): ACTUAL | I2: Disclosure Year (year ended) | K2: =CoverSheet!$C$8 -> 46203
A3: Disclosure of line items required and not required from disclosure year 2026 onward are specified in column N.
A4: ref
A5: =ROW() -> 5 | C5: F2(i): Operating Expenditure (Actual Totals)
A6: =ROW() -> 6 | G6: CY-4 | H6: CY-3 | I6: CY-2 | J6: CY-1 | K6: CY
A7: =ROW() -> 7 | G7: ($M) | H7: ($M) | I7: ($M) | J7: ($M) | K7: ($M)
A8: =ROW() -> 8 | D8: Grid - maintenance projects | G8: =G40 -> 0 | H8: =H40 -> 0 | I8: =I40 -> 0 | J8: =J40 -> 0 | K8: =K40 -> 0
A9: =ROW() -> 9 | D9: Grid - routine maintenance | G9: =G48 -> 0 | H9: =H48 -> 0 | I9: =I48 -> 0 | J9: =J48 -> 0 | K9: =K48 -> 0
A10: =ROW() -> 10 | D10: IST - grid | G10: =G48 -> 0 | H10: =H48 -> 0 | I10: =I48 -> 0 | J10: =J48 -> 0 | K10: =K54 -> 0
A11: =ROW() -> 11 | D11: IST - business support | G11: =G59 -> 0 | H11: =H59 -> 0 | I11: =I59 -> 0 | J11: =J59 -> 0 | K11: =K59 -> 0
A12: =ROW() -> 12 | D12: Corporate | G12: =G68 -> 0 | H12: =H68 -> 0 | I12: =I68 -> 0 | J12: =J68 -> 0 | K12: =K68 -> 0
A13: =ROW() -> 13
A14: =ROW() -> 14 | D14: Grid maintenance | G14: =G76 -> 1.0781684e+08 | H14: =H76 -> 1.3353162e+08 | I14: =I76 -> 1.3111666e+08 | J14: =J76 -> 1.4006641e+08 | K14: =K76 -> 1.4831071e+08
A15: =ROW() -> 15 | D15: ICT | G15: =G80 -> 38168116 | H15: =H80 -> 40962389 | I15: =I80 -> 45893700 | J15: =J80 -> 50768700 | K15: =K80 -> 62294450
A16: =ROW() -> 16 | D16: Asset Management & Operations | G16: =G84 -> 65398708 | H16: =H84 -> 72474796 | I16: =I84 -> 77986279 | J16: =J84 -> 87587487 | K16: =K84 -> 94079841
A17: =ROW() -> 17 | D17: Business Support | G17: =G86 -> 45441541 | H17: =H86 -> 55085948 | I17: =I86 -> 59628019 | J17: =J86 -> 63787820 | K17: =K86 -> 66450661
A18: =ROW() -> 18 | D18: Insurance | G18: =G88 -> 22154278 | H18: =H88 -> 26547467 | I18: =I88 -> 30086222 | J18: =J88 -> 32216913 | K18: =K88 -> 30995061
A19: =ROW() -> 19 | D19: Total operating expenditure * | G19: =SUM(G8:G18) -> 2.7897949e+08 | H19: =SUM(H8:H18) -> 3.2860222e+08 | I19: =SUM(I8:I18) -> 3.4471088e+08 | J19: =SUM(J8:J18) -> 3.7442733e+08 | K19: =SUM(K8:K18) -> 4.0213072e+08
A20: =ROW() -> 20
A21: =ROW() -> 21 | D21: Comprising:
A22: =ROW() -> 22 | D22: HVAC operating expenditure | G22: 2.4994801e+08 | H22: 2.9471167e+08 | I22: 3.0647732e+08 | J22: 3.3195446e+08 | M22: Not required from disclosure year 2026
A23: =ROW() -> 23 | D23: HVDC operating expenditure | G23: 29031438 | H23: 33858477 | I23: 38233567 | J23: 42467646 | M23: Not required from disclosure year 2026
A24: =ROW() -> 24 | D24: * Excluding the cost of capitalised operating leases (CY-1 $11.8 million, CY $12.7 million).
A25: =ROW() -> 25 | C25: F2(ii): Operating Expenditure (Actual Details)
A26: =ROW() -> 26 | G26: CY-4 | H26: CY-3 | I26: CY-2 | J26: CY-1 | K26: CY
A27: =ROW() -> 27 | G27: ($M) | H27: ($M) | I27: ($M) | J27: ($M) | K27: ($M)
A28: =ROW() -> 28 | D28: Grid | E28: Maintenance Projects - Transmission | F28: TL Tower | G28: 0 | H28: 0 | I28: 0 | J28: 0 | K28: 0 | N28: Old format - RT (explained to CC we will hide these rows)
A29: =ROW() -> 29 | D29: Grid | E29: Maintenance Projects - Transmission | F29: TL Conductor | G29: 0 | H29: 0 | I29: 0 | J29: 0 | K29: 0 | N29: Old format - RT (explained to CC we will hide these rows)
A30: =ROW() -> 30 | D30: Grid | E30: Maintenance Projects - Transmission | F30: TL Foundation | G30: 0 | H30: 0 | I30: 0 | J30: 0 | K30: 0 | N30: Old format - RT (explained to CC we will hide these rows)
A31: =ROW() -> 31 | D31: Grid | E31: Maintenance Projects - Transmission | F31: TL Insulators | G31: 0 | H31: 0 | I31: 0 | J31: 0 | K31: 0 | N31: Old format - RT (explained to CC we will hide these rows)
A32: =ROW() -> 32 | D32: Grid | E32: Maintenance Projects - Transmission | F32: TL Pole | G32: 0 | H32: 0 | I32: 0 | J32: 0 | K32: 0 | N32: Old format - RT (explained to CC we will hide these rows)
A33: =ROW() -> 33 | D33: Grid | E33: Maintenance Projects - Transmission | F33: TL Access | G33: 0 | H33: 0 | I33: 0 | J33: 0 | K33: 0 | N33: Old format - RT (explained to CC we will hide these rows)
A34: =ROW() -> 34 | D34: Grid | E34: Maintenance Projects - AC Stations | F34: ACS Buildings & Grounds | G34: 0 | H34: 0 | I34: 0 | J34: 0 | K34: 0 | N34: Old format - RT (explained to CC we will hide these rows)
A35: =ROW() -> 35 | D35: Grid | E35: Maintenance Projects - AC Stations | F35: ACS Power Transformers | G35: 0 | H35: 0 | I35: 0 | J35: 0 | K35: 0 | N35: Old format - RT (explained to CC we will hide these rows)
A36: =ROW() -> 36 | D36: Grid | E36: Maintenance Projects - AC Stations | F36: ACS Outdoor Circuit Breakers | G36: 0 | H36: 0 | I36: 0 | J36: 0 | K36: 0 | N36: Old format - RT (explained to CC we will hide these rows)
A37: =ROW() -> 37 | D37: Grid | E37: Maintenance Projects - AC Stations | F37: ACS Indoor Switchgear | G37: 0 | H37: 0 | I37: 0 | J37: 0 | K37: 0 | N37: Old format - RT (explained to CC we will hide these rows)
A38: =ROW() -> 38 | D38: Grid | E38: Maintenance Projects - HVDC Stations | F38: HVDC | G38: 0 | H38: 0 | I38: 0 | J38: 0 | K38: 0 | N38: Old format - RT (explained to CC we will hide these rows)
A39: =ROW() -> 39 | D39: Grid | E39: Maintenance Projects - Other | F39: MP Other | G39: 0 | H39: 0 | I39: 0 | J39: 0 | K39: 0 | N39: Old format - RT (explained to CC we will hide these rows)
A40: =ROW() -> 40 | D40: Total grid - maintenance projects | G40: =SUM(G28:G39) -> 0 | H40: =SUM(H28:H39) -> 0 | I40: =SUM(I28:I39) -> 0 | J40: =SUM(J28:J39) -> 0 | K40: =SUM(K28:K39) -> 0
A41: =ROW() -> 41
A42: =ROW() -> 42 | D42: Grid | E42: Routine Maintenance | F42: RM Stations | G42: 0 | H42: 0 | I42: 0 | J42: 0 | K42: 0 | N42: Old format - RT (explained to CC we will hide these rows)
A43: =ROW() -> 43 | D43: Grid | E43: Routine Maintenance | F43: RM Transmission Lines | G43: 0 | H43: 0 | I43: 0 | J43: 0 | K43: 0 | N43: Old format - RT (explained to CC we will hide these rows)
A44: =ROW() -> 44 | D44: Grid | E44: Routine Maintenance | F44: RM HVDC | G44: 0 | H44: 0 | I44: 0 | J44: 0 | K44: 0 | N44: Old format - RT (explained to CC we will hide these rows)
A45: =ROW() -> 45 | D45: Grid | E45: Routine Maintenance | F45: RM Operating | G45: 0 | H45: 0 | I45: 0 | J45: 0 | K45: 0 | N45: Old format - RT (explained to CC we will hide these rows)
A46: =ROW() -> 46 | D46: Grid | E46: Routine Maintenance | F46: RM Training | G46: 0 | H46: 0 | I46: 0 | J46: 0 | K46: 0 | N46: Old format - RT (explained to CC we will hide these rows)
A47: =ROW() -> 47 | D47: Grid | E47: Routine Maintenance | F47: RM Contractor Transition | G47: 0 | H47: 0 | I47: 0 | J47: 0 | K47: 0 | N47: Old format - RT (explained to CC we will hide these rows)
A48: =ROW() -> 48 | D48: Total grid - routine maintenance | G48: =SUM(G42:G47) -> 0 | H48: =SUM(H42:H47) -> 0 | I48: =SUM(I42:I47) -> 0 | J48: =SUM(J42:J47) -> 0 | K48: =SUM(K42:K47) -> 0
A49: =ROW() -> 49
A50: =ROW() -> 50 | D50: IST ICT Grid | E50: IST ICT Grid | F50: IT Asset Management | G50: 0 | H50: 0 | I50: 0 | J50: 0 | K50: 0 | N50: Old format - RT (explained to CC we will hide these rows)
A51: =ROW() -> 51 | D51: IST ICT Grid | E51: IST ICT Grid | F51: IT Transmission System Plan | G51: 0 | H51: 0 | I51: 0 | J51: 0 | K51: 0 | N51: Old format - RT (explained to CC we will hide these rows)
A52: =ROW() -> 52 | D52: IST ICT Grid | E52: IST ICT Grid | F52: IT Telecommunications Services | G52: 0 | H52: 0 | I52: 0 | J52: 0 | K52: 0 | N52: Old format - RT (explained to CC we will hide these rows)
A53: =ROW() -> 53 | D53: IST ICT Grid | E53: IST ICT Grid | F53: IT Network Services | G53: 0 | H53: 0 | I53: 0 | J53: 0 | K53: 0 | N53: Old format - RT (explained to CC we will hide these rows)
A54: =ROW() -> 54 | D54: Total IST - grid | G54: =SUM(G50:G53) -> 0 | H54: =SUM(H50:H53) -> 0 | I54: =SUM(I50:I53) -> 0 | J54: =SUM(J50:J53) -> 0 | K54: =SUM(K50:K53) -> 0
A55: =ROW() -> 55
A56: =ROW() -> 56 | D56: IST Business Support | E56: IST Business Support | F56: IT Corporate services | G56: 0 | H56: 0 | I56: 0 | J56: 0 | K56: 0 | N56: Old format - RT (explained to CC we will hide these rows)
A57: =ROW() -> 57 | D57: IST Business Support | E57: IST Business Support | F57: IT ICT Shared Services | G57: 0 | H57: 0 | I57: 0 | J57: 0 | K57: 0 | N57: Old format - RT (explained to CC we will hide these rows)
A58: =ROW() -> 58 | D58: IST Business Support | E58: IST Business Support | F58: IT Security Services | G58: 0 | H58: 0 | I58: 0 | J58: 0 | K58: 0 | N58: Old format - RT (explained to CC we will hide these rows)
A59: =ROW() -> 59 | D59: Total IST - business support | G59: =SUM(G56:G58) -> 0 | H59: =SUM(H56:H58) -> 0 | I59: =SUM(I56:I58) -> 0 | J59: =SUM(J56:J58) -> 0 | K59: =SUM(K56:K58) -> 0
A60: =ROW() -> 60
A61: =ROW() -> 61 | D61: Corporate | E61: Corporate | F61: CS Departmental Corporate | N61: Old format - RT (explained to CC we will hide these rows)
A62: =ROW() -> 62 | D62: Corporate | E62: Corporate | F62: CS Departmental Grid | N62: Old format - RT (explained to CC we will hide these rows)
A63: =ROW() -> 63 | D63: Corporate | E63: Corporate | F63: Grid Operating Services Costs (GOS) | N63: Old format - RT (explained to CC we will hide these rows)
A64: =ROW() -> 64 | D64: Corporate | E64: Corporate | F64: Reseach and Development (R&D) | N64: Old format - RT (explained to CC we will hide these rows)
A65: =ROW() -> 65 | D65: Corporate | E65: Corporate | F65: Investigations | N65: Old format - RT (explained to CC we will hide these rows)
A66: =ROW() -> 66 | D66: Corporate | E66: Corporate | F66: Insurance | N66: Old format - RT (explained to CC we will hide these rows)
A67: =ROW() -> 67 | D67: Corporate | E67: Corporate | F67: Ancillary Services | N67: Old format - RT (explained to CC we will hide these rows)
A68: =ROW() -> 68 | D68: Total Corporate | G68: =SUM(G61:G67) -> 0 | H68: =SUM(H61:H67) -> 0 | I68: =SUM(I61:I67) -> 0 | J68: =SUM(J61:J67) -> 0 | K68: =SUM(K61:K67) -> 0
A69: =ROW() -> 69
A70: =ROW() -> 70
A71: =ROW() -> 71 | D71: Grid maintenance | E71: Grid maintenance | F71: Preventive Maintenance | G71: 38780206 | H71: 44322560 | I71: 51363959 | J71: 49747927 | K71: 52017004
A72: =ROW() -> 72 | D72: Grid maintenance | E72: Grid maintenance | F72: Predictive Maintenance | G72: 63667882 | H72: 83568838 | I72: 71875776 | J72: 82766497 | K72: 86120024
A73: =ROW() -> 73 | D73: Grid maintenance | E73: Grid maintenance | F73: Corrective Maintenance | G73: 4756041.5 | H73: 4870033.6 | I73: 6838899 | J73: 6505954.7 | K73: 7077966.5
A74: =ROW() -> 74 | D74: Grid maintenance | E74: Grid maintenance | F74: Proactive Maintenance | G74: 612712.93 | H74: 770184.19 | I74: 1038028.4 | J74: 1046030.4 | K74: 859207.72
A75: =ROW() -> 75 | D75: Grid maintenance | E75: Grid maintenance | F75: Resilience | K75: 2236506 | M75: Required from disclosure year 2026
A76: =ROW() -> 76 | D76: Total - Grid maintenance | G76: =SUM(G71:G75) -> 1.0781684e+08 | H76: =SUM(H71:H75) -> 1.3353162e+08 | I76: =SUM(I71:I75) -> 1.3111666e+08 | J76: =+SUM(J71:J75) -> 1.4006641e+08 | K76: 1.4831071e+08
A77: =ROW() -> 77
A78: =ROW() -> 78 | D78: ICT | E78: ICT | F78: ICT Opex | G78: 38168116 | H78: 40962389 | I78: 45893700 | J78: 50768700 | K78: 47330318 | M78: Required from disclosure year 2026
A79: =ROW() -> 79 | D79: ICT | E79: ICT | F79: ICT Software as a Service | K79: 14964132 | M79: Required from disclosure year 2026
A80: =ROW() -> 80 | D80: Total - ICT | G80: =SUM(G78:G79) -> 38168116 | H80: =SUM(H78:H79) -> 40962389 | I80: =SUM(I78:I79) -> 45893700 | J80: =+SUM(J78:J79) -> 50768700 | K80: 62294450
A81: =ROW() -> 81
A82: =ROW() -> 82 | D82: Asset Management & Operations | E82: Asset Management & Operations | F82: Asset Management & Operations | G82: 65398708 | H82: 72474796 | I82: 77986279 | J82: 87587487 | K82: 93493083 | M82: Required from disclosure year 2026
A83: =ROW() -> 83 | D83: Asset Management & Operations | E83: Asset Management & Operations | F83: Sustainability | J83: 0 | K83: 586758.13 | M83: Required from disclosure year 2026
A84: =ROW() -> 84 | D84: Total - Asset Management & Operations | G84: =SUM(G82:G83) -> 65398708 | H84: =SUM(H82:H83) -> 72474796 | I84: =SUM(I82:I83) -> 77986279 | J84: =+SUM(J82:J83) -> 87587487 | K84: 94079841
A85: =ROW() -> 85
A86: =ROW() -> 86 | D86: Business Support | E86: Business Support | F86: Business Support | G86: 45441541 | H86: 55085948 | I86: 59628019 | J86: 63787820 | K86: 66450661
A87: =ROW() -> 87
A88: =ROW() -> 88 | D88: Insurance | E88: Insurance | F88: Insurance | G88: 22154278 | H88: 26547467 | I88: 30086222 | J88: 32216913 | K88: 30995061
A89: =ROW() -> 89
A90: =ROW() -> 90
A91: =ROW() -> 91 | C91: F2(iii): Network Divestiture Expenditure
A92: =ROW() -> 92 | G92: CY-4 | H92: CY-3 | I92: CY-2 | J92: CY-1 | K92: CY
A93: =ROW() -> 93 | G93: ($M) | H93: ($M) | I93: ($M) | J93: ($M) | K93: ($M)
A94: =ROW() -> 94 | D94: Network divestiture expenses | G94: 0 | H94: 0 | I94: 0 | J94: 0 | K94: 0
A95: =ROW() -> 95
A96: =ROW() -> 96 | C96: F2(iv): Other Disclosures
A97: =ROW() -> 97 | G97: CY-4 | H97: CY-3 | I97: CY-2 | J97: CY-1 | K97: CY
A98: =ROW() -> 98 | G98: ($M) | H98: ($M) | I98: ($M) | J98: ($M) | K98: ($M)
A99: =ROW() -> 99 | D99: Third party insurance allowance | G99: 0 | H99: 0 | I99: 0 | J99: 0 | K99: 0
A100: =ROW() -> 100 | D100: Self-insurance allowance | G100: 17800224 | H100: 19610841 | I100: 21135822 | J100: 22324331 | K100: 36777978
...

Sheet F3. Base Capex
G1: Transpower | I1: Disclosure Date | K1: =+'F1. RAB'!$R$1 -> 46318
A2: SCHEDULE F3: BASE CAPITAL EXPENDITURE (BASE CAPEX): ACTUAL Spend | I2: Disclosure Year (year ended) | K2: =CoverSheet!$C$8 -> 46203
A3: Line items not required from disclosure year 2026 onward are specified in column M. Schedule F3 was reported as Commissioned Assets up until 2024. This schedule reports Capex values from 2025 onwards which is consistent with the 2024 Information Disclosure Review Final Decision on F4(ii)
A4: ref
A5: =ROW() -> 5 | C5: F3(i): Base Capex (Actual Commissioned Totals up to 2024 and 2025 Capex) | G5: Commissioned | H5: Commissioned | I5: Commissioned | J5: SPEND basis | K5: SPEND basis
A6: =ROW() -> 6 | G6: CY-4 | H6: CY-3 | I6: CY-2 | J6: CY-1 | K6: CY
A7: =ROW() -> 7 | G7: ($M) | H7: ($M) | I7: ($M) | J7: ($M) | K7: ($M)
A8: =ROW() -> 8 | D8: Grid - refurbishment and replacement | G8: =G53 -> 1.7602539e+08 | H8: =H53 -> 2.1082421e+08 | I8: =I53 -> 2.4183297e+08 | J8: =J53 -> 3.4893657e+08 | K8: =K53 -> 331348186
A9: =ROW() -> 9 | D9: Grid - enhancement and development | G9: =G114 -> 7115716 | H9: =H114 -> 21873281 | I9: =I114 -> 47076178 | J9: =J114 -> 47822321 | K9: =K114 -> 45795538
A10: =ROW() -> 10 | D10: IST | G10: =G132 -> 28253821 | H10: =H132 -> 21841731 | I10: =I132 -> 22392572 | J10: =J132 -> 47587019 | K10: =K132 -> 67198027
A11: =ROW() -> 11 | D11: Business support | G11: =G141 -> 17324445 | H11: =H141 -> 3860306.8 | I11: =I141 -> 9741593.5 | J11: =J141 -> 9582106 | K11: =K141 -> 6423577.3
A12: =ROW() -> 12 | D12: Total base capex commissioned/ Spend basis | G12: =SUM(G8:G11) -> 2.2871938e+08 | H12: =SUM(H8:H11) -> 2.5839952e+08 | I12: =SUM(I8:I11) -> 3.2104331e+08 | J12: =SUM(J8:J11) -> 4.5392802e+08 | K12: =SUM(K8:K11) -> 4.5076533e+08
A13: =ROW() -> 13
A14: =ROW() -> 14 | D14: Comprising:
A15: =ROW() -> 15 | D15: HVAC base capex commissioned / Spend basis | G15: 2.2173891e+08 | H15: 2.4508545e+08 | I15: 295000000 | J15: 4.073107e+08 | N15: Not required from disclosure year 2026
A16: =ROW() -> 16 | D16: HVDC base capex commissioned / Spend basis | G16: 6980461.9 | H16: 13314078 | I16: 26080469 | J16: 46617322 | N16: Not required from disclosure year 2026
A17: =ROW() -> 17
A18: =ROW() -> 18 | C18: F3(ii): Base Capex (Actual Commissioned Totals up to 2024 and 2025 Capex) | G18: Commissioned | H18: Commissioned | I18: Commissioned | J18: =J5 -> SPEND basis | K18: SPEND basis
A19: =ROW() -> 19 | G19: CY-4 | H19: CY-3 | I19: CY-2 | J19: CY-1 | K19: CY
A20: =ROW() -> 20 | G20: ($M) | H20: ($M) | I20: ($M) | J20: ($M) | K20: ($M)
A21: =ROW() -> 21 | D21: Grid refurbishment and replacement | E21: AC Stations | F21: ACS Power Transformers | G21: 10568565 | H21: 25083339 | I21: 6854812 | J21: 33191462 | K21: 18412478
A22: =ROW() -> 22 | D22: Grid refurbishment and replacement | E22: AC Stations | F22: ACS Outdoor to Indoor Conv | G22: 33445865 | H22: 4386357 | I22: 3014162 | J22: 1795688 | K22: 4294966
A23: =ROW() -> 23 | D23: Grid refurbishment and replacement | E23: AC Stations | F23: ACS Buildings & Grounds-Seismic | G23: 0 | H23: 0 | I23: 0 | J23: 0 | K23: 0
A24: =ROW() -> 24 | D24: Grid refurbishment and replacement | E24: AC Stations | F24: ACS Buildings & Grounds | G24: 5125842.6 | H24: 9860131.4 | I24: 14096916 | J24: 48463913 | K24: 17063017
A25: =ROW() -> 25 | D25: Grid refurbishment and replacement | E25: AC Stations | F25: ACS Outdoor Circuit Breakers | G25: 1257850 | H25: 469458 | I25: 203297 | J25: 1440364 | K25: 2432701
A26: =ROW() -> 26 | D26: Grid refurbishment and replacement | E26: AC Stations | F26: ACS Indoor Switchgear | G26: 7932259 | H26: 11571151 | I26: 6945099 | J26: 16513010 | K26: 7063731
A27: =ROW() -> 27 | D27: Grid refurbishment and replacement | E27: AC Stations | F27: ACS Capacitors and Reactors | G27: 0 | H27: 3555159 | I27: 757795 | J27: 718668 | K27: 272428
A28: =ROW() -> 28 | D28: Grid refurbishment and replacement | E28: AC Stations | F28: ACS Structures & Buswork | G28: 13476 | H28: 192990 | I28: 219566 | J28: 4031968 | K28: 2594234
A29: =ROW() -> 29 | D29: Grid refurbishment and replacement | E29: AC Stations | F29: ACS Instrument Transformers | G29: 2948897 | H29: 1888745 | I29: 1852274 | J29: 2904788 | K29: 7466464
A30: =ROW() -> 30 | D30: Grid refurbishment and replacement | E30: AC Stations | F30: ACS Disconnectors & E/S | G30: 926142 | H30: 3497 | I30: 0 | J30: 2558001 | K30: 4053061
A31: =ROW() -> 31 | D31: Grid refurbishment and replacement | E31: AC Stations | F31: ACS Other Station Equipment | G31: 799253 | H31: 14238209 | I31: 8882619 | J31: 6254533 | K31: 14283036
A32: =ROW() -> 32 | D32: Grid refurbishment and replacement | E32: AC Stations | F32: ACS Power Cables | G32: 12209 | H32: 5890693 | I32: 4109811 | J32: 30671176 | K32: 31000435
... A41: =ROW() -> 41 | D41: Grid refurbishment and replacement | E41: Protection and Metering | F41: SA Special Protection Schemes | G41: -21742 | H41: 634976 | I41: 841541 | J41: 700396 | K41: 403386
C42: New | D42: Grid refurbishment and replacement | E42: Protection and Metering | F42: SA ODJB | K42: 2271262
C43: New | D43: Grid refurbishment and replacement | E43: Protection and Metering | F43: SA Reactive Asset Protection | K43: 1008691
A44: =ROW() -> 44 | D44: Grid refurbishment and replacement | E44: HVDC Stations | F44: HVDC | G44: 2259803 | H44: 8151077 | I44: 21453047 | J44: 24601589 | K44: 24415933
A45: =ROW() -> 45 | D45: Grid refurbishment and replacement | E45: Transmission Lines | F45: TL Paint | G45: 38879163 | H45: 43566111 | I45: 56277714 | J45: 55702469 | K45: 64683855
A46: =ROW() -> 46 | D46: Grid refurbishment and replacement | E46: Transmission Lines | F46: TL Tower | G46: 15329 | H46: 4050412 | I46: 9248928 | J46: 16813227 | K46: 12215756
A47: =ROW() -> 47 | D47: Grid refurbishment and replacement | E47: Transmission Lines | F47: TL Foundation | G47: 4282499 | H47: 3526657 | I47: 7191313 | J47: 17639445 | K47: 12066346
A48: =ROW() -> 48 | D48: Grid refurbishment and replacement | E48: Transmission Lines | F48: TL Grillage | G48: 6815811 | H48: 5693106 | I48: 10688687 | J48: 9074071 | K48: 9111820
A49: =ROW() -> 49 | D49: Grid refurbishment and replacement | E49: Transmission Lines | F49: TL Conductor | G49: 11242023 | H49: 24764385 | I49: 15756868 | J49: 10475871 | K49: 21155083
A50: =ROW() -> 50 | D50: Grid refurbishment and replacement | E50: Transmission Lines | F50: TL Pole | G50: 9614996 | H50: 7869126 | I50: 8745147 | J50: 13564950 | K50: 15766771
A51: =ROW() -> 51 | D51: Grid refurbishment and replacement | E51: Transmission Lines | F51: TL Insulators | G51: 2635922 | H51: 2425272 | I51: 6115445 | J51: 6651104 | K51: 8447468
A52: =ROW() -> 52 | D52: Grid refurbishment and replacement | E52: Transmission Lines | F52: TL Access | G52: 1143414 | H52: 643963 | I52: 8153682 | J52: 1675623 | K52: 3690117
A53: =ROW() -> 53 | D53: Total grid refurbishment and replacement | G53: =SUM(G21:G52) -> 1.7602539e+08 | H53: =SUM(H21:H52) -> 2.1082421e+08 | I53: =SUM(I21:I52) -> 2.4183297e+08 | J53: =SUM(J21:J52) -> 3.4893657e+08 | K53: =SUM(K21:K52) -> 331348186
A54: =ROW() -> 54
A55: =ROW() -> 55 | D55: Grid enhancment and development | E55: Corridor Management program | G55: 200036 | H55: 610858 | I55: 0 | J55: 1372219 | K55: 1088217
A56: =ROW() -> 56 | D56: Grid enhancment and development | E56: CP_SNI_AC_00_00 BPE CPK WIL Fire Protection | G56: 5460 | H56: 0 | I56: -8450 | J56: 0 | K56: 0
A57: =ROW() -> 57 | D57: Grid enhancment and development | E57: CP_CST_94_00_00 CST 33kV Outdoor to Indoor Conversion | G57: 111891 | H57: 19436 | I57: 0 | J57: 0 | K57: 0
A58: =ROW() -> 58 | D58: Grid enhancment and development | E58: CP_NPL_51_00_00 SFD 2nd Interconnector Bld | G58: 50763 | H58: 1956 | I58: 0 | J58: 0 | K58: 0
A59: =ROW() -> 59 | D59: Grid enhancment and development | E59: CP_VSA_08_00_00 Waikato and UNI Voltage Management - Shunt Capacitors Stage 1 - HAM & OHW Capacitors | G59: 227127 | H59: 298517 | I59: 0 | J59: 0 | K59: 0
A60: =ROW() -> 60 | D60: Grid enhancment and development | E60: CP_VSI_62_00_00 USI Reliability Solution - Stage 2 - Investigation | G60: 488266 | H60: 0 | I60: 0 | J60: 0 | K60: 0
A61: =ROW() -> 61 | D61: Grid enhancment and development | E61: CP_HTI_87_00_00 HTI Voltage Constraints - Build TMU Cap Banks | G61: 5130581 | H61: 149237 | I61: 512837 | J61: 54084 | K61: 0
A62: =ROW() -> 62 | D62: Grid enhancment and development | E62: CP_RDF_FB_00_00 RDF T3 & T4 Protection Limit SPS pre-contingency loading increased to 160 MVA | G62: 413619 | H62: 13787 | I62: 0 | J62: 0 | K62: 0
A63: =ROW() -> 63 | D63: Grid enhancment and development | E63: CP_AVI_66_00_00 AVI-BEN A SPS North Flow | G63: 389509 | H63: 0 | I63: 0 | J63: 0 | K63: 0
A64: =ROW() -> 64 | D64: Grid enhancment and development | E64: CP_VTN_13_00_00 BOB 220/110kV Interconnection Transformer - Capex Investigation | H64: 2172712 | I64: 0 | J64: 0 | K64: 0
A65: =ROW() -> 65 | D65: Grid enhancment and development | E65: CP_VTL_85_00_00 Wairakei Ring transmission capacity - Build - Reactor | H65: 5401828 | I65: 167160 | J65: 133073 | K65: 0
A66: =ROW() -> 66 | D66: Grid enhancment and development | E66: CP_VTL_95_00_00 NPL-SFD A & CST-NPL A lines junction capex investigation | H66: 826853 | I66: 0 | J66: 0 | K66: 0
A67: =ROW() -> 67 | D67: Grid enhancment and development | E67: CP_VTL_96_00_00 CST-SFD A Permanent Junction | H67: 2946938 | I67: 183926 | J67: 0 | K67: 0
A68: =ROW() -> 68 | D68: Grid enhancment and development | E68: CP_TPR_00J_0_00 Digital Substation PAC Inception - initial capital investigation | H68: 4194928 | I68: 0 | J68: 0 | K68: 0
A69: =ROW() -> 69 | D69: Grid enhancment and development | E69: CP_ISL_01K_0_00 USI High voltage management, ISL Reactor- Install | H69: 123726 | I69: 606709 | J69: 0 | K69: 0
A70: =ROW() -> 70 | D70: Grid enhancment and development | E70: CP_ISL_001_0_00 USI High voltage management, ISL Reactor - Cap Inv | H70: 2906416 | I70: 0 | J70: 0 | K70: 0
A71: =ROW() -> 71 | D71: Grid enhancment and development | E71: CP_ISL_002_0_00 USI High voltage management, ISL Reactor- Build | H71: 1789552 | I71: 0 | J71: 0 | K71: 0
A72: =ROW() -> 72 | D72: Grid enhancment and development | E72: CP_RA1_026_0_00 HEN-MPE A 0160 Slip Deviation Cyclone Gabrielle | H72: 416537 | I72: 543617 | J72: 0 | K72: 0
A73: =ROW() -> 73 | D73: Grid enhancment and development | E73: CP_VNN_27_00_00 UNI High Voltage Management - Build | G73: 0 | H73: 0 | I73: 14444930 | J73: 602270 | K73: 372682
A74: =ROW() -> 74 | D74: Grid enhancment and development | E74: CP_TIM_00U_0_00 TIM Voltage Stability ICT Pre-purchase & Build | G74: 0 | H74: 0 | I74: 10058247 | J74: 2017627 | K74: 0
A75: =ROW() -> 75 | D75: Grid enhancment and development | E75: CP_OHW_00F_0_00 OHW Deviation Build | G75: 0 | H75: 0 | I75: 7679343 | J75: 0 | K75: 0
A76: =ROW() -> 76 | D76: Grid enhancment and development | E76: CP_627_13_00_00 OTA PEN C Line Deviation and Protection (CAPEX) | G76: 0 | H76: 0 | I76: 2093225 | J76: 0 | K76: 3141
A77: =ROW() -> 77 | D77: Grid enhancment and development | E77: CP_SWN_007_0_00 SWN Generator exit - Build | G77: 0 | H77: 0 | I77: 2195508 | J77: 0 | K77: 0
A78: =ROW() -> 78 | D78: Grid enhancment and development | E78: CP_VLT_00_00_00 Lichfield-Kinleith A reconductoring - Build | G78: 0 | H78: 0 | I78: 1585859 | J78: 157344 | K78: 0
A79: =ROW() -> 79 | D79: Grid enhancment and development | E79: CP_TIM_DB_00_00 TIM voltage support - Capex Investigation | G79: 0 | H79: 0 | I79: 482740 | J79: 0 | K79: 0
A80: =ROW() -> 80 | D80: Grid enhancment and development | E80: CP_810_22_00_00 Connection of WMG-WPT A at ORO tee due to WPT substation decommissioning | G80: 0 | H80: 0 | I80: 320765 | J80: 0 | K80: 0
A81: =ROW() -> 81 | D81: Grid enhancment and development | E81: CP_811_29_00_00 IGH-WPT B Connection at ORO tee due to WPT Substation decommissioning | G81: 0 | H81: 0 | I81: 464137 | J81: 0 | K81: 0
A82: =ROW() -> 82 | D82: Grid enhancment and development | E82: CP_VTL_BD_00_00 WPT ORO lines junctn capex inv | G82: 0 | H82: 0 | I82: 250393 | J82: 0 | K82: 0
A83: =ROW() -> 83 | D83: Grid enhancment and development | E83: CP_VAR_1A3_0_00 22/23 U/C Capex Design Project | G83: 0 | H83: 0 | I83: 917127 | J83: 0 | K83: 0
A84: =ROW() -> 84 | D84: Grid enhancment and development | E84: CP_VAR_1FZ_0_00 Ohinewai Diversion Inv | G84: 0 | H84: 0 | I84: 711761 | J84: 0 | K84: 0
... A107: =ROW() -> 107 | D107: Grid enhancment and development | E107: CP_VAR_23Q_0_00 HVDC Control System Upgrade Investigation | G107: 0 | H107: 0 | I107: 0 | J107: 0 | K107: 0
D108: Grid enhancment and development | E108: CP_SWN_00G_0_00 SWN Land Purchase Transpower | K108: 17001706
A109: =ROW() -> 109 | D109: Grid enhancment and development | E109: CP_VAR_1S3_0_00 North Canterbury 66 kV SPS Build | G109: 0 | H109: 0 | I109: 0 | J109: 0 | K109: 175727
A110: =ROW() -> 110 | C110: New | D110: Grid enhancment and development | E110: Resilience program | G110: 0 | H110: 0 | I110: 0 | J110: 1514197 | K110: 4389207
A111: =ROW() -> 111 | D111: Grid enhancment and development | E111: Other | G111: 98464 | H111: 0 | I111: 2451 | J111: 382016 | K111: 266154
A112: =ROW() -> 112 | D112: Grid enhancment and development | E112: Operating leases (transmisson line) | G112: 0 | H112: 0 | I112: 3469576 | K112: 0
A113: =ROW() -> 113 | C113: New | D113: Grid enhancment and development | E113: Unapproved MCP: HVDC Cable Replacement and new cable - CRA Cable deposit | G113: 0 | H113: 0 | I113: 0 | J113: 18575697 | K113: 0
A114: =ROW() -> 114 | D114: Total grid enhancement and development | G114: =SUM(G55:G113) -> 7115716 | H114: =SUM(H55:H113) -> 21873281 | I114: =SUM(I55:I113) -> 47076178 | J114: =SUM(J55:J113) -> 47822321 | K114: =SUM(K55:K113) -> 45795538 | N114: Leases are included in Opex as a separate line item on F4(i) from 2025. Leases are captialised with Commissioned Assets.
A115: =ROW() -> 115 | D115: *Insert additional rows and update calculation of totals as needed
A116: =ROW() -> 116
A117: =ROW() -> 117 | D117: IST | E117: Transmission Systems | F117: IT Transmission Systems | G117: 13446006 | H117: 6212577.4 | I117: 9853103.1 | J117: 17102446 | K117: 12891149
A118: =ROW() -> 118 | D118: IST | E118: Transmission Systems | F118: IT Meter Data Management | G118: 0 | H118: 0 | I118: 0 | J118: 0 | K118: 0
A119: =ROW() -> 119 | D119: IST | E119: Asset Management Systems | F119: IT Asset Management Systems | G119: 371279 | H119: 126246 | I119: 1196150 | J119: 2899047 | K119: 2164357.9
A120: =ROW() -> 120 | D120: IST | E120: Asset Management Systems | F120: IT Outage Management | G120: 7589 | H120: 0 | I120: 0 | J120: 0 | K120: 0
A121: =ROW() -> 121 | D121: IST | E121: Telecommunications | F121: IT Shared Comms Infrastructure | G121: -13987 | H121: 0 | I121: 0 | J121: 0 | K121: 0
A122: =ROW() -> 122 | D122: IST | E122: Telecommunications | F122: IT Subst Comms Infrastructure | G122: 0 | H122: 0 | I122: 0 | J122: 0 | K122: 0
A123: =ROW() -> 123 | D123: IST | E123: Telecommunications | F123: IT Telecommunications Networks | G123: 315 | H123: 0 | I123: 5490879.7 | J123: 20329758 | K123: 48587103
A124: =ROW() -> 124 | D124: IST | E124: Corporate Systems | F124: IT Stakeholder Management | G124: 0 | H124: 7419277.9 | I124: 0 | J124: 0 | K124: 0
A125: =ROW() -> 125 | D125: IST | E125: Corporate Systems | F125: IT Corporate Systems | G125: 2573515 | H125: 0 | I125: 1789889 | J125: 4143034 | K125: 1064864.6
A126: =ROW() -> 126 | D126: IST | E126: IST Shared Services | F126: IT Enabling Infrastructure | G126: 0 | H126: 2595752 | I126: 0 | J126: 0 | K126: 0
A127: =ROW() -> 127 | D127: IST | E127: IST Shared Services | F127: IT Shared Services | G127: 2909836 | H127: 0 | I127: 2872678 | J127: 3112734 | K127: 1969137.3
A128: =ROW() -> 128 | D128: IST | E128: Security Services | F128: IT Security Infrastructure | G128: 0 | H128: 2624771 | I128: 0 | J128: 0 | K128: 0
... A130: =ROW() -> 130 | D130: IST | E130: Security Services | F130: Transmission Pricing Methodology | G130: 2032566 | H130: 1939856 | I130: 1003838 | J130: 0 | K130: 521415
A131: =ROW() -> 131 | D131: IST | E131: Security Services | F131: Operating leases | G131: 598664 | H131: 923250.4 | I131: 186034.35 | K131: 0
...

Sheet F4. Actuals vs Forecasts
I1: Transpower | K1: Disclosure Date | M1: =+'F1. RAB'!$R$1 -> 46318
A2: SCHEDULE F4: COMPARISON OF FORECASTS FOR OPEX AND BASE CAPEX | K2: Disclosure Year (year ended) | M2: =CoverSheet!$C$8 -> 46203
A3: Disclosure of line items required from disclosure year 2026 onward are specified in column O.
A4: ref
A5: =ROW() -> 5
A6: =ROW() -> 6 | C6: F4(i): Opex
A7: =ROW() -> 7 | F7: CY | G7: CY | H7: CY
A8: =ROW() -> 8 | F8: Actual | G8: Forecast* | H8: Variance
A9: =ROW() -> 9 | F9: ($M) | G9: ($M) | H9: %
A10: =ROW() -> 10 | D10: Grid maintenance | F10: =+'F2.Opex'!K14 -> 1.4831071e+08 | G10: 1.5457993e+08 | H10: =IF(F10=0,0,(F10-G10)/G10) -> -0.040556528
A11: =ROW() -> 11 | D11: ICT | F11: =+'F2.Opex'!K15 -> 62294450 | G11: 63606823 | H11: =IF(F11=0,0,(F11-G11)/G11) -> -0.020632582
A12: =ROW() -> 12 | D12: Asset Management & Operations | F12: =+'F2.Opex'!K16 -> 94079841 | G12: 1.0157929e+08 | H12: =IF(F12=0,0,(F12-G12)/G12) -> -0.073828501
A13: =ROW() -> 13 | D13: Business Support | F13: =+'F2.Opex'!K17 -> 66450661 | G13: 69655804 | H13: =IF(F13=0,0,(F13-G13)/G13) -> -0.046014016
A14: =ROW() -> 14 | D14: Insurance | F14: =+'F2.Opex'!K18 -> 30995061 | G14: 36777978 | H14: =IF(F14=0,0,(F14-G14)/G14) -> -0.15723859 | I14: Note 1
A15: =ROW() -> 15 | D15: Total operating expenditure | F15: =+'F2.Opex'!K19 -> 4.0213072e+08 | G15: 4.2619983e+08 | H15: =IF(F15=0,0,(F15-G15)/G15) -> -0.056473758
A16: =ROW() -> 16
A17: =ROW() -> 17 | D17: Leases expenditure | F17: 12728786 | G17: 11454702 | H17: =IF(F17=0,0,(F17-G17)/G17) -> 0.11122802 | J17: Note this has been added as a seperate category as we are now reporting capex on spend basis (not commissioned which included lease additions).
A18: =ROW() -> 18
A19: =ROW() -> 19 | C19: F4(ii): Base Capex | F19: SPEND BASIS | G19: SPEND BASIS
A20: =ROW() -> 20 | F20: CY | G20: CY | H20: CY
A21: =ROW() -> 21 | F21: Actual | G21: Forecast* | H21: Variance
A22: =ROW() -> 22 | F22: ($M) | G22: ($M) | H22: %
A23: =ROW() -> 23 | D23: Grid - replacement and refurbishment | F23: ='F3. Base Capex'!K8 -> 331348186 | G23: 3.7756296e+08 | H23: =IF(F23=0,0,(F23-G23)/G23) -> -0.12240282 | I23: Note 4
A24: =ROW() -> 24 | D24: Grid - enhancement and development - ACA capacity | F24: 0 | G24: 0 | H24: =IF(F24=0,0,(F24-G24)/G24) -> 0 | O24: Required from disclosure year 2026
A25: =ROW() -> 25 | D25: Grid - enhancement and development - other | F25: ='F3. Base Capex'!K9-F24 -> 45795538 | G25: 46033382 | H25: =IF(F25=0,0,(F25-G25)/G25) -> -0.0051667761 | O25: Required from disclosure year 2026
A26: =ROW() -> 26 | D26: IST | F26: ='F3. Base Capex'!K10 -> 67198027 | G26: 60038938 | H26: =IF(F26=0,0,(F26-G26)/G26) -> 0.11924076 | I26: Note 5
A27: =ROW() -> 27 | D27: Business support | F27: ='F3. Base Capex'!K11 -> 6423577.3 | G27: 8294518.8 | H27: =IF(F27=0,0,(F27-G27)/G27) -> -0.22556359 | I27: Note 6
A28: =ROW() -> 28 | D28: Total base capex expenditure | F28: ='F3. Base Capex'!K12 -> 4.5076533e+08 | G28: =SUM(G23:G27) -> 4.9192979e+08 | H28: =IF(F28=0,0,(F28-G28)/G28) -> -0.083679555
A29: =ROW() -> 29 | F29: *Prior year disclosure of CY forecast nominal value
A30: =ROW() -> 30
A31: =ROW() -> 31
A32: =ROW() -> 32
A33: =ROW() -> 33 | C33: F4(iii): Opex comparison by expenditure categories
A34: =ROW() -> 34 | F34: CY | G34: CY | H34: CY
A35: =ROW() -> 35 | F35: Actual | G35: Forecast in RCP Proposal | H35: Variance
A36: =ROW() -> 36 | F36: ($M) | G36: ($M) | H36: %
A37: =ROW() -> 37 | D37: Preventive Maintenance | F37: ='F2.Opex'!K71 -> 52017004 | G37: 51246989 | H37: 0.015025568 | O37: Required from disclosure year 2026
A38: =ROW() -> 38 | D38: Predictive Maintenance | F38: ='F2.Opex'!K72 -> 86120024 | G38: 95286269 | H38: -0.096196913 | O38: Required from disclosure year 2026
A39: =ROW() -> 39 | D39: Corrective Maintenance | F39: ='F2.Opex'!K73 -> 7077966.5 | G39: 5344139.1 | H39: 0.3244353 | O39: Required from disclosure year 2026
A40: =ROW() -> 40 | D40: Proactive Maintenance | F40: ='F2.Opex'!K74 -> 859207.72 | G40: 1199320.3 | H40: -0.28358776 | O40: Required from disclosure year 2026
A41: =ROW() -> 41 | D41: Resilience | F41: ='F2.Opex'!K75 -> 2236506 | G41: 1503216.4 | H41: 0.4878137 | O41: Required from disclosure year 2026
A42: =ROW() -> 42 | D42: Total - Grid maintenance | F42: ='F2.Opex'!K76 -> 1.4831071e+08 | G42: 1.5457993e+08 | H42: -0.040556528 | O42: Required from disclosure year 2026
A43: =ROW() -> 43
A44: =ROW() -> 44 | D44: ICT Opex | F44: ='F2.Opex'!K78 -> 47330318 | G44: 46830985 | H44: 0.010662446 | O44: Required from disclosure year 2026
A45: =ROW() -> 45 | D45: ICT Software as a Service | F45: ='F2.Opex'!K79 -> 14964132 | G45: 16775838 | H45: -0.10799495 | O45: Required from disclosure year 2026
A46: =ROW() -> 46 | D46: Total - ICT | F46: ='F2.Opex'!K80 -> 62294450 | G46: 63606823 | H46: -0.020632582 | O46: Required from disclosure year 2026
A47: =ROW() -> 47
A48: =ROW() -> 48 | D48: Asset Management & Operations | F48: ='F2.Opex'!K82 -> 93493083 | G48: 1.0105267e+08 | H48: -0.074808425 | O48: Required from disclosure year 2026
A49: =ROW() -> 49 | D49: Sustainability | F49: ='F2.Opex'!K83 -> 586758.13 | G49: 526613.16 | H49: 0.11421091 | O49: Required from disclosure year 2026
A50: =ROW() -> 50 | D50: Total - Asset Management & Operations | F50: ='F2.Opex'!K84 -> 94079841 | G50: 1.0157929e+08 | H50: -0.073828501 | O50: Required from disclosure year 2026
A51: =ROW() -> 51
A52: =ROW() -> 52 | D52: Business support | F52: ='F2.Opex'!K86 -> 66450661 | G52: 69655804 | H52: -0.046014016 | O52: Required from disclosure year 2026
A53: =ROW() -> 53
A54: =ROW() -> 54 | D54: Insurance | F54: ='F2.Opex'!K88 -> 30995061 | G54: 36777978 | H54: -0.15723859 | O54: Required from disclosure year 2026
A55: =ROW() -> 55
A56: =ROW() -> 56
A57: =ROW() -> 57 | C57: F4(iv): Base capex comparison by expenditure categories
A58: =ROW() -> 58 | F58: CY | G58: CY | H58: CY | I58: CY | J58: CY | K58: CY | L58: CY
A59: =ROW() -> 59 | F59: Actual | G59: Forecast in RCP Proposal | H59: Variance | I59: Actual percentage of assets with an AHI between 8 and 10 Actual change in percentage of assets with AHI between 8 and 10. | J59: Forecast percentage of assets with an AHI between 8 and 10 Forecast change in percentage of assets with AHI between 8 and 10. | K59: Variance | L59: CY new asset ratio (including renewals and growth) CY change in percentage of Asset health index = 0.5
A60: =ROW() -> 60 | F60: ($M) | G60: ($M) | H60: % | K60: %
A61: =ROW() -> 61
A62: =ROW() -> 62 | D62: ACS Power Transformers | F62: {=INDEX('F3. Base Capex'!K$21:K$52,MATCH('F4. Actuals vs Forecasts'!D62,'F3. Base Capex'!F$21:F$52,0),0)} -> 18412478 | G62: 28352224 | H62: =IF(OR(F62=0,G62=0),0,(F62-G62)/G62) -> -0.35058082 | I62: 0.0395 | J62: 0.0586 | K62: =IF(OR(I62=0,I62="N/A"),0,(I62-J62)) -> -0.0191 | L62: 0.0243 | O62: Required from disclosure year 2026
A63: =ROW() -> 63 | D63: ACS Outdoor to Indoor Conv | F63: {=INDEX('F3. Base Capex'!K$21:K$52,MATCH('F4. Actuals vs Forecasts'!D63,'F3. Base Capex'!F$21:F$52,0),0)} -> 4294966 | G63: 19917246 | H63: =IF(OR(F63=0,G63=0),0,(F63-G63)/G63) -> -0.78435945 | I63: N/A | J63: N/A | K63: =IF(OR(I63=0,I63="N/A"),0,(I63-J63)) -> 0 | L63: N/A | O63: Required from disclosure year 2026
A64: =ROW() -> 64 | D64: ACS Buildings & Grounds-Seismic | F64: {=INDEX('F3. Base Capex'!K$21:K$52,MATCH('F4. Actuals vs Forecasts'!D64,'F3. Base Capex'!F$21:F$52,0),0)} -> 0 | H64: =IF(OR(F64=0,G64=0),0,(F64-G64)/G64) -> 0 | I64: N/A | J64: N/A | K64: =IF(OR(I64=0,I64="N/A"),0,(I64-J64)) -> 0 | L64: N/A | O64: Required from disclosure year 2026
A65: =ROW() -> 65 | D65: ACS Buildings & Grounds | F65: {=INDEX('F3. Base Capex'!K$21:K$52,MATCH('F4. Actuals vs Forecasts'!D65,'F3. Base Capex'!F$21:F$52,0),0)} -> 17063017 | G65: 21717583 | H65: =IF(OR(F65=0,G65=0),0,(F65-G65)/G65) -> -0.21432247 | I65: N/A | J65: N/A | K65: =IF(OR(I65=0,I65="N/A"),0,(I65-J65)) -> 0 | L65: N/A | O65: Required from disclosure year 2026
A66: =ROW() -> 66 | D66: ACS Outdoor Circuit Breakers | F66: {=INDEX('F3. Base Capex'!K$21:K$52,MATCH('F4. Actuals vs Forecasts'!D66,'F3. Base Capex'!F$21:F$52,0),0)} -> 2432701 | G66: 8438800.7 | H66: =IF(OR(F66=0,G66=0),0,(F66-G66)/G66) -> -0.71172432 | I66: 0.003 | J66: 0.0037 | K66: =IF(OR(I66=0,I66="N/A"),0,(I66-J66)) -> -0.0007 | L66: 0.017 | O66: Required from disclosure year 2026
A67: =ROW() -> 67 | D67: ACS Indoor Switchgear | F67: {=INDEX('F3. Base Capex'!K$21:K$52,MATCH('F4. Actuals vs Forecasts'!D67,'F3. Base Capex'!F$21:F$52,0),0)} -> 7063731 | G67: 11688968 | H67: =IF(OR(F67=0,G67=0),0,(F67-G67)/G67) -> -0.3956925 | I67: 0.0028 | J67: 0.0009 | K67: =IF(OR(I67=0,I67="N/A"),0,(I67-J67)) -> 0.0019 | L67: 0.0299 | O67: Required from disclosure year 2026
A68: =ROW() -> 68 | D68: ACS Capacitors and Reactors | F68: {=INDEX('F3. Base Capex'!K$21:K$52,MATCH('F4. Actuals vs Forecasts'!D68,'F3. Base Capex'!F$21:F$52,0),0)} -> 272428 | G68: 1303541.8 | H68: =IF(OR(F68=0,G68=0),0,(F68-G68)/G68) -> -0.79100938 | I68: 0.042 | J68: 0.0434 | K68: =IF(OR(I68=0,I68="N/A"),0,(I68-J68)) -> -0.0014 | L68: 0.0029 | O68: Required from disclosure year 2026
A69: =ROW() -> 69 | D69: ACS Structures & Buswork | F69: {=INDEX('F3. Base Capex'!K$21:K$52,MATCH('F4. Actuals vs Forecasts'!D69,'F3. Base Capex'!F$21:F$52,0),0)} -> 2594234 | G69: 11944.183 | H69: =IF(OR(F69=0,G69=0),0,(F69-G69)/G69) -> 216.19644 | I69: N/A | J69: N/A | K69: =IF(OR(I69=0,I69="N/A"),0,(I69-J69)) -> 0 | L69: N/A | O69: Required from disclosure year 2026
A70: =ROW() -> 70 | D70: ACS Instrument Transformers | F70: {=INDEX('F3. Base Capex'!K$21:K$52,MATCH('F4. Actuals vs Forecasts'!D70,'F3. Base Capex'!F$21:F$52,0),0)} -> 7466464 | G70: 13531729 | H70: =IF(OR(F70=0,G70=0),0,(F70-G70)/G70) -> -0.44822545 | I70: 0.0058 | J70: 0.0104 | K70: =IF(OR(I70=0,I70="N/A"),0,(I70-J70)) -> -0.0046 | L70: 0.028 | O70: Required from disclosure year 2026
A71: =ROW() -> 71 | D71: ACS Disconnectors & E/S | F71: {=INDEX('F3. Base Capex'!K$21:K$52,MATCH('F4. Actuals vs Forecasts'!D71,'F3. Base Capex'!F$21:F$52,0),0)} -> 4053061 | G71: 9326379.2 | H71: =IF(OR(F71=0,G71=0),0,(F71-G71)/G71) -> -0.56541966 | I71: 0.1551 | J71: 0.2023 | K71: =IF(OR(I71=0,I71="N/A"),0,(I71-J71)) -> -0.0472 | L71: 0.0097 | O71: Required from disclosure year 2026
A72: =ROW() -> 72 | D72: ACS Other Station Equipment | F72: {=INDEX('F3. Base Capex'!K$21:K$52,MATCH('F4. Actuals vs Forecasts'!D72,'F3. Base Capex'!F$21:F$52,0),0)} -> 14283036 | G72: 10272146 | H72: =IF(OR(F72=0,G72=0),0,(F72-G72)/G72) -> 0.3904627 | I72: N/A | J72: N/A | K72: =IF(OR(I72=0,I72="N/A"),0,(I72-J72)) -> 0 | L72: N/A | O72: Required from disclosure year 2026
A73: =ROW() -> 73 | D73: ACS Power Cables | F73: {=INDEX('F3. Base Capex'!K$21:K$52,MATCH('F4. Actuals vs Forecasts'!D73,'F3. Base Capex'!F$21:F$52,0),0)} -> 31000435 | G73: 29178249 | H73: =IF(OR(F73=0,G73=0),0,(F73-G73)/G73) -> 0.062450162 | I73: N/A | J73: N/A | K73: =IF(OR(I73=0,I73="N/A"),0,(I73-J73)) -> 0 | L73: N/A | O73: Required from disclosure year 2026
A74: =ROW() -> 74 | D74: ACS Dynamic Reactive | F74: {=INDEX('F3. Base Capex'!K$21:K$52,MATCH('F4. Actuals vs Forecasts'!D74,'F3. Base Capex'!F$21:F$52,0),0)} -> 5224145 | G74: 8574911.1 | H74: =IF(OR(F74=0,G74=0),0,(F74-G74)/G74) -> -0.39076394 | I74: N/A | J74: N/A | K74: =IF(OR(I74=0,I74="N/A"),0,(I74-J74)) -> 0 | L74: N/A | O74: Required from disclosure year 2026
A75: =ROW() -> 75 | D75: SA Metering | F75: {=INDEX('F3. Base Capex'!K$21:K$52,MATCH('F4. Actuals vs Forecasts'!D75,'F3. Base Capex'!F$21:F$52,0),0)} -> 32932 | G75: 169277.22 | H75: =IF(OR(F75=0,G75=0),0,(F75-G75)/G75) -> -0.80545522 | I75: 0.0016 | J75: 0.0033 | K75: =IF(OR(I75=0,I75="N/A"),0,(I75-J75)) -> -0.0017 | L75: 0.0692 | O75: Required from disclosure year 2026
A76: =ROW() -> 76 | D76: SA BZ Protection | F76: {=INDEX('F3. Base Capex'!K$21:K$52,MATCH('F4. Actuals vs Forecasts'!D76,'F3. Base Capex'!F$21:F$52,0),0)} -> 13859738 | G76: 20386769 | H76: =IF(OR(F76=0,G76=0),0,(F76-G76)/G76) -> -0.32016014 | I76: 0.0597 | J76: 0.0572 | K76: =IF(OR(I76=0,I76="N/A"),0,(I76-J76)) -> 0.0025 | L76: 0.0054 | O76: Required from disclosure year 2026
A77: =ROW() -> 77 | D77: SA Line Protection | F77: {=INDEX('F3. Base Capex'!K$21:K$52,MATCH('F4. Actuals vs Forecasts'!D77,'F3. Base Capex'!F$21:F$52,0),0)} -> 12306918 | G77: 12550116 | H77: =IF(OR(F77=0,G77=0),0,(F77-G77)/G77) -> -0.019378153 | I77: 0.0656 | J77: 0.0617 | K77: =IF(OR(I77=0,I77="N/A"),0,(I77-J77)) -> 0.0039 | L77: 0.0188 | O77: Required from disclosure year 2026
A78: =ROW() -> 78 | D78: SA Transformer Protection | F78: {=INDEX('F3. Base Capex'!K$21:K$52,MATCH('F4. Actuals vs Forecasts'!D78,'F3. Base Capex'!F$21:F$52,0),0)} -> 7685208 | G78: 5549251.6 | H78: =IF(OR(F78=0,G78=0),0,(F78-G78)/G78) -> 0.3849089 | I78: 0.1304 | J78: 0.1398 | K78: =IF(OR(I78=0,I78="N/A"),0,(I78-J78)) -> -0.0094 | L78: 0.0062 | O78: Required from disclosure year 2026
A79: =ROW() -> 79 | D79: SA Batteries & DC Systems | F79: {=INDEX('F3. Base Capex'!K$21:K$52,MATCH('F4. Actuals vs Forecasts'!D79,'F3. Base Capex'!F$21:F$52,0),0)} -> 2130549 | G79: 1435859 | H79: =IF(OR(F79=0,G79=0),0,(F79-G79)/G79) -> 0.48381493 | I79: 0.0637 | J79: 0.0492 | K79: =IF(OR(I79=0,I79="N/A"),0,(I79-J79)) -> 0.0145 | L79: 0.0748 | O79: Required from disclosure year 2026
A80: =ROW() -> 80 | D80: SA Feeder Protection | F80: {=INDEX('F3. Base Capex'!K$21:K$52,MATCH('F4. Actuals vs Forecasts'!D80,'F3. Base Capex'!F$21:F$52,0),0)} -> 908731 | G80: 3857352.5 | H80: =IF(OR(F80=0,G80=0),0,(F80-G80)/G80) -> -0.76441588 | I80: 0.1044 | J80: 0.126 | K80: =IF(OR(I80=0,I80="N/A"),0,(I80-J80)) -> -0.0216 | L80: 0.0446 | O80: Required from disclosure year 2026
A81: =ROW() -> 81 | D81: SA Special Protection Schemes | F81: {=INDEX('F3. Base Capex'!K$21:K$52,MATCH('F4. Actuals vs Forecasts'!D81,'F3. Base Capex'!F$21:F$52,0),0)} -> 403386 | G81: 994437.15 | H81: =IF(OR(F81=0,G81=0),0,(F81-G81)/G81) -> -0.59435747 | I81: 0.122 | J81: 0.1111 | K81: =IF(OR(I81=0,I81="N/A"),0,(I81-J81)) -> 0.0109 | L81: 0.0976 | O81: Required from disclosure year 2026
A82: =ROW() -> 82 | C82: New | D82: SA Reactive Asset Protection | F82: {=INDEX('F3. Base Capex'!K$21:K$52,MATCH('F4. Actuals vs Forecasts'!D82,'F3. Base Capex'!F$21:F$52,0),0)} -> 1008691 | G82: 295645.11 | H82: =IF(OR(F82=0,G82=0),0,(F82-G82)/G82) -> 2.4118305 | I82: 0.0426 | J82: 0.1 | K82: =IF(OR(I82=0,I82="N/A"),0,(I82-J82)) -> -0.0574 | L82: 0.0213
A83: =ROW() -> 83 | C83: New | D83: SA ODJB | F83: {=INDEX('F3. Base Capex'!K$21:K$52,MATCH('F4. Actuals vs Forecasts'!D83,'F3. Base Capex'!F$21:F$52,0),0)} -> 2271262 | G83: 7069057 | H83: =IF(OR(F83=0,G83=0),0,(F83-G83)/G83) -> -0.67870368 | I83: 0.2622 | J83: 0.2607 | K83: =IF(OR(I83=0,I83="N/A"),0,(I83-J83)) -> 0.0015 | L83: 0.0363
A84: =ROW() -> 84 | D84: SA Substation Mgmt Systems | F84: {=INDEX('F3. Base Capex'!K$21:K$52,MATCH('F4. Actuals vs Forecasts'!D84,'F3. Base Capex'!F$21:F$52,0),0)} -> 5026926 | G84: 5396569.3 | H84: =IF(OR(F84=0,G84=0),0,(F84-G84)/G84) -> -0.068495978 | I84: 0.0384 | J84: 0.0174 | K84: =IF(OR(I84=0,I84="N/A"),0,(I84-J84)) -> 0.021 | L84: 0.0091 | O84: Required from disclosure year 2026
A85: =ROW() -> 85 | D85: HVDC | F85: {=INDEX('F3. Base Capex'!K$21:K$52,MATCH('F4. Actuals vs Forecasts'!D85,'F3. Base Capex'!F$21:F$52,0),0)} -> 24415933 | G85: 15328135 | H85: =IF(OR(F85=0,G85=0),0,(F85-G85)/G85) -> 0.5928835 | I85: N/A | J85: N/A | K85: =IF(OR(I85=0,I85="N/A"),0,(I85-J85)) -> 0 | L85: N/A | O85: Required from disclosure year 2026
A86: =ROW() -> 86 | D86: TL Paint | F86: {=INDEX('F3. Base Capex'!K$21:K$52,MATCH('F4. Actuals vs Forecasts'!D86,'F3. Base Capex'!F$21:F$52,0),0)} -> 64683855 | G86: 69162512 | H86: =IF(OR(F86=0,G86=0),0,(F86-G86)/G86) -> -0.064755554 | I86: 0.0911 | J86: 0.1119 | K86: =IF(OR(I86=0,I86="N/A"),0,(I86-J86)) -> -0.0208 | L86: 0.0003 | M86: Many repaints, but "new assets" is only counting first paint | O86: Required from disclosure year 2026
A87: =ROW() -> 87 | D87: TL Tower | F87: {=INDEX('F3. Base Capex'!K$21:K$52,MATCH('F4. Actuals vs Forecasts'!D87,'F3. Base Capex'!F$21:F$52,0),0)} -> 12215756 | G87: 14568677 | H87: =IF(OR(F87=0,G87=0),0,(F87-G87)/G87) -> -0.1615055 | I87: 0.0061 | J87: 0.0065 | K87: =IF(OR(I87=0,I87="N/A"),0,(I87-J87)) -> -0.0004 | L87: 0.0003 | O87: Required from disclosure year 2026
A88: =ROW() -> 88 | D88: TL Foundation | F88: {=INDEX('F3. Base Capex'!K$21:K$52,MATCH('F4. Actuals vs Forecasts'!D88,'F3. Base Capex'!F$21:F$52,0),0)} -> 12066346 | G88: 3121352.1 | H88: =IF(OR(F88=0,G88=0),0,(F88-G88)/G88) -> 2.8657433 | I88: 0.0009 | J88: 0.0023 | K88: =IF(OR(I88=0,I88="N/A"),0,(I88-J88)) -> -0.0014 | L88: 0.0238 | O88: Required from disclosure year 2026
A89: =ROW() -> 89 | D89: TL Grillage | F89: {=INDEX('F3. Base Capex'!K$21:K$52,MATCH('F4. Actuals vs Forecasts'!D89,'F3. Base Capex'!F$21:F$52,0),0)} -> 9111820 | G89: 9782071.1 | H89: =IF(OR(F89=0,G89=0),0,(F89-G89)/G89) -> -0.068518324 | I89: 0.0584 | J89: 0.0698 | K89: =IF(OR(I89=0,I89="N/A"),0,(I89-J89)) -> -0.0114 | L89: 0.0042 | M89: Not adding new grillages, all replace with other foundation types. Some "renewed" grillages. | O89: Required from disclosure year 2026
A90: =ROW() -> 90 | D90: TL Conductor | F90: {=INDEX('F3. Base Capex'!K$21:K$52,MATCH('F4. Actuals vs Forecasts'!D90,'F3. Base Capex'!F$21:F$52,0),0)} -> 21155083 | G90: 23485556 | H90: =IF(OR(F90=0,G90=0),0,(F90-G90)/G90) -> -0.099230057 | I90: 0.0056 | J90: 0.0068 | K90: =IF(OR(I90=0,I90="N/A"),0,(I90-J90)) -> -0.0012 | L90: 0.006 | O90: Required from disclosure year 2026
A91: =ROW() -> 91 | D91: TL Pole | F91: {=INDEX('F3. Base Capex'!K$21:K$52,MATCH('F4. Actuals vs Forecasts'!D91,'F3. Base Capex'!F$21:F$52,0),0)} -> 15766771 | G91: 13300542 | H91: =IF(OR(F91=0,G91=0),0,(F91-G91)/G91) -> 0.18542319 | I91: 0.0077 | J91: 0.0128 | K91: =IF(OR(I91=0,I91="N/A"),0,(I91-J91)) -> -0.0051 | L91: 0.0222 | O91: Required from disclosure year 2026
A92: =ROW() -> 92 | D92: TL Insulators | F92: {=INDEX('F3. Base Capex'!K$21:K$52,MATCH('F4. Actuals vs Forecasts'!D92,'F3. Base Capex'!F$21:F$52,0),0)} -> 8447468 | G92: 6565793.1 | H92: =IF(OR(F92=0,G92=0),0,(F92-G92)/G92) -> 0.28658761 | I92: 0.0236 | J92: 0.0277 | K92: =IF(OR(I92=0,I92="N/A"),0,(I92-J92)) -> -0.0041 | L92: 0.0246 | O92: Required from disclosure year 2026
A93: =ROW() -> 93 | D93: TL Access | F93: {=INDEX('F3. Base Capex'!K$21:K$52,MATCH('F4. Actuals vs Forecasts'!D93,'F3. Base Capex'!F$21:F$52,0),0)} -> 3690117 | G93: 2230261.3 | H93: =IF(OR(F93=0,G93=0),0,(F93-G93)/G93) -> 0.65456712 | I93: N/A | J93: N/A | K93: =IF(OR(I93=0,I93="N/A"),0,(I93-J93)) -> 0 | L93: N/A | O93: Required from disclosure year 2026
A94: =ROW() -> 94 | D94: Total grid refurbishment and replacement | F94: =SUM(F62:F93) -> 331348186 | G94: =SUM(G62:G93) -> 3.7756296e+08 | H94: =IF(OR(F94=0,G94=0),0,(F94-G94)/G94) -> -0.12240282 | I94: N/A | J94: N/A | K94: =IF(OR(I94=0,I94="N/A"),0,(I94-J94)) -> 0 | L94: N/A | O94: Required from disclosure year 2026
A95: =ROW() -> 95
A96: =ROW() -> 96 | D96: IT SCADA/RTS | F96: {=IFERROR(INDEX('F3. Base Capex'!$K$117:$K$131,MATCH('F4. Actuals vs Forecasts'!D96,'F3. Base Capex'!$F$117:$F$131,0),0),0)} -> 0 | G96: 0 | H96: =IF(F96=0,0,(F96-G96)/G96) -> 0 | I96: N/A | J96: N/A | K96: =IF(OR(I96=0,I96="N/A"),0,(I96-J96)) -> 0 | L96: N/A | O96: Required from disclosure year 2026
A97: =ROW() -> 97 | D97: IT Time Series | F97: {=IFERROR(INDEX('F3. Base Capex'!$K$117:$K$131,MATCH('F4. Actuals vs Forecasts'!D97,'F3. Base Capex'!$F$117:$F$131,0),0),0)} -> 0 | G97: 0 | H97: =IF(F97=0,0,(F97-G97)/G97) -> 0 | I97: N/A | J97: N/A | K97: =IF(OR(I97=0,I97="N/A"),0,(I97-J97)) -> 0 | L97: N/A | O97: Required from disclosure year 2026
A98: =ROW() -> 98 | D98: IT Transmission Systems | F98: {=IFERROR(INDEX('F3. Base Capex'!$K$117:$K$131,MATCH('F4. Actuals vs Forecasts'!D98,'F3. Base Capex'!$F$117:$F$131,0),0),0)} -> 12891149 | G98: 11969560 | H98: =IF(F98=0,0,(F98-G98)/G98) -> 0.076994353 | I98: N/A | J98: N/A | K98: =IF(OR(I98=0,I98="N/A"),0,(I98-J98)) -> 0 | L98: N/A | O98: Required from disclosure year 2026
A99: =ROW() -> 99 | D99: IT Meter Data Management | F99: {=IFERROR(INDEX('F3. Base Capex'!$K$117:$K$131,MATCH('F4. Actuals vs Forecasts'!D99,'F3. Base Capex'!$F$117:$F$131,0),0),0)} -> 0 | H99: =IF(F99=0,0,(F99-G99)/G99) -> 0 | I99: N/A | J99: N/A | K99: =IF(OR(I99=0,I99="N/A"),0,(I99-J99)) -> 0 | L99: N/A | O99: Required from disclosure year 2026
A100: =ROW() -> 100 | D100: IT Asset Management Systems | F100: {=IFERROR(INDEX('F3. Base Capex'!$K$117:$K$131,MATCH('F4. Actuals vs Forecasts'!D100,'F3. Base Capex'!$F$117:$F$131,0),0),0)} -> 2164357.9 | G100: 3256401.6 | H100: =IF(F100=0,0,(F100-G100)/G100) -> -0.33535291 | I100: N/A | J100: N/A | K100: =IF(OR(I100=0,I100="N/A"),0,(I100-J100)) -> 0 | L100: N/A | O100: Required from disclosure year 2026
...

Sheet F5. Major Capex Projects
Q1: Transpower | S1: Disclosure Date | U1: =+'F1. RAB'!$R$1 -> 46318
A2: SCHEDULE F5: MAJOR CAPITAL EXPENDITURE (MAJOR CAPEX) | S2: Disclosure Year (year ended) | U2: =CoverSheet!$C$8 -> 46203
A4: ref
A5: =ROW() -> 5 | C5: F5(i): Major Capex Projects (Summary): Approved But Not Yet Commissioned
A6: =ROW() -> 6
A7: =ROW() -> 7 | F7: Initial Project Approvals | O7: Amendments to Approved Projects
A8: =ROW() -> 8 | F8: Approved MCP Outputs | G8: Major Capex Allowance | H8: Max. Recoverable costs | I8: Recovery Scheme | K8: Commissioning Date(s) | L8: P50 | M8: Approval Expiry Date | N8: Completion date Assumption | O8: Major Capex Allowance | P8: Max. Recoverable costs | Q8: Recovery Scheme | R8: P50 | S8: Approval Expiry Date | T8: Completion Date Assumption | U8: Approved MCP Outputs
A9: =ROW() -> 9 | E9: Project Name | G9: ($M) | H9: ($M) | L9: ($M) | O9: ($M) | P9: ($M) | R9: ($M)
A10: =ROW() -> 10 | E10: Stage 1 - Waikato and Upper North Island Voltage Management | F10: 1) one dynamic reactive device in the Upper North Island capable of delivering (within 10%) 150 Mvar capacitive to 150 Mvar inductive at nominal voltage 2) one dynamic reactive device in the Waikato capable of delivering (within 10%) 150 Mvar capacitive to 150 Mvar inductive at nominal voltage 3) a post-fault demand management scheme for the Waikato Upper North Island region 4) preparatory works for Stage 2, including additional investigation, consultation, obtaining property rights and environmental approvals, design work and non-binding tendering for future series capacitors and installation works on the Brownhill_x0002_Whakamaru 1&2 transmission lines (BHL-WKM lines) | G10: 143000000 | H10: n/a | I10: Capex | K10: Dec 2022 (except for Stage 2 preparatory works) | L10: =G10 -> 143000000 | M10: 47453 | N10: Dec 2022 (except for Stage 2 preparatory works)
A11: =ROW() -> 11 | E11: Net Zero Grid Pathways stage 1 | F11: HVDC upgrade – increasing transfer capacity from 1071 MW to closer to 1200 MW by installing: 1) reactive plant; 2) filter banks; and 3) associated equipment to upgrade the HVDC. Central North Island upgrade - increasing transfer capacity north from Bunnythorpe by between 60% and 90% by: 1)installing variable line rating and tactical thermal upgrade of the Tokaanu-Whakamaru and the Bunnythorpe-Tokaanu circuits; 2) duplexing the Tokaanu-Whakamaru circuits with Goat conductor; 3) splitting the Bunnythorpe-Ongarue circuit; 4) upgrading protection on the Huntly-Stratford circuit; and 5) replacing special protection scheme at Tokaanu. Wairakei ring upgrade - increasing transmission capacity by 25% (300 MW) under typical operating conditions by: 1) tactical thermal upgrade of both circuits of the Wairakei_x0002_Whakamaru C line; 2) a tactical thermal upgrade of the Edgecumbe-Kawerau 3 circuit on the Ohakuri-Edgecumbe A and Kawerau-Deviation lines; and 3) splitting the Edgecumbe-Kawerau circuit. NZGP1 stage two preparatory work to: - carry out a detailed design of duplex Bunnythorpe-Tokaanu A and B lines; - carry out a detailed design for tactical thermal upgrade of Bunnythorpe-Wairakei A line; - investigate options for reconductoring one of the two 200 kV Brunswick-Stratford lines; - develop quantifying resilience methodology; - carry out a study on diversification of Bunnythorpe substation; - carry out a study on lower North Island voltage stability; and - carry out a study on lower North Island system stability. | G11: 392900000 | H11: n/a | I11: Capex | K11: Various | L11: =G11 -> 392900000 | M11: 49674 | N11: 46934 | O11: 0 | P11: 0
A12: =ROW() -> 12 | E12: Western Bay of Plenty | F12: $83.2m for the enhancement of the WBOP transmission grid, namely: Western corridor - Kaitemako: - install a new 220kV/110kV interconnecting transformer at Kaitemako; Western corridor - Reconductoring: - reconductor the interconnection section of the Kaitemako-Tauranga 110kV line to a rating of 200MVA; Eastern corridor - reconductor the Okere-Te Matai, Okere-Tarukenga, and Kaitemako-Te Matai 110kV lines to a rating of 195 MVA; and Potential non-transmission solution (NTS) - $2.9m to fund NTS. Refer to Final Decision WBOP MCP 11 June 2025 "treat the capital cost contingency risk component of the MCA, and the development NTS recoverable cost component, as exempt major capex, equal to $12.5 million ($ nominal)" | G12: =86100000 -> 86100000 | H12: n/a | I12: Capex | K12: Various | L12: =G12 -> 86100000 | M12: 50405 | N12: 48579
A13: =ROW() -> 13 | E13: Redclyffe 220kV Switchyard Resilience | F13: - Raising the height of critical HV plant - Installing new 220 kV electrical equipment including circuit breakers, disconnectors, busbars rigid and strung, current transformers (CTs), capacitive voltage transformers (CVTs) and outdoor junction boxes. - Building a digital substation control building | G13: 47000000 | H13: n/a | I13: Capex | K13: 46722 | L13: =G13 -> 47000000 | M13: 48579 | N13: 46722
A14: =ROW() -> 14 | E14: HVDC Link Upgrade Programme Stage 1 | F14: - procure, install, and commission four new HVDC submarine cables, increasing the HVDC link’s transfer capacity north from 1200 MW to around 1400 MW; - construct and commission new cable termination stations and associated equipment located at Oteranga Bay (North Island) and Ōraumoa Fighting Bay (South Island), along with necessary modifications to the existing overhead line connections; - procure, construct, and commission an additional filter bank at Benmore substation to facilitate continuous operation at the increased capacity of around 1400 MW; - works to increase the Pole 2 overload capacity at Haywards and Benmore; - construct and commission a new submarine cable storage facility and associated infrastructure and equipment to house spare cable lengths for future maintenance and repairs; and - preparatory work for a potential Stage 2, including early engagement with vendors and suppliers to refine scope and confirm cost estimates for anticipated future stage projects. | G14: 1138600000 | H14: n/a | I14: Capex | K14: 48183 | L14: =G14 -> 1138600000 | M14: 50040 | N14: =K14 -> 48183
A15: =ROW() -> 15 | E15: [insert project]
A16: =ROW() -> 16 | E16: [insert project]
A17: =ROW() -> 17
A18: =ROW() -> 18 | C18: F5(ii): Major Capex Projects (Detail): Approved But Not Yet Commissioned*
A19: =ROW() -> 19 | D19: *Insert additional tables as required for projects
A20: =ROW() -> 20 | G20: CY-4 + previous | H20: CY-3 | I20: CY-2 | J20: CY-1 | K20: CY | L20: CY+1 | M20: CY+2 | N20: CY+3 | O20: CY+4 | P20: CY+5 | Q20: CY+6 | R20: CY+7 | S20: CY+8 | T20: Total
A21: =ROW() -> 21 | G21: ($M) | H21: ($M) | I21: ($M) | J21: ($M) | K21: ($M) | L21: ($M) | M21: ($M) | N21: ($M) | O21: ($M) | P21: ($M) | Q21: ($M) | R21: ($M) | S21: ($M) | T21: ($M)
A22: =ROW() -> 22 | D22: Project name | E22: Stage 1 - Waikato and Upper North Island Voltage Management | F22: Forecast Expenditure | G22: 1.2013944e+08 | H22: 22892086 | I22: 95919.482 | J22: 0 | K22: 0 | T22: =SUM(G22:S22) -> 1.4312745e+08
A23: =ROW() -> 23 | F23: Actual Expenditure | G23: 29044549 | H23: 16658094 | I23: 25468587 | J23: 25253307 | K23: 7660072 | T23: =SUM(G23:S23) -> 104084609
A24: =ROW() -> 24 | F24: Variance | G24: =G22-G23 -> 91094890 | H24: =H22-H23 -> 6233992.3 | I24: =I22-I23 -> -25372668 | J24: =J22-J23 -> -25253307 | K24: =K22-K23 -> -7660072 | L24: =L22-L23 -> 0 | M24: =M22-M23 -> 0 | N24: =N22-N23 -> 0 | ... T24: =T22-T23 -> 39042836
A25: =ROW() -> 25
A26: =ROW() -> 26 | G26: CY-4 + previous | H26: CY-3 | I26: CY-2 | J26: CY-1 | K26: CY | L26: CY+1 | M26: CY+2 | N26: CY+3 | O26: CY+4 | P26: CY+5 | Q26: CY+6 | R26: CY+7 | S26: CY+8 | T26: Total
A27: =ROW() -> 27 | G27: ($M) | H27: ($M) | I27: ($M) | J27: ($M) | K27: ($M) | L27: ($M) | M27: ($M) | N27: ($M) | O27: ($M) | P27: ($M) | Q27: ($M) | R27: ($M) | S27: ($M) | T27: ($M)
A28: =ROW() -> 28 | D28: Project name | E28: =E11 -> Net Zero Grid Pathways stage 1 | F28: Forecast Expenditure | G28: 11550 | H28: 1663743 | I28: 11558970 | J28: 30586642 | K28: 62336009 | L28: 74376298 | M28: 81114742 | N28: 109771515 | O28: 21480531 | P28: 0 | Q28: 0 | T28: =SUM(G28:S28) -> 392900000
A29: =ROW() -> 29 | F29: Actual Expenditure | G29: 0 | H29: 0 | I29: 11563060 | J29: 28769904 | K29: 68737726 | T29: =SUM(G29:S29) -> 109070690
A30: =ROW() -> 30 | F30: Variance | G30: =G28-G29 -> 11550 | H30: =H28-H29 -> 1663743 | I30: =I28-I29 -> -4090 | J30: =J28-J29 -> 1816738 | K30: =K28-K29 -> -6401717 | L30: =L28-L29 -> 74376298 | M30: =M28-M29 -> 81114742 | N30: =N28-N29 -> 109771515 | ... T30: =T28-T29 -> 283829310
A31: =ROW() -> 31
A32: =ROW() -> 32 | G32: CY-4 + previous | H32: CY-3 | I32: CY-2 | J32: CY-1 | K32: CY | L32: CY+1 | M32: CY+2 | N32: CY+3 | O32: CY+4 | P32: CY+5 | Q32: CY+6 | R32: CY+7 | S32: CY+8 | T32: Total
A33: =ROW() -> 33 | G33: ($M) | H33: ($M) | I33: ($M) | J33: ($M) | K33: ($M) | L33: ($M) | M33: ($M) | N33: ($M) | O33: ($M) | P33: ($M) | Q33: ($M) | R33: ($M) | S33: ($M) | T33: ($M)
A34: =ROW() -> 34 | D34: Project name | E34: Western Bay of Plenty - (Excluding approved NTS recoverable cost of $2.9m) | F34: Forecast Expenditure | J34: 315000 | K34: 315000 | L34: 3943000 | M34: 10489000 | N34: 12616000 | O34: 22669000 | P34: 21683000 | Q34: 9787000 | R34: 1662000 | T34: =SUM(G34:S34) -> 83479000
A35: =ROW() -> 35 | F35: Actual Expenditure | J35: 1538687 | K35: 1449169 | T35: =SUM(G35:S35) -> 2987856
A36: =ROW() -> 36 | F36: Variance | G36: =G34-G35 -> 0 | H36: =H34-H35 -> 0 | I36: =I34-I35 -> 0 | J36: =J34-J35 -> -1223687 | K36: =K34-K35 -> -1134169 | L36: =L34-L35 -> 3943000 | M36: =M34-M35 -> 10489000 | N36: =N34-N35 -> 12616000 | ... T36: =T34-T35 -> 80491144
A37: =ROW() -> 37
A38: =ROW() -> 38 | G38: CY-4 + previous | H38: CY-3 | I38: CY-2 | J38: CY-1 | K38: CY | L38: CY+1 | M38: CY+2 | N38: CY+3 | O38: CY+4 | P38: CY+5 | Q38: CY+6 | R38: CY+7 | S38: CY+8 | T38: Total
A39: =ROW() -> 39 | G39: ($M) | H39: ($M) | I39: ($M) | J39: ($M) | K39: ($M) | L39: ($M) | M39: ($M) | N39: ($M) | O39: ($M) | P39: ($M) | Q39: ($M) | R39: ($M) | S39: ($M) | T39: ($M)
A40: =ROW() -> 40 | G40: CY-4 + previous | H40: CY-3 | I40: CY-2 | J40: CY-1 | K40: CY | L40: CY+1 | M40: CY+2 | N40: CY+3 | O40: CY+4 | P40: CY+5 | Q40: CY+6 | R40: CY+7 | S40: CY+8 | T40: Total
A41: =ROW() -> 41 | G41: ($M) | H41: ($M) | I41: ($M) | J41: ($M) | K41: ($M) | L41: ($M) | M41: ($M) | N41: ($M) | O41: ($M) | P41: ($M) | Q41: ($M) | R41: ($M) | S41: ($M) | T41: ($M)
A42: =ROW() -> 42 | D42: Project name | E42: Redclyffe 220kV Switchyard Resilience | F42: Forecast Expenditure | J42: 700000 | K42: 17200000 | L42: 29100000 | T42: =SUM(G42:S42) -> 47000000
A43: =ROW() -> 43 | F43: Actual Expenditure | K43: 3495941 | T43: =SUM(G43:S43) -> 3495941
A44: =ROW() -> 44 | F44: Variance | G44: =G42-G43 -> 0 | H44: =H42-H43 -> 0 | I44: =I42-I43 -> 0 | J44: =J42-J43 -> 700000 | K44: =K42-K43 -> 13704059 | L44: =L42-L43 -> 29100000 | M44: =M42-M43 -> 0 | N44: =N42-N43 -> 0 | ... T44: =T42-T43 -> 43504059
A45: =ROW() -> 45
A46: =ROW() -> 46 | G46: CY-4 + previous | H46: CY-3 | I46: CY-2 | J46: CY-1 | K46: CY | L46: CY+1 | M46: CY+2 | N46: CY+3 | O46: CY+4 | P46: CY+5 | Q46: CY+6 | R46: CY+7 | S46: CY+8 | T46: Total
A47: =ROW() -> 47 | G47: ($M) | H47: ($M) | I47: ($M) | J47: ($M) | K47: ($M) | L47: ($M) | M47: ($M) | N47: ($M) | O47: ($M) | P47: ($M) | Q47: ($M) | R47: ($M) | S47: ($M) | T47: ($M)
A48: =ROW() -> 48 | D48: Project name | E48: HVDC Link Upgrade Programme Stage 1 | F48: Forecast Expenditure | J48: 27300000 | K48: 69300000 | L48: =39800000+5800000 -> 45600000 | M48: =64200000+8800000 -> 73000000 | N48: =194300000+15700000 -> 210000000 | O48: =203100000+24300000 -> 227400000 | P48: =448600000+37300000+50000 -> 485950000 | T48: =SUM(G48:S48) -> 1138550000
A49: =ROW() -> 49 | F49: Actual Expenditure | J49: 24012026 | K49: 16076288 | T49: =SUM(G49:S49) -> 40088314
A50: =ROW() -> 50 | F50: Variance | G50: =G48-G49 -> 0 | H50: =H48-H49 -> 0 | I50: =I48-I49 -> 0 | J50: =J48-J49 -> 3287974 | K50: =K48-K49 -> 53223712 | L50: =L48-L49 -> 45600000 | M50: =M48-M49 -> 73000000 | N50: =N48-N49 -> 210000000 | ... T50: =T48-T49 -> 1098461686
A51: =ROW() -> 51
A52: =ROW() -> 52 | G52: CY-4 + previous | H52: CY-3 | I52: CY-2 | J52: CY-1 | K52: CY | L52: CY+1 | M52: CY+2 | N52: CY+3 | O52: CY+4 | P52: CY+5 | Q52: CY+6 | R52: CY+7 | S52: CY+8 | T52: Total
A53: =ROW() -> 53 | G53: ($M) | H53: ($M) | I53: ($M) | J53: ($M) | K53: ($M) | L53: ($M) | M53: ($M) | N53: ($M) | O53: ($M) | P53: ($M) | Q53: ($M) | R53: ($M) | S53: ($M) | T53: ($M)
A54: =ROW() -> 54 | D54: Project name | E54: [insert project] | F54: Forecast Expenditure | T54: =SUM(G54:S54) -> 0
A55: =ROW() -> 55 | F55: Actual Expenditure | T55: =SUM(G55:S55) -> 0
A56: =ROW() -> 56 | F56: Variance | G56: =G54-G55 -> 0 | H56: =H54-H55 -> 0 | I56: =I54-I55 -> 0 | J56: =J54-J55 -> 0 | K56: =K54-K55 -> 0 | L56: =L54-L55 -> 0 | M56: =M54-M55 -> 0 | N56: =N54-N55 -> 0 | ... T56: =T54-T55 -> 0
A57: =ROW() -> 57
A58: =ROW() -> 58 | G58: CY-4 + previous | H58: CY-3 | I58: CY-2 | J58: CY-1 | K58: CY | L58: CY+1 | M58: CY+2 | N58: CY+3 | O58: CY+4 | P58: CY+5 | Q58: CY+6 | R58: CY+7 | S58: CY+8 | T58: Total
A59: =ROW() -> 59 | G59: ($M) | H59: ($M) | I59: ($M) | J59: ($M) | K59: ($M) | L59: ($M) | M59: ($M) | N59: ($M) | O59: ($M) | P59: ($M) | Q59: ($M) | R59: ($M) | S59: ($M) | T59: ($M)
A60: =ROW() -> 60 | D60: Project name | E60: [insert project] | F60: Forecast Expenditure | T60: =SUM(G60:S60) -> 0
A61: =ROW() -> 61 | F61: Actual Expenditure | T61: =SUM(G61:S61) -> 0
A62: =ROW() -> 62 | F62: Variance | G62: =G60-G61 -> 0 | H62: =H60-H61 -> 0 | I62: =I60-I61 -> 0 | J62: =J60-J61 -> 0 | K62: =K60-K61 -> 0 | L62: =L60-L61 -> 0 | M62: =M60-M61 -> 0 | N62: =N60-N61 -> 0 | ... T62: =T60-T61 -> 0
A63: =ROW() -> 63
A64: =ROW() -> 64 | C64: F5(iii): Future Major Capex Projects Under Consideration: Not Yet Approved
A65: =ROW() -> 65
A66: =ROW() -> 66 | E66: Project Name | F66: Project Description | I66: Estimated cost ($M) | J66: Estimated Start Date | K66: Estimated Commissioning Date | L66: Purpose/Benefits of Project
A67: =ROW() -> 67 | E67: USI Stage 1 MCP | F67: Upper South Island Grid Upgrade stage 1 | I67: 193000000 | J67: TBC (Pending NTS, consulting, etc) | K67: 47848 | L67: To maintain reliable electricity supply to the Upper South Island by addressing forecast transmission capacity and voltage stability constraints as electricity demand grows
A68: =ROW() -> 68 | E68: [insert project] | F68: There were no other MCPs that were submitted to the Commission (under consideration) for approval as at 30 June 2026
A69: =ROW() -> 69 | E69: [insert project]
A70: =ROW() -> 70
A71: =ROW() -> 71
A72: =ROW() -> 72 | C72: F5(iv): Commissioned Major Capex Projects | S72: Required from disclosure year 2026
A73: =ROW() -> 73 | G73: Value of Commissioned Assets | M73: Commissiong Dates | Q73: Project Outputs | S73: Major Capex Adjustments
A74: =ROW() -> 74 | E74: Project Name | F74: Project Description | G74: Expected (P50) ($M) | H74: MCA ($M) | I74: Adjusted MCA ($M) | J74: Actual Cost ($M) | K74: Variance v adjusted MCA ($M) | L74: Material Change in Value? (y/n) | M74: Approved Date | N74: Actual Date | O74: Variance (months) | P74: Material Change in Date? (y/n) | Q74: Variance to approved outputs? (y/n) | R74: Material Variance? (y/n) | S74: Incentive rate % | T74: Exempt major capex ($M) | U74: Major capex expenditure adjustment
A75: =ROW() -> 75 | E75: Project Outputs
A76: =ROW() -> 76 | E76: See schedule TP4 | M76: See schedule TP4 | N76: See schedule TP4 | O76: See schedule TP4 | P76: See schedule TP4 | Q76: See schedule TP4 | R76: See schedule TP4
A77: =ROW() -> 77
A78: =ROW() -> 78 | G78: Value of Commissioned Assets | M78: Commissiong Dates | Q78: Project Outputs | S78: Major Capex Adjustments
A79: =ROW() -> 79 | E79: Project Name | F79: Project Description | G79: Expected (P50) ($M) | H79: MCA ($M) | I79: Adjusted MCA ($M) | J79: Actual Cost ($M) | K79: Variance v adjusted MCA ($M) | L79: Material Change in Value? (y/n) | M79: Approved Date | N79: Actual Date | O79: Variance (months) | P79: Material Change in Date? (y/n) | Q79: Variance to approved outputs? (y/n) | R79: Material Variance? (y/n) | S79: Incentive rate % | T79: Exempt major capex ($M) | U79: Major capex expenditure adjustment
A80: =ROW() -> 80 | E80: Project Outputs
A81: =ROW() -> 81 | E81: See schedule TP4 | M81: See schedule TP4 | N81: See schedule TP4 | O81: See schedule TP4 | P81: See schedule TP4 | Q81: See schedule TP4 | R81: See schedule TP4
A82: =ROW() -> 82

Sheet F6. Revenues
J1: Transpower | L1: Disclosure Date | N1: =+'F1. RAB'!$R$1 -> 46318
A2: SCHEDULE F6: REGULATED REVENUE | L2: Disclosure Year (year ended) | N2: =CoverSheet!$C$8 -> 46203
A3: Regulated revenue is received in Pricing Years, ending on 31 March each year. For example, the pricing year corresponding to the 30 June 2024 disclosure year is the pricing year ended 31 March 2024. All revenue numbers here are stated in pricing years, except where indicated.
A4: ref
A5: =ROW() -> 5 | C5: F6(i): Regulated Electricity Transmission Revenue
A6: =ROW() -> 6 | G6: CY-4 | H6: CY-3 | I6: CY-2 | J6: CY-1 | K6: CY
A7: =ROW() -> 7 | G7: ($M) | H7: ($M) | I7: ($M) | J7: ($M) | K7: ($M)
A8: =ROW() -> 8 | E8: HVAC - Interconnection (excl. EV) | G8: 6.0481479e+08 | H8: 6.1354672e+08 | AD8: Not required from disclosure year 2029
A9: =ROW() -> 9 | E9: HVAC - NEA and PDA income | G9: 2555722.3 | H9: 2555722 | AD9: Not required from disclosure year 2029
A10: =ROW() -> 10 | E10: HVAC - Connection (excl.EV) | G10: 1.1283413e+08 | H10: 1.2357062e+08 | AD10: Not required from disclosure year 2029
A11: =ROW() -> 11 | E11: HVAC - EV adjustment | G11: -21429213 | H11: -24219180 | AD11: Not required from disclosure year 2029
A12: =ROW() -> 12 | E12: HVDC - NEA and PDA income | G12: 491017.69 | H12: 491017.69
A13: =ROW() -> 13 | E13: HVDC (excl. EV) | G13: 93503907 | H13: 92684584 | AD13: Not required from disclosure year 2029
A14: =ROW() -> 14 | E14: HVDC - EV adjustment | G14: -1413568.8 | H14: -632608.96 | AD14: Not required from disclosure year 2029
A15: =ROW() -> 15 | E15: Connection charge | I15: 1.1734773e+08 | J15: 1.2557932e+08 | K15: =J328 -> 1.5077032e+08
A16: =ROW() -> 16 | E16: Benefits-based charge | I16: 2.561926e+08 | J16: 2.6672116e+08 | K16: =L328 -> 3.0457983e+08
A17: =ROW() -> 17 | E17: Residual charge | I17: 4.682242e+08 | J17: 4.7656659e+08 | K17: =N328 -> 4.7495006e+08
A18: =ROW() -> 18 | E18: Transitional cap (charge) | I18: 1420055 | J18: -625.18 | K18: =+J33 -> -1468.56
A19: =ROW() -> 19 | E19: EV Adjustment | I19: -24668817 | J19: -24932460 | K19: =+M33 -> 44696844
A20: =ROW() -> 20 | E20: Other regulated transmission revenue | G20: 9752516 | H20: 22133255 | I20: 8590990 | J20: 10951283 | K20: 6799314
A21: =ROW() -> 21 | E21: Total regulated electricity transmission revenue | G21: =SUM(G8:G20) -> 8.011093e+08 | H21: =SUM(H8:H20) -> 8.3013013e+08 | I21: =SUM(I8:I20) -> 8.2710675e+08 | J21: =SUM(J8:J20) -> 8.5488526e+08 | K21: =SUM(K8:K20) -> 9.8179489e+08
A22: =ROW() -> 22
A23: =ROW() -> 23
A24: =ROW() -> 24 | C24: F6(ii): Regulated Revenue
A25: =ROW() -> 25
A26: =ROW() -> 26
A27: =ROW() -> 27 | D27: Total Revenue (CY)
A28: =ROW() -> 28 | G28: Connection charge ($M) | H28: Benefits-based charge ($M) | I28: Residual charge ($M) | J28: Transitional cap (charge) ($M) | K28: Other regulated transmission revenue ($M) | L28: Total Revenue ($M) | M28: EV adjustment ($M) | N28: TOTAL ($M) | O28: Offtake quantities (MWH) | P28: Injection quantities (MWH)
A29: =ROW() -> 29 | F29: Distributor | G29: 10322414 | H29: 20018364 | I29: 57401886 | J29: -371400.12 | L29: =SUM(G29:K29) -> 87371264 | M29: 0 | N29: =+M29+L29 -> 87371264 | O29: 31528961 | P29: 1466837.8
A30: =ROW() -> 30 | F30: Direct Connect | G30: 99967310 | H30: 1.6955467e+08 | I30: 4.5529264e+08 | J30: 320708.28 | L30: =SUM(G30:K30) -> 7.2513532e+08 | M30: 0 | N30: =+M30+L30 -> 7.2513532e+08 | O30: 6444333 | P30: 283090.4
A31: =ROW() -> 31 | F31: Generator | G31: 40480592 | H31: 1.150068e+08 | I31: 6952377.7 | J31: 49223.28 | L31: =SUM(G31:K31) -> 1.6248899e+08 | M31: 0 | N31: =+M31+L31 -> 1.6248899e+08 | O31: 103493.5 | P31: 37797605
A32: =ROW() -> 32 | F32: Other | I32: =+N326 -> -44696844 | K32: =+K20 -> 6799314 | L32: =SUM(G32:K32) -> -37897530 | M32: 44696844 | N32: =+M32+L32 -> 6799314
A33: =ROW() -> 33 | F33: Grand Total | G33: =SUM(G29:G32) -> 1.5077032e+08 | H33: =SUM(H29:H32) -> 3.0457983e+08 | I33: =SUM(I29:I32) -> 4.7495006e+08 | J33: =SUM(J29:J32) -> -1468.56 | K33: =SUM(K29:K32) -> 6799314 | L33: =SUM(L29:L32) -> 9.3709804e+08 | M33: =SUM(M29:M32) -> 44696844 | N33: =SUM(N29:N32) -> 9.8179489e+08 | ... P33: =SUM(P29:P32) -> 39547533
A34: =ROW() -> 34
A35: =ROW() -> 35
A36: =ROW() -> 36
A37: =ROW() -> 37
A38: =ROW() -> 38 | C38: F6(iii): Customer Charges
A39: =ROW() -> 39 | E39: The customer charges shown must include all charges irrespective of the form of the contract
A40: =ROW() -> 40 | J40: Current Year Charges (CY) | S40: Current Year +1 (CY+1) Charges
A41: =ROW() -> 41 | K41: Required from disclosure year 2026 | M41: Required from disclosure year 2026 | Q41: Required from disclosure year 2026 | T41: Required from disclosure year 2026 | V41: Required from disclosure year 2026 | Z41: Required from disclosure year 2026
A42: =ROW() -> 42 | F42: Customer Code | G42: Customer Name | H42: Location Code | I42: Location Name | J42: Connection Charge ($M) | K42: ACA portion of Connection charge ($M) | L42: Benefits-based charge ($M) | M42: ACA portion of Benefits-based charge ($M) | N42: Residual charge ($M) | O42: Transitional cap (charge) ($M) | P42: Investment Contract Charge ($M) | Q42: ACA portion of Investment Contract Charge ($M) | R42: Total Charges ($M) | S42: Connection Charge ($M) | T42: ACA portion of Connection charge ($M) | U42: Benefits-based charge ($M) | V42: ACA portion of Benefits-based charge ($M) | W42: Residual charge ($M) | X42: Transitional cap (charge) ($M) | Y42: Investment Contract Charges ($M) | Z42: ACA portion of Investment Contract Charges ($M) | AA42: Total Charges ($M)
A43: =ROW() -> 43 | F43: ALPE | G43: Alpine Energy Ltd | H43: ABY011S1 | I43: Albury | J43: 527527.44 | L43: 13817.89 | N43: 290477.64 | R43: =SUM(J43:Q43) -> 831822.97 | S43: 504374.79 | U43: 32482.07 | W43: 352984.71 | X43: 0 | AA43: =SUM(S43:Z43) -> 889841.57 | AO43: =IF(V43="","",V43*1000000) | AP43: =IF(W43="","",W43*1000000) -> 352984710000 | AQ43: =IF(X43="","",X43*1000000) -> 0 | AR43: =IF(Y43="","",Y43*1000000) | AS43: =IF(Z43="","",Z43*1000000) | AT43: =IF(AA43="","",AA43*1000000) -> 8.8984157e+11
A44: =ROW() -> 44 | F44: ALPE | G44: Alpine Energy Ltd | H44: BPD110S1 | I44: Bells Pond | J44: 12331.08 | L44: 126085.25 | N44: 621791.88 | P44: 89193.27 | R44: =SUM(J44:Q44) -> 849401.48 | S44: 21752.91 | U44: 136882.51 | W44: 773562.23 | X44: 0 | Y44: 89193.27 | AA44: =SUM(S44:Z44) -> 1021390.9
A45: =ROW() -> 45 | F45: ALPE | G45: Alpine Energy Ltd | H45: STU011S1 | I45: Studholme | J45: 227586.84 | L45: 181931.71 | N45: 798883.8 | R45: =SUM(J45:Q45) -> 1208402.4 | S45: 245088.02 | U45: 196233.14 | W45: 985102.71 | X45: 0 | AA45: =SUM(S45:Z45) -> 1426423.9
A46: =ROW() -> 46 | F46: ALPE | G46: Alpine Energy Ltd | H46: TKA033S1 | I46: Tekapo A | J46: 322332.63 | L46: 66237.81 | N46: 249566.4 | P46: 102268.2 | R46: =SUM(J46:Q46) -> 740405.04 | S46: 357148.38 | U46: 86623.44 | W46: 297909.08 | X46: 0 | Y46: 102268.2 | AA46: =SUM(S46:Z46) -> 843949.1
A47: =ROW() -> 47 | F47: ALPE | G47: Alpine Energy Ltd | H47: TMK033S1 | I47: Temuka | J47: 1265350.6 | L47: 642034.06 | N47: 3548619.4 | P47: 46776.6 | R47: =SUM(J47:Q47) -> 5502780.6 | S47: 1368454.8 | U47: 930591.46 | W47: 4382267.6 | X47: 0 | Y47: 46776.6 | AA47: =SUM(S47:Z47) -> 6728090.4
A48: =ROW() -> 48 | F48: ALPE | G48: Alpine Energy Ltd | H48: TIM011S1 | I48: Timaru | J48: 590713.68 | L48: 1104840.3 | N48: 4466750.6 | P48: 1240566.2 | R48: =SUM(J48:Q48) -> 7402870.9 | S48: 638099.14 | U48: 1470642.7 | W48: 5488787 | X48: 0 | Y48: 1240566.2 | AA48: =SUM(S48:Z48) -> 8838095.1
A49: =ROW() -> 49 | F49: ALPE | G49: Alpine Energy Ltd | H49: TWZ033S1/TWZ033S3 | I49: Twizel | J49: 243549.96 | L49: 40672.82 | N49: 189430.2 | R49: =SUM(J49:Q49) -> 473652.98 | S49: 298008.15 | U49: 42290.62 | W49: 236574.86 | X49: 0 | AA49: =SUM(S49:Z49) -> 576873.63
A50: =ROW() -> 50 | F50: ALPE | G50: Alpine Energy Ltd | H50: N/A | I50: All Locations | L50: 0 | O50: 6655.92 | P50: 1277.52 | R50: =SUM(J50:Q50) -> 7933.44 | Y50: 1277.52 | AA50: =SUM(S50:Z50) -> 1277.52
A51: =ROW() -> 51 | F51: BUEL | G51: Buller Electricity Ltd | H51: ORO110S1 | I51: Orowaiti Tee | J51: 1722597.5 | L51: 225821.88 | N51: 659747.16 | R51: =SUM(J51:Q51) -> 2608166.5 | S51: 1865395.5 | U51: 271429.13 | W51: 809968.04 | X51: 0 | AA51: =SUM(S51:Z51) -> 2946792.7
A52: =ROW() -> 52 | F52: BUEL | G52: Buller Electricity Ltd | H52: N/A | I52: All Locations | L52: 0 | O52: 443.76 | R52: =SUM(J52:Q52) -> 443.76 | AA52: =SUM(S52:Z52) -> 0
A53: =ROW() -> 53 | F53: CHBP | G53: Centralines Limited | H53: WPW011S1/WPW033S1 | I53: Waipawa | J53: 561072.84 | L53: 689212.87 | N53: 1309907.3 | R53: =SUM(J53:Q53) -> 2560193 | S53: 607360.49 | U53: 767578.71 | W53: 1634258.8 | X53: 0 | Y53: 130211.37 | AA53: =SUM(S53:Z53) -> 3139409.4
A54: =ROW() -> 54 | F54: CHBP | G54: Centralines Limited | H54: N/A | I54: All Locations | L54: 0 | O54: 901.68 | R54: =SUM(J54:Q54) -> 901.68 | AA54: =SUM(S54:Z54) -> 0
A55: =ROW() -> 55 | F55: CHHE | G55: Oji Fibre Solutions (NZ) Ltd | H55: KAW011S1/SA/S2 | I55: Kawerau | J55: 830415.97 | L55: 256206.22 | P55: 254370.69 | R55: =SUM(J55:Q55) -> 1340992.9 | S55: 892676.58 | U55: 316119 | W55: 0 | X55: 0 | Y55: 254370.69 | AA55: =SUM(S55:Z55) -> 1463166.3
A56: =ROW() -> 56 | F56: CHHE | G56: Oji Fibre Solutions (NZ) Ltd | H56: N/A | I56: All Locations | J56: 0 | O56: 75.12 | R56: =SUM(J56:Q56) -> 75.12 | AA56: =SUM(S56:Z56) -> 0
A57: =ROW() -> 57 | F57: COUP | G57: Counties Energy Ltd | H57: BOB033S1/BOB110S1 | I57: Bombay | J57: 185794.44 | L57: 3806935.5 | N57: 6285329 | P57: 224242.92 | R57: =SUM(J57:Q57) -> 10502302 | S57: 259128.47 | U57: 4062546.2 | W57: 8047280.3 | X57: 0 | Y57: 224242.92 | AA57: =SUM(S57:Z57) -> 12593198
A58: =ROW() -> 58 | F58: COUP | G58: Counties Energy Ltd | H58: GLN033SA/GLN033S3 | I58: Glenbrook | J58: 820908.24 | L58: 855841.19 | N58: 2176402.7 | R58: =SUM(J58:Q58) -> 3853152.1 | S58: 921576.73 | U58: 959425.92 | W58: 2735622.4 | X58: 0 | AA58: =SUM(S58:Z58) -> 4616625.1
A59: =ROW() -> 59 | F59: COUP | G59: Counties Energy Ltd | H59: N/A | I59: All Locations | L59: 0 | O59: 6704.52 | R59: =SUM(J59:Q59) -> 6704.52 | AA59: =SUM(S59:Z59) -> 0
A60: =ROW() -> 60 | F60: CTCT | G60: Contact Energy Limited | H60: CYD033S1 | I60: Clyde | J60: 512053.2 | L60: 9963251.5 | N60: 377649.36 | R60: =SUM(J60:Q60) -> 10852954 | S60: 554027.7 | U60: 10443484 | W60: 435538.11 | X60: 0 | AA60: =SUM(S60:Z60) -> 11433050
A61: =ROW() -> 61 | F61: CTCT | G61: Contact Energy Limited | H61: N/A | I61: Ohaaki | J61: 1911238.7 | L61: 757489.64 | N61: 112120.32 | R61: =SUM(J61:Q61) -> 2780848.6 | S61: 2044606.8 | U61: 846902.75 | W61: 145236.73 | X61: 0 | AA61: =SUM(S61:Z61) -> 3036746.2
A62: =ROW() -> 62 | F62: CTCT | G62: Contact Energy Limited | H62: OTA022S1 | I62: Otahuhu A | R62: =SUM(J62:Q62) -> 0 | AA62: =SUM(S62:Z62) -> 0
A63: =ROW() -> 63 | F63: CTCT | G63: Contact Energy Limited | H63: N/A | I63: Poihipi | J63: 304759.8 | L63: 930179.55 | N63: 16251.48 | R63: =SUM(J63:Q63) -> 1251190.8 | S63: 325363.71 | U63: 1034532.8 | W63: 21854.34 | X63: 0 | AA63: =SUM(S63:Z63) -> 1381750.9
A64: =ROW() -> 64 | F64: CTCT | G64: Contact Energy Limited | H64: N/A | I64: Roxburgh | J64: 285442.92 | L64: 7057193.2 | N64: 5.4 | R64: =SUM(J64:Q64) -> 7342641.6 | S64: 308502.49 | U64: 7185075.1 | W64: 0 | X64: 0 | AA64: =SUM(S64:Z64) -> 7493577.6
A65: =ROW() -> 65 | F65: CTCT | G65: Contact Energy Limited | H65: SFD033S1 | I65: Stratford | J65: 174106.2 | L65: 2914906.9 | N65: 560983.8 | R65: =SUM(J65:Q65) -> 3649996.9 | S65: 187879.08 | U65: 3355516.2 | W65: 765418.22 | X65: 0 | AA65: =SUM(S65:Z65) -> 4308813.5
A66: =ROW() -> 66 | F66: CTCT | G66: Contact Energy Limited | H66: TAB033S1 | I66: Tauhara B | J66: 135913.43 | L66: 1282613.4 | P66: 2802874.6 | R66: =SUM(J66:Q66) -> 4221401.4 | S66: 157218.57 | U66: 1266933.6 | W66: 0 | X66: 0 | Y66: 2802874.6 | AA66: =SUM(S66:Z66) -> 4227026.7
A67: =ROW() -> 67 | F67: CTCT | G67: Contact Energy Limited | H67: TWH033S1 | I67: Te Kowhai | L67: 37090.92 | R67: =SUM(J67:Q67) -> 37090.92 | S67: 0 | U67: 48333.69 | W67: 0 | X67: 0 | AA67: =SUM(S67:Z67) -> 48333.69
A68: =ROW() -> 68 | F68: CTCT | G68: Contact Energy Limited | H68: N/A | I68: Te Mihi | J68: 220282.44 | L68: 3151297.1 | N68: 16138.56 | P68: 1925726.8 | R68: =SUM(J68:Q68) -> 5313444.8 | S68: 240988.35 | U68: 3525008 | W68: 14110.68 | X68: 0 | Y68: 1925726.8 | AA68: =SUM(S68:Z68) -> 5705833.8
A69: =ROW() -> 69 | F69: CTCT | G69: Contact Energy Limited | H69: WRK033S1 | I69: Wairakei | J69: 75589.2 | L69: 2555199.4 | N69: 7606.68 | R69: =SUM(J69:Q69) -> 2638395.2 | S69: 81702.18 | U69: 2853110.3 | W69: 9464.48 | X69: 0 | AA69: =SUM(S69:Z69) -> 2944277
A70: =ROW() -> 70 | F70: CTCT | G70: Contact Energy Limited | H70: WHI011SA | I70: Whirinaki | J70: 72914.28 | L70: 44333.69 | N70: 268841.28 | R70: =SUM(J70:Q70) -> 386089.25 | S70: 78646.16 | U70: 44310.9 | W70: 329191.78 | X70: 0 | AA70: =SUM(S70:Z70) -> 452148.84
A71: =ROW() -> 71 | F71: CTCT | G71: Contact Energy Limited | H71: N/A | I71: All Locations | L71: 0 | O71: 12481.92 | P71: 85213.89 | R71: =SUM(J71:Q71) -> 97695.81 | Y71: 85213.89 | AA71: =SUM(S71:Z71) -> 85213.89
A72: =ROW() -> 72 | F72: DUNE | G72: Aurora Energy Limited | H72: CYD033S1 | I72: Clyde | J72: 990436.32 | L72: 49597.39 | N72: 1351988.2 | R72: =SUM(J72:Q72) -> 2392021.9 | S72: 1067778.2 | U72: 61119.59 | W72: 1683194 | X72: 0 | AA72: =SUM(S72:Z72) -> 2812091.9
A73: =ROW() -> 73 | F73: DUNE | G73: Aurora Energy Limited | H73: CML033S1 | I73: Cromwell | J73: 435589.56 | L73: 411541.84 | N73: 2925429.1 | P73: 375435.48 | R73: =SUM(J73:Q73) -> 4147996 | S73: 480187.46 | U73: 430078.23 | W73: 3684433.5 | X73: 0 | Y73: 375435.48 | AA73: =SUM(S73:Z73) -> 4970134.6
A74: =ROW() -> 74 | F74: DUNE | G74: Aurora Energy Limited | H74: FKN033S1/S2 | I74: Frankton | J74: 2005942.1 | L74: 810373.67 | N74: 3709387.9 | P74: 321991.08 | R74: =SUM(J74:Q74) -> 6847694.8 | S74: 1941218.1 | U74: 836375.88 | W74: 4511351.5 | X74: 0 | Y74: 321991.08 | AA74: =SUM(S74:Z74) -> 7610936.5
A75: =ROW() -> 75 | F75: DUNE | G75: Aurora Energy Limited | H75: HWB033S1/S2 | I75: Halfway Bush | J75: 968550.84 | L75: 842468.94 | N75: 7397840 | R75: =SUM(J75:Q75) -> 9208859.8 | S75: 1042587.8 | U75: 888962.36 | W75: 8917503.3 | X75: 0 | AA75: =SUM(S75:Z75) -> 10849053
A76: =ROW() -> 76 | F76: DUNE | G76: Aurora Energy Limited | H76: SDN033S1 | I76: South Dunedin | J76: 2232889.4 | L76: 818229.39 | N76: 4554330.7 | P76: 45446.16 | R76: =SUM(J76:Q76) -> 7650895.7 | S76: 2406674.7 | U76: 858849.33 | W76: 5668547.4 | X76: 0 | Y76: 45446.16 | AA76: =SUM(S76:Z76) -> 8979517.6
A77: =ROW() -> 77 | F77: DUNE | G77: Aurora Energy Limited | H77: N/A | I77: All Locations | L77: 0 | O77: 12783.48 | R77: =SUM(J77:Q77) -> 12783.48 | AA77: =SUM(S77:Z77) -> 0
A78: =ROW() -> 78 | F78: EASH | G78: EA Networks | H78: ASB066SA | I78: Ashburton | J78: 358601.04 | L78: 1662178.1 | N78: 10554012 | P78: 57524.04 | R78: =SUM(J78:Q78) -> 12632315 | S78: 384901.16 | U78: 1836634.6 | W78: 12894069 | X78: 0 | Y78: 57524.04 | AA78: =SUM(S78:Z78) -> 15173129
A79: =ROW() -> 79 | F79: EASH | G79: EA Networks | H79: N/A | I79: All Locations | L79: 0 | O79: 6558.48 | P79: 4241.39 | R79: =SUM(J79:Q79) -> 10799.87 | Y79: 4241.39 | AA79: =SUM(S79:Z79) -> 4241.39
A80: =ROW() -> 80 | F80: EAST | G80: Firstlight Network Limited | H80: TUI110S2 | I80: Tuai | J80: 402519.48 | L80: 1008157.8 | N80: 3818249.8 | P80: 85358.52 | R80: =SUM(J80:Q80) -> 5314285.6 | S80: 451629.56 | U80: 1103187.9 | W80: 4751729.9 | X80: 0 | Y80: 85358.52 | AA80: =SUM(S80:Z80) -> 6391905.9
A81: =ROW() -> 81 | F81: EAST | G81: Firstlight Network Limited | H81: N/A | I81: All Locations | L81: 0 | O81: 2428.44 | R81: =SUM(J81:Q81) -> 2428.44 | AA81: =SUM(S81:Z81) -> 0
A82: =ROW() -> 82 | F82: GENE | G82: Genesis Energy Ltd | H82: HLY033SA | I82: Huntly | J82: 183312.36 | L82: 5069012 | N82: 3263.16 | R82: =SUM(J82:Q82) -> 5255587.5 | S82: 198179.8 | U82: 6494767.8 | W82: 80283.93 | X82: 0 | AA82: =SUM(S82:Z82) -> 6773231.5
A83: =ROW() -> 83 | F83: GENE | G83: Genesis Energy Ltd | H83: RPO220I1 | I83: Rangipo | J83: 1226577.5 | L83: 1490992.8 | R83: =SUM(J83:Q83) -> 2717570.3 | S83: 1322978.4 | U83: 1652989.1 | W83: 0 | X83: 0 | AA83: =SUM(S83:Z83) -> 2975967.5
A84: =ROW() -> 84 | F84: GENE | G84: Genesis Energy Ltd | H84: TKA033S1 | I84: Tekapo A | J84: 916367.3 | L84: 468889.68 | N84: 18525 | R84: =SUM(J84:Q84) -> 1403782 | S84: 1199228.2 | U84: 536283.41 | W84: 23059.28 | X84: 0 | AA84: =SUM(S84:Z84) -> 1758570.9
A85: =ROW() -> 85 | F85: GENE | G85: Genesis Energy Ltd | H85: TKA033S2 | I85: Tekapo B | J85: 768952.68 | L85: 3763646 | N85: 13.44 | R85: =SUM(J85:Q85) -> 4532612.1 | S85: 828663.77 | U85: 4093735 | W85: 0 | X85: 0 | AA85: =SUM(S85:Z85) -> 4922398.8
A86: =ROW() -> 86 | F86: GENE | G86: Genesis Energy Ltd | H86: TKU033S1 | I86: Tokaanu | J86: 1638951.6 | L86: 2011941.5 | N86: 798838.92 | R86: =SUM(J86:Q86) -> 4449732 | S86: 1801590.1 | U86: 2243565.4 | W86: 837663.5 | X86: 0 | AA86: =SUM(S86:Z86) -> 4882819
A87: =ROW() -> 87 | F87: GENE | G87: Genesis Energy Ltd | H87: TUI110S2 | I87: Tuai | J87: 167960.4 | L87: 1218562.5 | N87: 142.8 | R87: =SUM(J87:Q87) -> 1386665.7 | S87: 181428.54 | U87: 1179886.5 | W87: 188.24 | X87: 0 | AA87: =SUM(S87:Z87) -> 1361503.3
A88: =ROW() -> 88 | F88: GENE | G88: Genesis Energy Ltd | H88: N/A | I88: All Locations | J88: 0 | L88: 0 | O88: 4443.84 | P88: 25853.46 | R88: =SUM(J88:Q88) -> 30297.3 | Y88: 25853.46 | AA88: =SUM(S88:Z88) -> 25853.46
A89: =ROW() -> 89 | F89: HORO | G89: Electra Limited | H89: MHO033S1 | I89: Mangahao | J89: 1632752.6 | L89: 356545.05 | N89: 2908359.5 | P89: 108864.24 | R89: =SUM(J89:Q89) -> 5006521.4 | S89: 1769899.4 | U89: 408083.43 | W89: 3631659.9 | X89: 0 | Y89: 108864.24 | AA89: =SUM(S89:Z89) -> 5918507
A90: =ROW() -> 90 | F90: HORO | G90: Electra Limited | H90: PRM033S1 | I90: Paraparaumu | J90: 471545.4 | L90: 1179579.5 | N90: 4190454.6 | P90: 658579.68 | R90: =SUM(J90:Q90) -> 6500159.2 | S90: 507463.36 | U90: 1321262.6 | W90: 5187329.7 | X90: 0 | Y90: 658579.68 | AA90: =SUM(S90:Z90) -> 7674635.3
A91: =ROW() -> 91 | F91: HORO | G91: Electra Limited | H91: N/A | I91: All Locations | L91: 0 | O91: 4552.8 | R91: =SUM(J91:Q91) -> 4552.8 | AA91: =SUM(S91:Z91) -> 0
A92: =ROW() -> 92 | F92: HRZE | G92: Horizon Energy Distribution Ltd | H92: EDG033S1 | I92: Edgecumbe | J92: 518916.72 | L92: 745976.46 | N92: 3946899.5 | R92: =SUM(J92:Q92) -> 5211792.7 | S92: 559205.01 | U92: 927714.14 | W92: 4913754.6 | X92: 0 | AA92: =SUM(S92:Z92) -> 6400673.7
A93: =ROW() -> 93 | F93: HRZE | G93: Horizon Energy Distribution Ltd | H93: KAW011S1/SA/S2 | I93: Kawerau | J93: 565676.34 | L93: 54805.62 | N93: 1336035.4 | R93: =SUM(J93:Q93) -> 1956517.3 | S93: 611705.08 | U93: 91608.92 | W93: 1678630.3 | X93: 0 | AA93: =SUM(S93:Z93) -> 2381944.3
A94: =ROW() -> 94 | F94: HRZE | G94: Horizon Energy Distribution Ltd | H94: N/A | I94: All Locations | J94: 0 | L94: 0 | O94: 3598.44 | P94: 18488.73 | R94: =SUM(J94:Q94) -> 22087.17 | Y94: 274509.98 | AA94: =SUM(S94:Z94) -> 274509.98
A95: =ROW() -> 95 | F95: HRZE | G95: Horizon Energy Distribution Ltd | H95: WAI011S1/WAI005S1 | I95: Waiotahe | J95: 237118.76 | L95: 160409.36 | N95: 667509.36 | R95: =SUM(J95:Q95) -> 1065037.5 | S95: 428925.51 | U95: 187814.23 | W95: 854954.57 | AA95: =SUM(S95:Z95) -> 1471694.3
A96: =ROW() -> 96 | F96: KIWI | G96: Whareroa Cogeneration Limited | H96: HWA033S1/HWA033S2 | I96: Hawera | J96: 160679.52 | L96: 270590.24 | N96: 1648772.6 | R96: =SUM(J96:Q96) -> 2080042.4 | AA96: =SUM(S96:Z96) -> 0
A97: =ROW() -> 97 | F97: KIWI | G97: Whareroa Cogeneration Limited | H97: N/A | I97: All Locations | J97: 0 | L97: 0 | O97: 969.12 | R97: =SUM(J97:Q97) -> 969.12 | AA97: =SUM(S97:Z97) -> 0
A98: =ROW() -> 98 | F98: KUPE | G98: Beach Energy Resources NZ (Holdings) Ltd | H98: HWA033S1/HWA033S2 | I98: Hawera | J98: 141466.44 | L98: 334190.73 | N98: 620898 | R98: =SUM(J98:Q98) -> 1096555.2 | S98: 36551.06 | U98: 375931.96 | W98: 937091.68 | X98: 0 | AA98: =SUM(S98:Z98) -> 1349574.7
A99: =ROW() -> 99 | F99: KUPE | G99: Beach Energy Resources NZ (Holdings) Ltd | H99: N/A | I99: All Locations | L99: 0 | O99: 417.84 | R99: =SUM(J99:Q99) -> 417.84 | AA99: =SUM(S99:Z99) -> 0
A100: =ROW() -> 100 | F100: KWGL | G100: Kawerau Geothermal Limited | H100: KAW011S1/SA/S2 | I100: Kawerau | J100: 26122.6 | L100: 543057.35 | N100: 77385.12 | R100: =SUM(J100:Q100) -> 646565.07 | S100: 28366.63 | U100: 680245.69 | W100: 191149.98 | X100: 0 | AA100: =SUM(S100:Z100) -> 899762.3
...

Sheet F7. Cost Allocation
A1: SCHEDULE 7: Cost allocation
A3: 7(i): Operating Cost Allocations
A4: Section | B4: Row | C4: Category1 | D4: Category2 | E4: Arm's length deduction|Value allocated ($M) | F4: Transmission lines services|Value allocated ($M) | G4: Other services (includes unregulated services, system operator and investment contracts)|Value allocated ($M) | H4: Total|Value allocated ($M) | I4: ABAA allocation increase|Value allocated ($M)
A5: 7(i): Operating Cost Allocations | B5: =ROW() -> 5 | C5: Grid maintenance | D5: Directly attributable | F5: 1.4831071e+08
A6: 7(i): Operating Cost Allocations | B6: =ROW() -> 6 | C6: Grid maintenance | D6: Not directly attributable | H6: 0
A7: 7(i): Operating Cost Allocations | B7: =ROW() -> 7 | C7: Total attributable to regulated service | F7: 1.4831071e+08
A8: 7(i): Operating Cost Allocations | B8: =ROW() -> 8 | C8: ICT | D8: Directly attributable | F8: 37804207
A9: 7(i): Operating Cost Allocations | B9: =ROW() -> 9 | C9: ICT | D9: Not directly attributable | E9: 44796.221 | F9: 24490243 | G9: 4183569.5 | H9: 28718608 | I9: -63335.553
A10: 7(i): Operating Cost Allocations | B10: =ROW() -> 10 | C10: Total attributable to regulated service | F10: 62294450
A11: 7(i): Operating Cost Allocations | B11: =ROW() -> 11 | C11: Asset Management & Operations | D11: Directly attributable | F11: 94079841
A12: 7(i): Operating Cost Allocations | B12: =ROW() -> 12 | C12: Asset Management & Operations | D12: Not directly attributable | F12: 0 | H12: 0
A13: 7(i): Operating Cost Allocations | B13: =ROW() -> 13 | C13: Total attributable to regulated service | F13: 94079841
A14: 7(i): Operating Cost Allocations | B14: =ROW() -> 14 | C14: Business support | D14: Directly attributable | F14: 44906414
A15: 7(i): Operating Cost Allocations | B15: =ROW() -> 15 | C15: Business support | D15: Not directly attributable | E15: 73809.045 | F15: 21544247 | G15: 1545916.6 | H15: 23163972 | I15: -75174.874
A16: 7(i): Operating Cost Allocations | B16: =ROW() -> 16 | C16: Total attributable to regulated service | F16: 66450661
A17: 7(i): Operating Cost Allocations | B17: =ROW() -> 17 | C17: Insurance | D17: Directly attributable | F17: 30995061
A18: 7(i): Operating Cost Allocations | B18: =ROW() -> 18 | C18: Insurance | D18: Not directly attributable | F18: 0 | H18: 0
A19: 7(i): Operating Cost Allocations | B19: =ROW() -> 19 | C19: Total attributable to regulated service | F19: 30995061
A20: 7(i): Operating Cost Allocations | B20: =ROW() -> 20 | C20: Operating costs directly attributable | F20: 3.5609623e+08
A21: 7(i): Operating Cost Allocations | B21: =ROW() -> 21 | C21: Operating costs not directly attributable | E21: 118605.27 | F21: 46034489 | G21: 5729486.1 | H21: 51882581 | I21: -138510.43
A22: 7(i): Operating Cost Allocations | B22: =ROW() -> 22 | C22: Operating expenditure | F22: 4.0213072e+08
A25: a

Sheet F7a. Asset Allocation
A1: SCHEDULE 7a: Asset allocation
A3: 7a(i): Regulated Service Asset Allocations
A4: Section | B4: Row | C4: Category1 | D4: Category2 | E4: Transmission lines services|Value allocated ($M)
A5: 7a(i): Regulated Service Asset Allocations | B5: =ROW() -> 5 | C5: HVAC Substations | D5: Directly attributable | E5: ='F1. RAB'!I66 -> 2009200000
A6: 7a(i): Regulated Service Asset Allocations | B6: =ROW() -> 6 | C6: HVAC Substations | D6: Not directly attributable | E6: 0
A7: 7a(i): Regulated Service Asset Allocations | B7: =ROW() -> 7 | C7: Total attributable to regulated service | E7: =SUM(E5:E6) -> 2009200000
A8: 7a(i): Regulated Service Asset Allocations | B8: =ROW() -> 8 | C8: HVAC Lines and Transmission cables | D8: Directly attributable | E8: ='F1. RAB'!J66 -> 2325300000
A9: 7a(i): Regulated Service Asset Allocations | B9: =ROW() -> 9 | C9: HVAC Lines and Transmission cables | D9: Not directly attributable | E9: 0
A10: 7a(i): Regulated Service Asset Allocations | B10: =ROW() -> 10 | C10: Total attributable to regulated service | E10: =SUM(E8:E9) -> 2325300000
A11: 7a(i): Regulated Service Asset Allocations | B11: =ROW() -> 11 | C11: HVDC Substations and Submarine cables | D11: Directly attributable | E11: ='F1. RAB'!K66 -> 422700000
A12: 7a(i): Regulated Service Asset Allocations | B12: =ROW() -> 12 | C12: HVDC Substations and Submarine cables | D12: Not directly attributable | E12: 0
A13: 7a(i): Regulated Service Asset Allocations | B13: =ROW() -> 13 | C13: Total attributable to regulated service | E13: =SUM(E11:E12) -> 422700000
A14: 7a(i): Regulated Service Asset Allocations | B14: =ROW() -> 14 | C14: HVDC Lines | D14: Directly attributable | E14: ='F1. RAB'!L66 -> 100600000
A15: 7a(i): Regulated Service Asset Allocations | B15: =ROW() -> 15 | C15: HVDC Lines | D15: Not directly attributable | E15: 0
A16: 7a(i): Regulated Service Asset Allocations | B16: =ROW() -> 16 | C16: Total attributable to regulated service | E16: =SUM(E14:E15) -> 100600000
A17: 7a(i): Regulated Service Asset Allocations | B17: =ROW() -> 17 | C17: Easements | D17: Directly attributable | E17: ='F1. RAB'!M66 -> 319700000
A18: 7a(i): Regulated Service Asset Allocations | B18: =ROW() -> 18 | C18: Easements | D18: Not directly attributable | E18: 0
A19: 7a(i): Regulated Service Asset Allocations | B19: =ROW() -> 19 | C19: Total attributable to regulated service | E19: =SUM(E17:E18) -> 319700000
A20: 7a(i): Regulated Service Asset Allocations | B20: =ROW() -> 20 | C20: Intangibles | D20: Directly attributable | E20: ='F1. RAB'!N66-E21 -> 58512826
A21: 7a(i): Regulated Service Asset Allocations | B21: =ROW() -> 21 | C21: Intangibles | D21: Not directly attributable | E21: 2187174.3
A22: 7a(i): Regulated Service Asset Allocations | B22: =ROW() -> 22 | C22: Total attributable to regulated service | E22: =SUM(E20:E21) -> 60700000
A23: 7a(i): Regulated Service Asset Allocations | B23: =ROW() -> 23 | C23: IST | D23: Directly attributable | E23: ='F1. RAB'!O66-E24 -> 1.4706019e+08
A24: 7a(i): Regulated Service Asset Allocations | B24: =ROW() -> 24 | C24: IST | D24: Not directly attributable | E24: 3139814.6
A25: 7a(i): Regulated Service Asset Allocations | B25: =ROW() -> 25 | C25: Total attributable to regulated service | E25: =SUM(E23:E24) -> 150200000
A26: 7a(i): Regulated Service Asset Allocations | B26: =ROW() -> 26 | C26: Business Support | D26: Directly attributable | E26: ='F1. RAB'!P66-E27 -> 1.4469696e+08
A27: 7a(i): Regulated Service Asset Allocations | B27: =ROW() -> 27 | C27: Business Support | D27: Not directly attributable | E27: 48203041
A28: 7a(i): Regulated Service Asset Allocations | B28: =ROW() -> 28 | C28: Total attributable to regulated service | E28: =SUM(E26:E27) -> 192900000
A29: 7a(i): Regulated Service Asset Allocations | B29: =ROW() -> 29 | C29: Pseudo Assets | D29: Directly attributable | E29: ='F1. RAB'!Q66 -> 41500000
A30: 7a(i): Regulated Service Asset Allocations | B30: =ROW() -> 30 | C30: Pseudo Assets | D30: Not directly attributable | E30: 0
A31: 7a(i): Regulated Service Asset Allocations | B31: =ROW() -> 31 | C31: Total attributable to regulated service | E31: =SUM(E29:E30) -> 41500000
A32: 7a(i): Regulated Service Asset Allocations | B32: =ROW() -> 32 | C32: Regulated service asset value directly attributed | E32: =SUM(E5,E8,E11,E14,E17,E20,E23,E26,E29) -> 5.56927e+09
A33: 7a(i): Regulated Service Asset Allocations | B33: =ROW() -> 33 | C33: Regulated service asset value not directly attributed | E33: =SUM(E6,E9,E12,E15,E18,E21,E24,E27,E30) -> 53530030
A34: 7a(i): Regulated Service Asset Allocations | B34: =ROW() -> 34 | C34: Total closing RAB value | E34: =E32+E33 -> 5622800000
A38: 7a(ii): Changes in Asset Allocations*† | O38: Required from disclosure year 2026
A39: Section | B39: Row | C39: Category1 | D39: Category2 | E39: Asset category | F39: Original allocator or line items | G39: New allocator or line items | H39: Rationale for change | I39: Original allocation| CY-1| ($M) | J39: Original allocation| Current Year (CY)| ($M) | K39: New allocation| CY-1| ($M) | L39: New allocation| Current Year (CY)| ($M) | M39: Difference| CY-1| ($M) | N39: Difference| Current Year (CY)| ($M)
A40: 7a(ii): Changes in Asset Allocations*† | B40: =ROW() -> 40 | C40: Change in asset value allocation 1 | M40: =I40-K40 -> 0 | N40: =J40-L40 -> 0
A41: 7a(ii): Changes in Asset Allocations*† | B41: =ROW() -> 41 | C41: Change in asset value allocation 2 | M41: =I41-K41 -> 0 | N41: =J41-L41 -> 0
A42: 7a(ii): Changes in Asset Allocations*† | B42: =ROW() -> 42 | C42: Change in asset value allocation 3 | M42: =I42-K42 -> 0 | N42: =J42-L42 -> 0
A44: * a change in asset allocation must be completed for each allocator or component change that has occurred in the disclosure year.
A45: † include additional rows if needed

Sheet TP1. ROI and profit
H1: Transpower | J1: Disclosure Date | K1: =+'F1. RAB'!$R$1 -> 46318
B2: Return on Investment (ROI) and Profit calculations | J2: Disclosure Year (year ended) | K2: =CoverSheet!$C$8 -> 46203
B3: Refer to paragraphs 8.7 to 8.14 of the Transpower Information Disclosure Determination 2014
B8: Reconciliation from the regulatory WACC to our ROI (clause 8.10.2)
B10: 65th percentile vanilla WACC (IPP version) | C10: 0.070963004
B11: Inflation adjustment (through the revaluation building block) | C11: 0.011788756
B12: Effect of permanent voluntary revenue reductions | C12: 0
B13: Contribution from incentives | C13: 0.0076939344
B14: Transpower's actual ROI | C14: =SUM(C10:C13) -> 0.090445694
B17: Adjust for exclusion of interest on EV account from ROI calculation | C17: -0.00056517124
B18: Double-count TCSD in tax allowance | C18: 0.00042080879
B19: Adjust to include IRIS as cashflow in regulatory profit calculation | C19: 0.00074806213
B20: Apply incorrect cashflow timing factor adjustment to revenue | C20: 0.0060775965
B21: Vanilla ROI calculated under clause 8.7 | C21: =SUM(C14:C20) -> 0.097126991
B24: Transpower's ROI (clauses 8.7 and 8.8)
B26: ROI (vanilla) | C26: =+C21 -> 0.097126991 | D26: Vanilla ROI calculated as required by Clause 8.7
B27: Cost of debt (ID) | C27: 0.0544
B28: ROI (post-tax) | C28: =C26-0.41*C27*0.28 -> 0.090881871 | D28: Post-tax ROI calculated as required by Clause 8.8
B30: A comparison of our ROI to the WACC used to calculate our revenue (clause 8.9.4)
B32: ROI (vanilla) | C32: =$C$26 -> 0.097126991 | D32: per clause 8.7
B33: 65th percentile vanilla WACC (IPP version) | C33: =+C10 -> 0.070963004 | D33: this is the WACC used for the purposes of calculating revenue for the disclosure year
B34: Difference | C34: =C32-C33 -> 0.026163986
B37: Comparison required by Clause 8.9.2
B38: ROI (vanilla) | C38: =$C$26 -> 0.097126991 | D38: per clause 8.7
B39: 75th percentile vanilla WACC (ID version) | C39: 0.0716
B40: Difference | C40: =C38-C39 -> 0.025526991
B42: Comparison required by Clause 8.10.3
B43: ROI (post-tax) | C43: =$C$28 -> 0.090881871 | D43: per clause 8.8
B44: 75th percentile post-tax WACC (ID version) | C44: 0.0653
B45: Difference | C45: =C43-C44 -> 0.025581871
B47: Clause 8.11.1 and clause 8.11.3
B48: This difference has the same components as those described under Clause 8.11.2 above, but with the added difference that the ID vanilla WACC rate is different from the IPP vanilla WACC rate and
B49: the 65th and 75th percentile WACCs are different.
B50: 65th percentile vanilla WACC (IPP version) | C50: =+C10 -> 0.070963004
B51: 75th percentile vanilla WACC (ID version) | C51: =C39 -> 0.0716
B52: Difference | C52: =C50-C51 -> -0.00063699577
B53: as above | C53: =C34 -> 0.026163986
B54: as above (8.8.3) | C54: =SUM(C52:C53) -> 0.025526991
B57: Comparison required by Clause 8.9.2
B58: ROI (vanilla) | C58: =$C$26 -> 0.097126991 | D58: per clause 8.7
B59: Mid-point vanilla WACC (ID version) | C59: 0.0643
B60: Difference | C60: =C58-C59 -> 0.032826991 | D60: this difference (also see below) is the same as those calculated above but updated for the difference between the mid-point and 75th percentile WACCs
B61: Comparison required by Clause 8.10.2
B62: ROI (post-tax) | C62: =$C$28 -> 0.090881871 | D62: per clause 8.8
B63: Mid-point post-tax WACC (ID version) | C63: 0.058
B64: Difference | C64: =C62-C63 -> 0.032881871 | D64: see above
B66: Regulatory profit/(loss) before tax
B67: Revenue | C67: 9.8179489e+08
B68: Operating expenditure (incl. operating lease costs capitalised under GAAP) | C68: -4.1485951e+08
B69: Pass-through costs | C69: -19213789
B70: Recoverable costs | C70: -4640834.2
B71: Depreciation (tax depreciation and write-offs) | C71: -3.6479676e+08
B72: TCSD | C72: -2162872.9 | D72: double counted in Notional Interest until the rules are corrected
B73: Regulatory profit/(loss) before tax | C73: =SUM(C67:C72) -> 1.7612112e+08 | D73: Disclosure required by Clause 8.12
B74: Notional interest (IM clause 2.3.1(3)(a)) | C74: -1.1436211e+08
C75: =SUM(C73:C74) -> 61759010
B76: Tax | C76: =C75*0.28 -> 17292523
B78: Regulatory profit/(loss) before tax including EV account movement | C78: 2.2296653e+08 | D78: Disclosure required by Clause 8.13
B80: Regulatory profit/(loss) after tax including EV account movement | C80: 1.9255729e+08 | D80: Disclosure required by Clause 8.14

Sheet TP2. Major project costs
G1: Transpower | I1: Disclosure Date | K1: =+'F1. RAB'!$R$1 -> 46318
A2: SCHEDULE TP2: PARTIALLY COMPLETED MAJOR PROJECTS: COSTS | I2: Disclosure Year (year ended) | K2: =CoverSheet!$C$8 -> 46203
A4: ref
A5: =ROW() -> 5 | C5: Updated cost forecasts for partially completed major projects
A6: =ROW() -> 6
A7: =ROW() -> 7 | F7: Major capex allowance | G7: Current forecast expected cost | H7: Original forecast expected costs | I7: Variance in the expected cost | J7: Variance in the expected cost | K7: Material (1)
A8: =ROW() -> 8 | F8: ($M) | G8: ($M) | H8: ($M) | I8: ($M) | J8: (%) | K8: (Y or N)
A9: =ROW() -> 9 | D9: Stage 1 - Waikato and Upper North Island Voltage Management | F9: 143000000 | G9: 106834560 | H9: =F9 -> 143000000 | I9: =G9-H9 -> -36165440 | J9: =G9/H9-1 -> -0.25290517 | K9: Y
A10: =ROW() -> 10 | D10: Net Zero Grid Pathways Stage 1 | F10: ='F5. Major Capex Projects'!G11 -> 392900000 | G10: 295130645 | H10: =F10 -> 392900000 | I10: =G10-H10 -> -97769355 | J10: =G10/H10-1 -> -0.2488403 | K10: Y
A11: =ROW() -> 11 | D11: Western Bay of Plenty | F11: ='F5. Major Capex Projects'!G12 -> 86100000 | G11: =F11 -> 86100000 | H11: =F11 -> 86100000 | I11: =G11-H11 -> 0 | J11: =G11/H11-1 -> 0 | K11: N
A12: =ROW() -> 12 | D12: Redclyffe 220kV Switchyard Resilience | F12: ='F5. Major Capex Projects'!G13 -> 47000000 | G12: 46710196 | H12: =F12 -> 47000000 | I12: =G12-H12 -> -289804 | J12: =G12/H12-1 -> -0.0061660426 | K12: N
A13: =ROW() -> 13 | D13: HVDC Link Upgrade Programme Stage 1 | F13: ='F5. Major Capex Projects'!G14 -> 1138600000 | G13: =F13 -> 1138600000 | H13: =F13 -> 1138600000 | I13: =G13-H13 -> 0 | J13: =G13/H13-1 -> 0 | K13: N
A14: =ROW() -> 14 | F14: =SUM(F9:F13) -> 1807600000 | G14: =SUM(G9:G13) -> 1673375401 | H14: =SUM(H9:H13) -> 1807600000 | I14: =SUM(I9:I13) -> -134224599
A15: =ROW() -> 15
A16: =ROW() -> 16 | D16: (1) 'Material' has been specified in our Information Disclosure Determination as being greater than 10% or $10m.
A17: =ROW() -> 17
A19: =ROW() -> 19 | D19: Stage 1 - Waikato and Upper North Island Voltage Management
A20: =ROW() -> 20 | D20: The reduction in cost is driven by three primary factors: a Special Protection Scheme that will no longer be constructed, a land purchase at Hangawera for a new site to host series capacitors that is not required, and thirdly a reduction in forecast due to cost savings realised through the construction phases of the Hamilton and Otahuhu STATCOMs.
D21: Net Zero Grid Pathways Stage 1
A22: =ROW() -> 22 | D22: The lower forecast reflects the exclusion of the $32 million risk allowance and savings achieved through optimisation of thermal upgrade scopes in the Central North Island and Wairakei Ring areas. Haywards STATCOM tenders are currently under review and are expected to increase the NZGP forecast.
A23: =ROW() -> 23
A25: 23 | D25: Western Bay of Plenty
A26: 23 | D26: The project is currently in the early detailed design phase, and pricing and detailed scope for major works has not yet been confirmed. The lower forecast vs the MAC reflects the exclusion of risk allowances from the forecast.
A27: 23

Sheet TP3. Major project timing
G1: Transpower | H1: Disclosure Date | I1: =+'F1. RAB'!$R$1 -> 46318
A2: SCHEDULE TP3: PARTIALLY COMPLETED MAJOR PROJECTS: TIMING | H2: Disclosure Year (year ended) | I2: =CoverSheet!$C$8 -> 46203
A4: ref
A5: =ROW() -> 5 | C5: Updated timing forecasts for partially completed major projects
A6: =ROW() -> 6
A7: =ROW() -> 7 | G7: Forecast commissioning at approval | H7: Current forecast commissioning | I7: Material (1)
A8: =ROW() -> 8 | G8: (date or date range) | H8: (date or date range) | I8: (Y or N)
A9: =ROW() -> 9 | D9: Waikato and Upper North Island Voltage Management Stage 1 | G9: ='F5. Major Capex Projects'!K10 -> Dec 2022 (except for Stage 2 preparatory works) | H9: 2023 to October 2025 for final commission of assets in Stage 1 - except for ongoing investigation costs and preparatory works | I9: Y
D10: Net Zero Grid Pathways Stage 1 | G10: Various with final commissioning June 2028 | H10: Various with final commissioning for build work June 2029. Stage 2 preparatory work cannot be commissioned until Stage 2 is built | I10: Y
D11: Western Bay of Plenty | G11: Various with final commissioning in Dec 2032 | H11: Various with final commissioning in Dec 2032 | I11: N
D12: Redclyffe 220kV Switchyard Resilience | G12: 46722 | H12: 46722 | I12: N
D13: HVDC Link Upgrade Programme Stage 1 | G13: Various with final commissioning December 2031 | H13: Various with final commissioning December 2031 | I13: N
A14: =ROW() -> 14
A15: =ROW() -> 15 | D15: (1) 'Material' has been specified in our Information Disclosure Determination as being greater than 3 months
A16: =ROW() -> 16
A17: =ROW() -> 17
A18: =ROW() -> 18 | D18: Stage 1 - Waikato and Upper North Island Voltage Management (WUNIVM):
A19: =ROW() -> 19 | D19: The WUNIVM investment challenge was complex when considering both prospective generation changes from the Huntly Power Station, and demand growth in the region. Given these uncertainties, the potential for a significant reduction in generation at short notice, and the lead times for investment, Transpower initially decided to proceed with the first phase of the WUNIVM stage 1 proposal in November 2020: one grid stability device at Hamilton with a target commissioning date of winter 2023. This plan reduced risk by addressing voltage stability needs should regional thermal generation reduce, and demand increase as forecast. Transpower needed 30 months to install the equipment. By undertaking construction of the first of two phases of stage one of the project, we could adequately manage risk to electricity supply by winter 2023 and the following one to two years. Prior to committing to the device at Hamilton, we investigated possible non-transmission alternatives to the transmission investment. Given the technical performance requirements of the voltage stability need at Hamilton we were unable to secure a lower-cost option. We then undertook an RFP process for the installation of a non-transmission investment that could potentially defer or replace the need for transmission investment of the second STATCOM at Otahuhu. This evaluation concluded that neither Battery Energy Storage Systems options were economic when compared with the second STATCOM. As a result, the Ōtāhuhu STATCOM remained the preferred solution and was subsequently delivered and commissioned, with the final milestone payment made in FY26. The approved WUNI Stage 1 delivery outputs have now been completed, with both STATCOM installations commissioned and operational. The only remaining activity under the WUNI Stage 1 approval relates to the Stage 2 investigation programme, including preparatory work and development of the WUNI Stage 2 Major Capex Proposal. The WUNI Stage 2 submission is currently expected to be lodged with the Commerce Commission in October 2026. | L19: Commentary consistent with prior year - all build has been commissioned
A20: =ROW() -> 20
A21: =ROW() -> 21 | D21: Net Zero Grid Pathways Stage 1
A22: =ROW() -> 22 | D22: Commissioning dates of a number for works have been extended due to long lead times from suppliers for Statcoms, as well as the requirement of lines work to be extended over an additional summer to accommodate outages and lines service provider resource. | L22: Commentary consistent with prior year - all build has been commissioned
A23: =ROW() -> 23

Sheet TP5. Related party transactions
G1: Transpower | H1: Disclosure Date | I1: =+'F1. RAB'!$R$1 -> 46318
A2: SCHEDULE TP5: RELATED PARTY TRANSACTIONS | H2: Disclosure Year (year ended) | I2: =CoverSheet!$C$8 -> 46203
A4: ref
A5: =ROW() -> 5
A6: =ROW() -> 6 | C6: Transactions with key management personnel
A7: =ROW() -> 7 | C7: The Group did not conduct any business with key management personnel aside from the compensation payments below.
A8: =ROW() -> 8
A9: =ROW() -> 9 | C9: Key management personnel compensation
A10: =ROW() -> 10 | C10: Key management personnel received the following compensation for their services to the Group.
A11: =ROW() -> 11
A12: =ROW() -> 12 | E12: $m
A13: =ROW() -> 13 | C13: Directors' fees | E13: 1
A14: =ROW() -> 14 | C14: Other key management personnel | E14: 7
A15: =ROW() -> 15 | C15: Defined contribution schemes | E15: 0
A16: =ROW() -> 16
A17: =ROW() -> 17 | C17: There were no termination payments to key management personnel in 2026.
A18: =ROW() -> 18 | C18: There was no long-term compensation paid to key management personnel in 2026.
A19: =ROW() -> 19
A20: =ROW() -> 20 | C20: Transactions with other parts of Transpower | E20: $m
A21: =ROW() -> 21 | C21: Risk Reinsurance Limited - claims received | E21: -2.4
C22: Risk Reinsurance Limited - interest received | E22: -0.6
A23: =ROW() -> 23 | C23: Risk Reinsurance Limited - intercompany facility fee received | E23: =0.5 -> 0.5
A24: =ROW() -> 24 | C24: Risk Reinsurance Limited - premiums paid | E24: -29.7
A25: =ROW() -> 25 | C25: Risk Reinsurance Limited - insurance expenses paid | E25: 0.6
A26: =ROW() -> 26
A27: =ROW() -> 27 | C27: Transpower procures insurance services from a captive insurance company, Risk Reinsurance Limited.
A28: =ROW() -> 28 | C28: Note that transactions with Risk Reinsurance Limited (RRL) are valued consistent with IFRS17, following RRL’s adoption of the standard from disclosure year 2024.
A29: =ROW() -> 29
A30: =ROW() -> 30 | C30: Some directors of the company may be directors or officers of other companies or organisations with
A31: =ROW() -> 31 | C31: which Transpower may transact.
A32: =ROW() -> 32
A33: =ROW() -> 33 | C33: All transactions are carried out at on an "arm's length" basis.
A34: =ROW() -> 34

Sheet TP6. Investment contracts
A1: Investment Contracts (new contracts in the disclosure year) | C1: Transpower | E1: Disclosure Date | H1: =+'F1. RAB'!$R$1 -> 46318
A2: under paragraph 10 of the Transpower Information Disclosure Determination 2014 | E2: Disclosure Year (year ended) | H2: =CoverSheet!$C$8 -> 46203
A4: Transmission Works Agreements (TWA) - Investment Contracts signed between 1 July to 30 June | F4: Required from 2026 | H4: Required from 2026
A5: Customer Name | B5: Contract Title | C5: Brief Description | D5: Contract Signed Date | E5: New Investment Contract - Total Capacity (kV) | F5: Anticipatory Connection Asset - ACA Capacity | G5: New Investment Contract Costs (Budget / estimated build costs) | H5: New Investment Contract Costs allocated to ACA | I5: New Investment Contract - Total Capacity (MW)
A6: Tararua Wind Power Limited | B6: Kaiwera Downs Stage 2 Windfarm TDA | C6: Customer-led development of a Grid Injection Point (GIP) substation, approximately 15 km south-east of Gore, in Southland. The location is geographically close to the 220 kV double circuit North Makarewa-Three Mile Hill (NMA-TMH-A) line, that carries the North Makarewa-Gore - Three Mile Hill 1&2 (NMA-GOR-TMH 1&2) circuits. | D6: 45847 | E6: 220 | F6: 0 | G6: 3627861 | H6: 0 | I6: 155
A7: Glorit Solar P LP | B7: Glorit Solar Farm GIP TDA | C7: 150MWac solar farm and Grid Injection Point (GIP) into 220 kV Line HEN-MDN-A, circuit HPI-MDN-1 at Tower A132 with a loop in out configuration at existing tower (A132) by coming off the existing tower with slack spans onto substation gantries. | D7: 46171 | E7: 220 | F7: 0 | G7: 14208390 | H7: 0 | I7: 200
A8: Fonterra Co-operative Group Limited | B8: Whareroa Electrification (Ohangai Sub) TWA | C8: Transpower will construct an interconnecting switching station near Stratford tentatively known as Ohangai, enabling the Customer to connect their Whareroa plant via 110kV connection from the new substation. This will support forecasted electrification projects at the Whareroa site. Part of the intent of the construction of the Works is to provide an additional 80 MVA supply to the Whareroa manufacturing plant via Transpower’s Hawera 110 kV bus. | D8: 45848 | E8: 110 | F8: 0 | G8: 15689464 | H8: 0 | I8: 80
A9: Meridian Energy Limited | B9: Aviemore Outdoor Junction Box TWA | C9: Transpower is undertaking Policy Replacement of the 220 kV Bus Zone at Aviemore Power Station (AVI) which has reached end of life and Outdoor Junction Box (ODJB) based on their age and condition. Meridian has asked Transpower to replace four ODJBs. | D9: 23/07/2025 | E9: N/A | F9: 0 | G9: 415693 | H9: 0 | I9: 0
A10: Genesis Energy Limited | B10: Huntly BESS TWA | C10: Facilitate the connection of Genesis Energy’s 100MW BESS system, though the reinstatement of bus selector disconnector DS444 and transverse bus connections onto the 220kV ‘B’ bus. | D10: 31/07/2025 | E10: 220 | F10: 0 | G10: 548000 | H10: 0 | I10: 100
A11: Contact Energy Limited | B11: Te Mihi Stage II TWA | C11: Enabling the connection of Contact Energy’s new 100MWgeothermal generator, through the construction of a new 220kV line bay at the existing Te Mihi site. | D11: 31/07/2025 | E11: 220 | F11: 0 | G11: 2582805 | H11: 0 | I11: 190
A12: Network Tasman Limited | B12: Brightwater GXP TWA | C12: Network Tasman has engaged Transpower to deliver a new 220/33 kV GXP on the STK-KIK-A line, utilising Transpower’s standard design for 220/33 kV substations and a loop-in-loop-out arrangement. This GXP will support future load demand within Network Tasman’s network and increase resilience of supply within the area. | D12: 26/09/2025 | E12: 220 | F12: 0 | G12: 41951013 | H12: 0 | I12: 60
A13: Harmony Energy NZ #2 Limited | B13: Masterton Solar Farm (Harmony) TWA | C13: The Customer is developing a 100 MW solar farm and Battery Energy Storage System (BESS) on land adjacent to the MST substation. The Customer has approached Transpower to connect their solar farm to the grid at 110 kV. | D13: 14/10/2025 | E13: 110 | F13: 0 | G13: 6256452 | H13: 0 | I13: 100
A14: Top Energy Limited | B14: KOE-MPE 110kV Runback SPS TWA | C14: The customer has requested the expedited implementation of a Circuit Overload Protection Scheme (COPS) until the end of 2025. This runback scheme will enable increased generationdispatch capability for generation in the Far North. | D14: 23/10/2025 | E14: 110 | F14: 0 | G14: 204000 | H14: 0 | I14: 50
A15: Vector Limited | B15: Takanini 1x 33kV Feeder TWA | C15: Vector have requested one new indoor 33 kV feeder at Transpower’s Takanini (TAK) Grid Exit Point (GXP) substation. This feeder is for Vector to further supply their zone substation. | D15: 4/11/2025 | E15: 33 | F15: 0 | G15: 550237.87 | H15: 0 | I15: 0
A16: Horizon Energy Distribution Limited | B16: Edgecumbe Capacity Increase TWA | C16: The scope of the Transpower project is to install a new Transformer Overload Protection Scheme (TOPS) to manage loading on the existing Edgecumbe 220/33 kV transformers (T4 and T7) supplying the new Customer 33/11 kV dairy factory substation. | D16: 3/12/2025 | E16: 33 | F16: 0 | G16: 533058 | H16: 0 | I16: 30
A17: Waka Kotahi New Zealand Transport Agency | B17: C2P Project Stage 1 (Online) HIN-KPO-A TWA | C17: Line relocation to accommodate Waka Kotahi's Cambridge to Piarere (C2P) roading project. Stage One intersects HIN-KPO-A, ARI-HAM-A, HAM-KPO-A line spans. This TWA covers the mitigation work on HIN-KPO-A line only. | D17: 17/12/2025 | E17: N/A | F17: 0 | G17: 3137000 | H17: 0 | I17: 0
A18: Vector Limited | B18: Henderson 1x 33kV Feeder (Microsoft) TWA | C18: Design and install one new 33 kV feeder at Transpower’s Henderson (HEN) Grid Exit Point (GXP) substation for Vector. This feeder will supply a new Microsoft data centre. | D18: 22/12/2025 | E18: 33 | F18: 0 | G18: 753900 | H18: 0 | I18: 20
A19: Helios Energy Limited | B19: Waipawa Solar Farm TWA | C19: Building connection assets to enable the connection of Helios’s Ongaonga Solar Farm onto the the WPW 110kV bus. | D19: 22/12/2025 | E19: 110 | F19: 0 | G19: 4367704.7 | H19: 0 | I19: 100
A20: Vector Limited | B20: Takanini 2x 33kV Feeders (TenPeaks/Spark) TWA | C20: Vector have requested two new indoor 33 kV feeders at Transpower’s Takanini (TAK) Grid Exit Point (GXP) substation for Vector. These feeders are for Vector to supply their new Data Centre Customer Spark. | D20: 22/12/2025 | E20: 33 | F20: 0 | G20: 956900 | H20: 0 | I20: 30
A21: Harmony Energy NZ #3 Limited | B21: Marton Solar Farm (Harmony) TWA | C21: The Customer is developing a 50 MW solar farm and Battery Energy Storage System (BESS) on land adjacent to the MTN substation. The Customer has approached Transpower to connect their solar farm to the grid at 110 kV. | D21: 23/12/2025 | E21: 110 | F21: 0 | G21: 7775518 | H21: 0 | I21: 50
A22: MainPower New Zealand Limited | B22: ASY 66kV Coldstream Feeder TWA | C22: MainPower wish to radially connect a new zone substation at Coldstream to the Ashley 66kV bus. | D22: 23/12/2025 | E22: 66 | F22: 0 | G22: 3154631 | H22: 0 | I22: 0
A23: Vector Limited | B23: Silverdale 2x 33kV Feeders (CDC) TWA | C23: Building two new 33kV feeders at Transpower’s Silverdale (SVL), including switchroom upgrades to supply Vector’s data centre customers. | D23: 19/03/2026 | E23: 33 | F23: 0 | G23: 2583000 | H23: 0 | I23: 30
A24: Alpine Energy Limited | B24: TIM 33kV GXP Upgrade TWA | C24: Installation of two new 120 MVA 220/33 kV supply transformers at TIM substation to address load growth in Washdyke.Installation of two new 120 MVA 220/33 kV supply transformers and supporting power electronics/switchgear at TIM substation to address load growth in the Washdyke area. | D24: 30/03/2026 | E24: 110 | F24: 0 | G24: 44116600 | H24: 0 | I24: 40
A25: Helios Energy Limited | B25: Karioi Solar Farm (Tangiwai Solar + BESS) TWA | C25: Building connection assets to the enable the connection of Helios’ 110MW solar farm onto the TNG 220kV ‘B’ bus. | D25: 23/04/2026 | E25: 220 | F25: 0 | G25: 4007451.3 | H25: 0 | I25: 110
A26: Waka Kotahi New Zealand Transport Agency | B26: Mill Road TWA | C26: The existing Transpower Tower 195 on the Huntly-Otahuhu A (HLY-OTA-A) 220 kV transmission line is located within the proposed road designation of the NZTA Mill Road upgrade and must be removed and a new tower (Tower 195A) built outside the road reserve to enable the roading works to proceed. | D26: 12/05/2026 | E26: N/A | F26: 0 | G26: 2690058 | H26: 0 | I26: 0
A27: Waka Kotahi New Zealand Transport Agency | B27: C2P Project Stage 1 (Online) ARI-HAM-A & HAM-KPO-A TWA | C27: Line relocation to accommodate Waka Kotahi's Cambridge to Piarere (C2P) roading project. Stage One intersects HIN-KPO-A, ARI-HAM-A, HAM-KPO-A line spans. This TWA covers the mitigation work on ARI-HAM-A and HAM-KPO-A lines. | D27: 12/06/2026 | E27: N/A | F27: 0 | G27: 2809534 | H27: 0 | I27: 0
A28: Kahahakuri Limited | B28: Waipawa Solar Farm TWA | C28: The customer plans to develop a 100 MW solar farm adjacent to the Transpower, Waipawa substation. There will be a 110/33 kV substation within the solar farm site and a single-circuit 110 kV line connecting it to the Waipawa substation. | D28: 30/06/2026 | E28: 110 | F28: 0 | G28: 6441000 | H28: 0 | I28: 100
A29: NOTE: PPAs are not included in investment contracts as these agreements are for materials and not the provision of electricity transmission services | F29: =SUM(F5:F27) -> 0 | G29: =SUM(G5:G27) -> 1.6291927e+08 | H29: 0 | I29: =SUM(I5:I27) -> 1345
A30: NOTE: The kilovolt (kV) figures in column E are not cumulative and refers to the maximum voltage that a transmission line can carry. For new/added capacity in megawatts (MW), please see column I.

Sheet G1. System Statistics 
G1: Transpower | I1: Disclosure Date | K1: =+'F1. RAB'!$R$1 -> 46318
A2: SCHEDULE G1: TRANSMISSION SYSTEM STATISTICS | I2: Disclosure Year (year ended) | K2: =CoverSheet!$C$8 -> 46203
A4: ref
A5: =ROW() -> 5 | C5: G1(i): Circuit Information | E5: Transmission System Statistics
A6: =ROW() -> 6
A7: =ROW() -> 7 | E7: System length by operating voltage (kV) | G7: CY-1 (km) | H7: CY (km)
A8: =ROW() -> 8 | E8: Total | G8: =SUM(G9:G13) -> 16525.93 | H8: =SUM(H9:H13) -> 16538.25
A9: =ROW() -> 9 | E9: 350kV (HVDC) | G9: 1262.97 | H9: 1262.97
A10: =ROW() -> 10 | E10: 0 kV (HVDC earth electrode) | G10: 12.05 | H10: 12.05
A11: =ROW() -> 11 | E11: 220kV (HVAC) | G11: 9114.65 | H11: 9122.44
A12: =ROW() -> 12 | E12: 110kV (HVAC) | G12: 5490.35 | H12: 5494.88
A13: =ROW() -> 13 | E13: 66/50kV (HVAC) (Includes leased assets) | G13: 645.91 | H13: 645.91
A14: =ROW() -> 14
A15: =ROW() -> 15 | E15: Circuit length of overhead electric lines by operating voltage (kV)
A16: =ROW() -> 16 | E16: Total | G16: =SUM(G17:G21) -> 16316.09 | H16: =SUM(H17:H21) -> 16328.93
A17: =ROW() -> 17 | E17: 350kV (HVDC) | G17: 1142.34 | H17: 1142.34
A18: =ROW() -> 18 | E18: 0 kV (HVDC earth electrode) | G18: 12.05 | H18: 12.05
A19: =ROW() -> 19 | E19: 220kV (HVAC) | G19: 9049.56 | H19: 9057.87
A20: =ROW() -> 20 | E20: 110kV (HVAC) | G20: 5469.04 | H20: 5473.57
A21: =ROW() -> 21 | E21: 66/50kV (HVAC) (includes leased assets) | G21: 643.1 | H21: 643.1
A23: =ROW() -> 23 | E23: Route length of overhead electric lines by operating voltage (kV)
A24: =ROW() -> 24 | E24: Total | G24: =SUM(G25:G29) -> 10906.17 | H24: =SUM(H25:H29) -> 10917.18
A25: =ROW() -> 25 | E25: 350kV (HVDC) | G25: 571.17 | H25: 571.17
A26: =ROW() -> 26 | E26: 0 kV (HVDC earth electrode) | G26: 12.05 | H26: 12.05
A27: =ROW() -> 27 | E27: 220kV (HVAC) | G27: 5919.25 | H27: 5924.3
A28: =ROW() -> 28 | E28: 110kV (HVAC) | G28: 4075.07 | H28: 4081.03
A29: =ROW() -> 29 | E29: 66/50kV (HVAC) (includes leased assets) | G29: 328.63 | H29: 328.63
A31: =ROW() -> 31 | E31: Circuit length of HVAC underground transmission cable by operating voltage (kV)
A32: =ROW() -> 32 | E32: Total | G32: =SUM(G33:G36) -> 89.21 | H32: =SUM(H33:H36) -> 88.69
A33: =ROW() -> 33 | E33: 350kV (HVDC) | G33: 0 | H33: 0
A34: =ROW() -> 34 | E34: 220kV (HVAC) | G34: 65.09 | H34: 64.57
A35: =ROW() -> 35 | E35: 110kV (HVAC) | G35: 21.31 | H35: 21.31
A36: =ROW() -> 36 | E36: 66kV (HVAC) | G36: 2.81 | H36: 2.81
A38: =ROW() -> 38 | E38: Total length of HVDC submarine cable by operating voltage (kV)
A39: =ROW() -> 39 | E39: Total | G39: =G40 -> 120.63 | H39: =H40 -> 120.63
A40: =ROW() -> 40 | E40: 350kV (HVDC) | G40: 120.63 | H40: 120.63
A41: =ROW() -> 41
A42: =ROW() -> 42 | G42: CY-1 (Quantity) | H42: CY (Quantity)
A43: =ROW() -> 43 | E43: HVAC Substation/Switching Station | G43: 173 | H43: 174
A44: =ROW() -> 44 | E44: HVDC Convertor stations | G44: 2 | H44: 2
A45: =ROW() -> 45 | E45: HVDC Electrode stations | G45: 2 | H45: 2
A46: =ROW() -> 46 | E46: HVDC Cable transition stations | G46: 2 | H46: 2
A47: =ROW() -> 47 | E47: HVAC Cable transition stations | G47: 15 | H47: 15
A48: =ROW() -> 48 | E48: Interconnecting Transformer Banks ( 66 kV and above) | G48: 56 | H48: 56
A49: =ROW() -> 49 | E49: Supply Transformer Banks ( 66 kV and above) | G49: 246 | H49: 247
A50: =ROW() -> 50 | E50: Dynamic Reactive power Static (SVCs and STATCOMs) | G50: 11 | H50: 11
A51: =ROW() -> 51 | E51: Dynamic Reactive power Synchronous Condensers | G51: 8 | H51: 8
A52: =ROW() -> 52 | E52: Capacitor Banks (HVAC System) | G52: 61 | H52: 61
A53: =ROW() -> 53 | E53: AC filter Banks (HVDC) | G53: 14 | H53: 14
A54: =ROW() -> 54 | E54: Series and Shunt reactors | G54: 134 | H54: 134
... A58: =ROW() -> 58 | E58: Indoor Circuit Breakers (33,22,11kV) | G58: 1083 | H58: 1100
A59: =ROW() -> 59

Sheet G2. Grid Demand and Injection
I1: Transpower | K1: Disclosure Date | M1: =+'F1. RAB'!$R$1 -> 46318
A2: SCHEDULE G2: GRID DEMAND AND INJECTION | K2: Disclosure Year (year ended) | M2: =CoverSheet!$C$8 -> 46203
A4: ref
A5: =ROW() -> 5 | C5: G2(i): Demand and Injection
A6: =ROW() -> 6 | G6: CY-4 | H6: CY-3 | I6: CY-2 | J6: CY-1 | K6: CY
A7: =ROW() -> 7 | D7: Energy Volume (GWh) | G7: (GWh) | H7: (GWh) | I7: (GWh) | J7: (GWh) | K7: (GWh)
A8: =ROW() -> 8 | E8: Generators (Injection) | G8: 37621.263 | H8: 37945.855 | I8: 38372.64 | J8: 37143.1 | K8: 38080.695
A9: =ROW() -> 9 | E9: GXP-EDBs (offtake) | G9: 30875.858 | H9: 31115.533 | I9: 32002.875 | J9: 31521.74 | K9: 31528.961
A10: =ROW() -> 10 | E10: GXP-direct connects (Offtake) | G10: 6698.3162 | H10: 6541.4076 | I10: 6342.2661 | J10: 5563.82 | K10: 6547.8265
A11: =ROW() -> 11 | E11: HVDC flows north | G11: 3206.1183 | H11: 3445.7202 | I11: 2324.3044 | J11: 2017.41 | K11: 2655.9161
A12: =ROW() -> 12 | E12: HVDC flows south | G12: 171.27827 | H12: 208.46492 | I12: 380.48342 | J12: 745.26 | K12: 311.43829
A13: =ROW() -> 13 | E13: HVDC Losses | G13: 122.2175 | H13: 136.85365 | I13: 90.300749 | J13: 95.94 | K13: 104.18951
A14: =ROW() -> 14 | E14: AC System Losses | G14: 1314.0607 | H14: 1361.8535 | I14: 1240.9011 | J14: 1311.68 | K14: 1366.5558
A15: =ROW() -> 15
G16: CY-4 | H16: CY-3 | I16: CY-2 | J16: CY-1 | K16: CY
A17: =ROW() -> 17 | D17: Maximum peak demand (MW) | G17: (MW) | H17: (MW) | I17: (MW) | J17: (MW) | K17: (MW)
A18: =ROW() -> 18 | E18: Generators (Injection) | G18: 6741.6326 | H18: 6674.0215 | I18: 6864.13 | J18: 6632.69 | K18: 6888.3
A19: =ROW() -> 19 | E19: GXP-EDBs (offtake) | G19: 5924.438 | H19: 5764.7683 | I19: 5965.03 | J19: 5834.4 | K19: 6014.48
A20: =ROW() -> 20 | E20: GXP-direct connects (Offtake) | G20: 833.34399 | H20: 821.05551 | I20: 788.65 | J20: 742.99 | K20: 918.51
A21: =ROW() -> 21 | E21: HVDC flows north | G21: 1025.16 | H21: 1108.9106 | I21: 932.38 | J21: 999.78 | K21: 943.39
A22: =ROW() -> 22 | E22: HVDC flows south | G22: 542.04453 | H22: 687.39492 | I22: 578.5 | J22: 765.93 | K22: 620.01
A23: =ROW() -> 23 | E23: HVDC Losses | G23: 57.425484 | H23: 66.096031 | I23: 46.84 | J23: 55.16 | K23: 48.84
A24: =ROW() -> 24 | E24: AC System Losses | G24: 286.0115 | H24: 281.12474 | I24: 264.12 | J24: 268 | K24: 277.06
A25: =ROW() -> 25
A26: =ROW() -> 26

Sheet G3. GXP Capacity and Demand
M1: Transpower | O1: Disclosure Date | Q1: =+'F1. RAB'!$R$1 -> 46318
A2: SCHEDULE G3: GRID EXIT POINT (GXP) CONNECTION CAPACITY AND DEMAND (ACTUAL AND FORECAST) | O2: Disclosure Year (year ended) | Q2: =CoverSheet!$C$8 -> 46203
A3: Disclosure of line items required and not required from disclosure year 2026 onward are specified in column U.
A4: ref
A5: =ROW() -> 5 | C5: G3(i): Current Connection Capacity vs Actual and Forecast Demand
A6: =ROW() -> 6
A7: =ROW() -> 7 | E7: Firm Capacity | F7: Actual Demand (MW) | G7: Forecast Net Demand (MW)
A8: =ROW() -> 8 | D8: GXP Name / Region Name | E8: CY | F8: CY | G8: CY+1 | H8: CY+2 | I8: CY+3 | J8: CY+4 | K8: CY+5 | L8: CY+6 | M8: CY+7 | N8: CY+8 | O8: CY+9 | P8: CY+10 | Q8: Comments on Capacity
A9: =ROW() -> 9 | D9: Bream Bay | E9: Yes | F9: 35.969334 | G9: 23 | H9: 24 | I9: 25 | J9: 26 | K9: 26 | L9: 26 | M9: 27 | N9: 27 | O9: 27 | P9: 27 | Q9: No issues.
A10: =ROW() -> 10 | D10: Kaikohe | E10: Yes | F10: 72.005714 | G10: 60.185639 | H10: 62.330412 | I10: 64.073038 | J10: 65.943969 | K10: 68.152998 | L10: 70.103814 | M10: 72.180172 | N10: 74.201757 | O10: 76.133144 | P10: 77.756613 | Q10: The TPR reports the gross demand forecast instead of net, excluding contribution from embedded generation. Ngawha has multiple generating units and without the largest of these (Ngawha B), forecast peak load is above the n 1 limit from 2033.
A11: =ROW() -> 11 | D11: Maungatapere | E11: N/A | F11: 112.79125 | G11: 122 | H11: 123 | I11: 124 | J11: 125 | K11: 126 | L11: 127 | M11: 128 | N11: 128 | O11: 129 | P11: 129 | Q11: Northpower owns the supply transformers at Maungatapere.
A12: =ROW() -> 12 | D12: Maungaturoto | E12: Yes | F12: 24.819002 | G12: 25 | H12: 26 | I12: 27 | J12: 27 | K12: 28 | L12: 29 | M12: 30 | N12: 30 | O12: 31 | P12: 31 | Q12: Peak load at Maungaturoto exceeds the n 1 capacity of the supply transformers from 2033
A13: =ROW() -> 13 | D13: Wellsford | E13: No | F13: 39.061905 | G13: 45 | H13: 46 | I13: 47 | J13: 50 | K13: 52 | L13: 54 | M13: 55 | N13: 58 | O13: 60 | P13: 62 | Q13: Peak load at Wellsford already exceeds the n-1 capacity of the supply transformers.
A14: =ROW() -> 14 | D14: Albany 33 kV | E14: Yes | F14: 131.73529 | G14: 178 | H14: 184 | I14: 189 | J14: 196 | K14: 204 | L14: 211 | M14: 218 | N14: 226 | O14: 235 | P14: 241 | Q14: Peak load at Albany is forecast to exceed the n 1 capacity of the supply transformers from winter 2034. Significant new load increases are forecast across the Auckland grid exit points of Henderson, Silverdale, Albany 33 kV, Takanini and Auckland CBD (including Hobson Street and Liverpool Street), with a large share from data centres.
A15: =ROW() -> 15 | D15: Bombay 33 kV | E15: N/A | F15: 0 | G15: 0 | H15: 0 | I15: 0 | J15: 0 | K15: 0 | L15: 0 | M15: 0 | N15: 0 | O15: 0 | P15: 0 | Q15: Counties Energy has constructed a new zone substation supplied from Bombay 110 kV bus and has relinquished Bombay 33 kV Grid Exit Point.
A16: =ROW() -> 16 | D16: Bombay 110 kV | E16: Yes | F16: 98.94101 | G16: 115 | H16: 120 | I16: 125 | J16: 129 | K16: 134 | L16: 139 | M16: 143 | N16: 148 | O16: 153 | P16: 156 | Q16: No issues.
A17: =ROW() -> 17 | D17: Glenbrook 33 kV (clean bus) | E17: No | F17: 60.099998 | G17: 30 | H17: 32 | I17: 33 | J17: 34 | K17: 35 | L17: 36 | M17: 37 | N17: 38 | O17: 38 | P17: 39 | Q17: No capacity issues. The Glenbrook clean bus is supplied by a single 220/33 kV, 140 MVA transformer. The TPR reports the gross demand forecast instead of net, excluding contribution from embedded generation.
A18: =ROW() -> 18 | D18: Glenbrook - NZ Steel (dirty bus) | E18: No | F18: 131.67999 | G18: 133 | H18: 133 | I18: 133 | J18: 133 | K18: 133 | L18: 133 | M18: 133 | N18: 133 | O18: 133 | P18: 133 | Q18: Peak load at the Glenbrook dirty bus already exceeds the n-1 capacity of the supply transformers. Capacity is limited by equipment other than the supply transformer(s) NZ Steel has advised 12 MW load increase from addition of an electric arc furnace in 2026.
A19: =ROW() -> 19 | D19: Henderson | E19: Yes | F19: 139.14999 | G19: 169 | H19: 181 | I19: 193 | J19: 207 | K19: 222 | L19: 236 | M19: 250 | N19: 265 | O19: 280 | P19: 295 | Q19: Peak load at Henderson is forecast to exceed the n 1 capacity of the supply transformers from winter 2026 and the n capacity from winter 2033. Capacity is limited by equipment other than the supply transformer(s) Significant new load increases are forecast across the Auckland grid exit points of Henderson, Silverdale, Albany 33 kV, Takanini and Auckland CBD (including Hobson Street and Liverpool Street), with a large share from data centres.
A20: =ROW() -> 20 | D20: Hepburn Rd | E20: Yes | F20: 144.89999 | G20: 167 | H20: 174 | I20: 180 | J20: 185 | K20: 189 | L20: 194 | M20: 198 | N20: 202 | O20: 207 | P20: 212 | Q20: No issues. Vector has advised significant new load increase at Hepburn Road, with a large share from EV uptake.
... A61: =ROW() -> 61 | D61: Matahina | E61: Yes | F61: 13.965 | G61: -2.7585937 | H61: -2.657471 | I61: -2.5751646 | J61: -2.4866443 | K61: -2.3942426 | L61: -2.3101471 | M61: -2.2447597 | N61: -2.1827618 | O61: -2.1259625 | P61: -2.0764775 | Q61: No issues. This load is supplied by transformers owned by Pioneer Energy and located at Aniwhenua. The TPR reports the gross demand forecast instead of net, excluding contribution from embedded generation
A62: =ROW() -> 62 | D62: Mt Maunganui 33 kV | E62: Yes | F62: 64.199997 | G62: 66 | H62: 68 | I62: 73 | J62: 77 | K62: 78 | L62: 80 | M62: 82 | N62: 66 | O62: 67 | P62: 72 | Q62: No issues. Powerco advised the following load shifts from Mount Maunganui 33 kV to Te Matai: 2.3 MW in 2027 and 15 MW in 2034.
A63: =ROW() -> 63 | D63: Owhata | E63: Yes | F63: 13.811765 | G63: 16 | H63: 16 | I63: 16 | J63: 16 | K63: 17 | L63: 17 | M63: 17 | N63: 17 | O63: 17 | P63: 17 | Q63: No issues.
A64: =ROW() -> 64 | D64: Rotorua 11 kV | E64: Yes | F64: 27.475 | G64: 30 | H64: 30 | I64: 30 | J64: 31 | K64: 31 | L64: 31 | M64: 32 | N64: 32 | O64: 32 | P64: 32 | Q64: No issues.
A65: =ROW() -> 65 | D65: Rotorua 33 kV | E65: Yes | F65: 48.854546 | G65: 53 | H65: 54 | I65: 55 | J65: 56 | K65: 57 | L65: 57 | M65: 58 | N65: 58 | O65: 58 | P65: 59 | Q65: No issues.
A66: =ROW() -> 66 | D66: Tarukenga 11 kV | E66: No | F66: 8.6789303 | G66: 10 | H66: 11 | I66: 11 | J66: 12 | K66: 12 | L66: 12 | M66: 12 | N66: 12 | O66: 13 | P66: 13 | Q66: No capacity issues. A single 110/11 kV, 20 MVA supply transformer supplies the Tarukenga grid exit point resulting in n security.
A67: =ROW() -> 67 | D67: Tauranga 11 kV | E67: Yes | F67: 23.92 | G67: 27 | H67: 28 | I67: 28 | J67: 31 | K67: 32 | L67: 33 | M67: 33 | N67: 34 | O67: 35 | P67: 36 | Q67: Peak load at Tauranga 11 kV is forecast to exceed the n-1 capacity of the supply transformers from 2039 .
A68: =ROW() -> 68 | D68: Tauranga 33 kV | E68: Yes | F68: 86.5 | G68: 74 | H68: 79 | I68: 82 | J68: 116 | K68: 120 | L68: 124 | M68: 127 | N68: 132 | O68: 135 | P68: 138 | Q68: Peak load at Tauranga 33 kV is forecast to exceed the n-1 capacity of the supply transformers from winter 2030 if Kaimai generation is low (14 MW) and from 2032 if Kaimai generation is medium (33 MW) . Powerco advised an 18 MW load shift from Kaitemako to Tauranga 33 kV in 2030. Several major commercial, industrial and residential load increases are expected in the Tauriko area, which will be supplied from Tauranga 33 kV.
A69: =ROW() -> 69 | D69: Te Matai | E69: Yes | F69: 53.5 | G69: 66 | H69: 71 | I69: 74 | J69: 84 | K69: 90 | L69: 103 | M69: 105 | N69: 125 | O69: 130 | P69: 132 | Q69: The Te Matai load is forecast to exceed the n-1 capacity of T2 from winter 2026, n-1 capacity of T1 from winter 2031 and the n capacity of T1 from winter 2033. Powerco advised the following load shifts from Mount Maunganui 33 kV to Te Matai: 2.3 MW in 2027 and 15 MW in 2034.
A70: =ROW() -> 70 | D70: Waiotahe | E70: Yes | F70: 18.029167 | G70: 14 | H70: 14 | I70: 14 | J70: 15 | K70: 15 | L70: 15 | M70: 16 | N70: 16 | O70: 16 | P70: 17 | Q70: No issues. Waiotahe currently comprises of 11 kV, and 33 kV load supplied through two 110/33/11 kV transformers. There is a project underway to transfer the Waiotahe 11 kV load supply to 33 kV, scheduled for completion in early 2027.
A71: =ROW() -> 71 | D71: Waiotahe 50 kV | E71: No | F71: 1.6999999 | G71: 0 | H71: 0 | I71: 0 | J71: 0 | K71: 0 | L71: 0 | M71: 0 | N71: 0 | O71: 0 | P71: 0 | Q71: Horizon has recently upgraded their network (late 2025) and consilidated their 50 kV load to 33 kV, at "Waiotahe". The 50 kV load was previously supplied by a single 11/50 kV, 3 MVA transformer, resulting in n security.
A72: =ROW() -> 72 | D72: Bunnythorpe 33 kV | E72: Yes | F72: 84.743332 | G72: 82 | H72: 85 | I72: 85 | J72: 87 | K72: 88 | L72: 94 | M72: 95 | N72: 95 | O72: 97 | P72: 97 | Q72: No issues. Powerco has advised a 1 MW load shift from Bunnythorpe to Linton in 2027.
A73: =ROW() -> 73 | D73: Bunnythorpe - NZR | E73: Yes | F73: 9.6499996 | G73: 6 | H73: 6 | I73: 6 | J73: 6 | K73: 6 | L73: 6 | M73: 6 | N73: 6 | O73: 6 | P73: 6 | Q73: No issues. Two 220/55 kV traction transformers at Bunnythorpe supply the KiwiRail North Island Main Trunk railway line. The two transformers are operated normally split, each providing n security to a portion of the railway line. The average transformer loading is low, with high levels of peak load occurring for only a few minutes at a time. Therefore, we do not assess the capacity of traction transformers in the TPR.
A74: =ROW() -> 74 | D74: Dannevirke | E74: Yes | F74: 13.9 | G74: 17 | H74: 21 | I74: 22 | J74: 22 | K74: 23 | L74: 23 | M74: 24 | N74: 24 | O74: 24 | P74: 25 | Q74: Peak load at Dannevirke is forecast to exceed the n-1 capacity of the supply transformers from winter 2031. Capacity is limited by equipment other than the supply transformer(s).
A75: =ROW() -> 75 | D75: Linton | E75: Yes | F75: 73.930771 | G75: 86 | H75: 92 | I75: 95 | J75: 103 | K75: 105 | L75: 107 | M75: 108 | N75: 109 | O75: 111 | P75: 111 | Q75: Peak load at Linton is forecast to exceed the n-1 capacity of the supply transformers from winter 2030. Capacity is limited by equipment other than the supply transformer(s). Powerco has advised a 1 MW load shift from Bunnythorpe to Linton in 2027.
A76: =ROW() -> 76 | D76: Mangahao | E76: No | F76: 47.945648 | G76: 46 | H76: 48 | I76: 49 | J76: 51 | K76: 52 | L76: 53 | M76: 54 | N76: 55 | O76: 57 | P76: 57 | Q76: Peak load at Mangahao already exceeds the n-1 capacity of the supply transformers when Mangahao power station is not generating.
A77: =ROW() -> 77 | D77: Mangamaire | E77: Yes | F77: 14.599999 | G77: 15 | H77: 16 | I77: 16 | J77: 16 | K77: 16 | L77: 16 | M77: 16 | N77: 16 | O77: 16 | P77: 17 | Q77: No issues.
A78: =ROW() -> 78 | D78: Mataroa | E78: No | F78: 6.5999999 | G78: 7 | H78: 7 | I78: 7 | J78: 8 | K78: 8 | L78: 8 | M78: 8 | N78: 8 | O78: 8 | P78: 8 | Q78: No capacity issues. The load at Mataroa is supplied by a single 110/33 kV, 26 MVA supply transformer comprising three single-phase units, resulting in n security.
A79: =ROW() -> 79 | D79: National Park | E79: No | F79: 5.6111107 | G79: 5 | H79: 5 | I79: 5 | J79: 5 | K79: 5 | L79: 6 | M79: 6 | N79: 6 | O79: 6 | P79: 6 | Q79: No capacity issues. The load at National Park is supplied through a single Ohakune–National Park–Ongarue 110 kV circuit and a single 110/33 kV, 15 MVA supply transformer, resulting in n security.
A80: =ROW() -> 80 | D80: Ohakune | E80: No | F80: 8.1999998 | G80: 10 | H80: 10 | I80: 10 | J80: 10 | K80: 11 | L80: 11 | M80: 11 | N80: 11 | O80: 12 | P80: 12 | Q80: No capacity issues. The load at Ohakune is supplied by a single 110/11 kV, 20 MVA supply transformer, resulting in n security.
A81: =ROW() -> 81 | D81: Ongarue | E81: No | F81: 9.7583332 | G81: 10 | H81: 10 | I81: 10 | J81: 10 | K81: 10 | L81: 11 | M81: 11 | N81: 11 | O81: 12 | P81: 12 | Q81: No capacity issues. The load at Ongarue is supplied by a single 110/33 kV, 20 MVA supply transformer comprising three single-phase units, resulting in n security.
... A123: =ROW() -> 123 | D123: Blenheim | E123: Yes | F123: 72.211113 | G123: 85 | H123: 91 | I123: 93 | J123: 96 | K123: 97 | L123: 99 | M123: 100 | N123: 101 | O123: 102 | P123: 102 | Q123: No issues. Marlborough Lines advised ~10 MW of industrial load increase between 2026 and 2029.
A124: =ROW() -> 124 | D124: Brightwater | E124: N/A | F124: N/A | G124: 0.8 | H124: 32 | I124: 33 | J124: 33 | K124: 34 | L124: 35 | M124: 36 | N124: 37 | O124: 38 | P124: 39 | Q124: Nework Tasman requested a new 220/33 kV Brightwater GXP to offload their Stoke 33 kV network. From 2028, the new Brightwater GXP is expected to be live. Network Tasman has advised 29 MW load shift from Stoke 33 kV to Brightwater in 2028.
A125: =ROW() -> 125 | D125: Kikiwa | E125: No | F125: 3.2437499 | G125: 5 | H125: 5 | I125: 5 | J125: 5 | K125: 5 | L125: 5 | M125: 5 | N125: 5 | O125: 6 | P125: 6 | Q125: No issues. The Kikiwa load is normally supplied from the 11 kV tertiary winding of the Kikiwa–T1 interconnecting transformer, normally energised from the 220 kV side only and with the 110 kV side open. There is a backup supply from the T2 interconnecting transformer. Transferring the load between T1 and T2 requires a short interruption to the load.
A126: =ROW() -> 126 | D126: Stoke 33 kV | E126: Yes | F126: 139.36249 | G126: 144 | H126: 116 | I126: 117 | J126: 119 | K126: 121 | L126: 122 | M126: 123 | N126: 128 | O126: 129 | P126: 129 | Q126: Peak load at Stoke 33 kV is forecast to exceed the n-1 capacity of the supply transformers during winter 2026 and 2027 . Capacity is limited by equipment other than the supply transformer(s). Network Tasman has advised 29 MW load shift from Stoke 33 kV to Brightwater in 2028. Stoke 33 kV load includes supply to the Network Tasman and Nelson Electricity networks.
A127: =ROW() -> 127 | D127: Stoke 66 kV | E127: Yes | F127: 49.69923 | G127: 14.313145 | H127: 15.0229 | I127: 19.903398 | J127: 20.584742 | K127: 21.302129 | L127: 21.904856 | M127: 22.48121 | N127: 22.991667 | O127: 23.435316 | P127: 23.745588 | Q127: Peak load at Stoke 66 kV is forecast to exceed the n-1 branch capacity of the supply transformers from winter 2034, with no generation from Cobb. The TPR reports the gross demand forecast instead of net, excluding contribution from embedded generation
A128: =ROW() -> 128 | D128: Arthur's Pass | E128: No | F128: 2.6736 | G128: 0.3 | H128: 0.3 | I128: 0.3 | J128: 0.3 | K128: 0.3 | L128: 0.3 | M128: 0.3 | N128: 0.4 | O128: 0.4 | P128: 0.4 | Q128: No capacity issues. A single 66/11 kV, 3 MVA transformer supplies load at Arthur’s Pass, resulting in n security.
A129: =ROW() -> 129 | D129: Atarau | E129: N/A | F129: 0 | G129: 0 | H129: 0 | I129: 0 | J129: 0 | K129: 0 | L129: 0 | M129: 0 | N129: 0 | O129: 0 | P129: 0 | Q129: Atarau grid exit point was decommissioned on June 2023. The substation was dismantled in 2025.
A130: =ROW() -> 130 | D130: Castle Hill | E130: No | F130: 0.59999996 | G130: 0.7 | H130: 0.7 | I130: 0.7 | J130: 0.8 | K130: 0.8 | L130: 0.8 | M130: 0.8 | N130: 0.9 | O130: 0.9 | P130: 0.9 | Q130: No capacity issues. A single 66/11 kV, 3.8 MVA transformer supplies load at Castle Hill, resulting in n security.
A131: =ROW() -> 131 | D131: Dobson | E131: Yes | F131: 8.8999996 | G131: 14 | H131: 14 | I131: 14 | J131: 15 | K131: 15 | L131: 15 | M131: 15 | N131: 16 | O131: 16 | P131: 16 | Q131: No issues.
A132: =ROW() -> 132 | D132: Greymouth | E132: N/A | F132: 13.166376 | G132: 15 | H132: 15 | I132: 15 | J132: 16 | K132: 16 | L132: 17 | M132: 17 | N132: 17 | O132: 18 | P132: 18 | Q132: Westpower owns the supply transformers at Greymouth.
A133: =ROW() -> 133 | D133: Hokitika | E133: N/A | F133: 19.07 | G133: 14.958977 | H133: 15.36865 | I133: 15.738279 | J133: 16.124339 | K133: 16.557173 | L133: 16.950884 | M133: 17.339192 | N133: 17.716148 | O133: 18.072861 | P133: 18.38097 | Q133: Westpower owns the supply transformers at Hokitika. Peak load at Hokitika is forecast to exceed the voltage stability limit from 2035. The TPR reports the gross demand forecast instead of net, excluding contribution from embedded generation
A134: =ROW() -> 134 | D134: Kumara | E134: N/A | F134: 3.9178946 | G134: 4 | H134: 4 | I134: 4 | J134: 4 | K134: 4 | L134: 4 | M134: 4 | N134: 4 | O134: 4 | P134: 4 | Q134: Kumara load is supplied via a single 66/11 kV supply transformer, resulting in n security. The supply transformer is owned by Westpower and is not reported in the TPR
A135: =ROW() -> 135 | D135: Murchison | E135: No | F135: 2.5999999 | G135: 3 | H135: 3 | I135: 3 | J135: 3 | K135: 4 | L135: 4 | M135: 4 | N135: 4 | O135: 4 | P135: 4 | Q135: No capacity issues. Murchison is supplied by a single 110/11 kV, 10 MVA transformer resulting in n security.
A136: =ROW() -> 136 | D136: Otira | E136: No | F136: 0.76999998 | G136: 0.6 | H136: 0.6 | I136: 0.6 | J136: 0.6 | K136: 0.6 | L136: 0.6 | M136: 0.6 | N136: 0.6 | O136: 0.6 | P136: 0.6 | Q136: No capacity issues. Otira is supplied by a single 66/11 kV, 2.5 MVA transformer, resulting in n security.
... A141: =ROW() -> 141 | D141: Ashley - 11 kV (Daiken) | E141: Yes | F141: 7.3249998 | G141: 7 | H141: 7 | I141: 7 | J141: 7 | K141: 7 | L141: 7 | M141: 7 | N141: 7 | O141: 7 | P141: 7 | Q141: No issues.
A142: =ROW() -> 142 | D142: Ashley - MainPower 66 kV | E142: N/A | F142: N/A | G142: 15 | H142: 15 | I142: 16 | J142: 20 | K142: 22 | L142: 26 | M142: 27 | N142: 29 | O142: 30 | P142: 31 | Q142: This is a new connection. Mainpower will have feeders directly connected to the Ashley 66 kV bus from 2027. Planned load shifts as advised by MainPower from Ashley 11 kV (MainPower): 3.25 MW to Ashley 66 kV in 2027. Planned load shifts as advised by MainPower from Southbrook 66 kV to Ashley 66 kV: 6.85 MW, 2.5 MW and 2.5 MW in 2027, 2030 and 2032, respectively. Planned load shifts as advised by MainPower from Kaiapoi 11 kV: 3.75 MW to Ashley 66 kV in 2027.
A143: =ROW() -> 143 | D143: Bromley 66 kV | E143: Yes | F143: 220.78 | G143: 159 | H143: 198 | I143: 202 | J143: 208 | K143: 233 | L143: 239 | M143: 244 | N143: 249 | O143: 254 | P143: 258 | Q143: Peak load at Bromley is forecast to exceed the n-1 capacity of the supply transformers from winter 2031. Planned load shifts as advised by Orion from Bromley 66 kV: 31.3 MW to Islington 66 kV in 2038. Orion has advised 23 MW load growth in 2031 at Bromley 66 kV from commercial and industrial development. Planned load shifts as advised by Orion from Islington 66 kV: 29.1 MW and 31.3 MW to Bromley 66 kV in 2028 and 2038, respectively.
A144: =ROW() -> 144 | D144: Coleridge | E144: No | F144: 0.29999998 | G144: 0.3 | H144: 0.3 | I144: 0.3 | J144: 0.3 | K144: 0.4 | L144: 0.4 | M144: 0.4 | N144: 0.4 | O144: 0.4 | P144: 0.4 | Q144: No capacity issues. A single 66/11 kV, 2.5 MVA transformer supplies the load at Coleridge, resulting in n security.
A145: =ROW() -> 145 | D145: Culverden 33 kV | E145: Yes | F145: 18.047485 | G145: 22 | H145: 22 | I145: 23 | J145: 24 | K145: 24 | L145: 25 | M145: 25 | N145: 26 | O145: 26 | P145: 27 | Q145: The combined 33 kV and 66 kV peak load at Culverden is forecast to exceed the n-1 capacity of the supply transformers from summer 2029 .
A146: =ROW() -> 146 | D146: Culverden 66 kV | E146: No | F146: 6.2127657 | G146: 8 | H146: 8 | I146: 9 | J146: 9 | K146: 10 | L146: 10 | M146: 10 | N146: 11 | O146: 11 | P146: 12 | Q146: No capacity issues. A single 33/66 kV, 20 MVA transformer supplies the 66 kV load, resulting in n security.
A147: =ROW() -> 147 | D147: Hororata 33 kV | E147: No | F147: 20.799999 | G147: 21 | H147: 22 | I147: 22 | J147: 22 | K147: 22 | L147: 22 | M147: 22 | N147: 23 | O147: 24 | P147: 24 | Q147: Peak load on the Hororata 33 kV bus already exceeds the n-1 capacity of the supply transformers. Capacity is limited by equipment other than the supply transformer(s).
A148: =ROW() -> 148 | D148: Hororata 66 kV | E148: N/A | F148: 17.151686 | G148: 17 | H148: 17 | I148: 17 | J148: 17 | K148: 18 | L148: 18 | M148: 18 | N148: 19 | O148: 19 | P148: 19 | Q148: Orion owns the 66 kV feeders at Hororata.
A149: =ROW() -> 149 | D149: Islington 33 kV | E149: Yes | F149: 81.458336 | G149: 84 | H149: 88 | I149: 90 | J149: 94 | K149: 104 | L149: 107 | M149: 109 | N149: 111 | O149: 114 | P149: 117 | Q149: Peak load at Islington 33 kV is forecast to exceed the n-1 capacity of the supply transformers from winter 2032 . Capacity is limited by equipment other than the supply transformer(s). Planned load shifts as advised by Orion from Islington 33 kV: 1.5 MW to Islington 66 kV in 2033.
A150: =ROW() -> 150 | D150: Islington 66 kV | E150: N/A | F150: 445.72501 | G150: 483 | H150: 480 | I150: 493 | J150: 512 | K150: 533 | L150: 551 | M150: 570 | N150: 586 | O150: 604 | P150: 618 | Q150: Orion owns the 66 KV feeders at Islington. Planned load shifts as advised by Orion from Bromley 66 kV: 31.3 MW to Islington 66 kV in 2038. Planned load shifts as advised by Orion from Islington 33 kV: 1.5 MW to Islington 66 kV in 2033. Planned load shifts as advised by Orion from Islington 66 kV: 29.1 MW and 31.3 MW to Bromley 66 kV in 2028 and 2038, respectively.
A151: =ROW() -> 151 | D151: Kaiapoi | E151: Yes | F151: 30.099998 | G151: 31 | H151: 28 | I151: 29 | J151: 30 | K151: 31 | L151: 32 | M151: 33 | N151: 34 | O151: 35 | P151: 35 | Q151: Peak load at Kaiapoi is forecast to exceed the n-1 capacity of the supply transformers from winter 2039. Capacity is limited by equipment other than the supply transformer(s). Planned load shifts as advised by MainPower from Kaiapoi 11 kV: 2.25 MW to Ashley 11 kV (MainPower) in 2026. Planned load shifts as advised by MainPower from Kaiapoi 11 kV: 3.75 MW to Ashley 66 kV in 2027.
A152: =ROW() -> 152 | D152: Kimberley | E152: N/A | F152: 15.799999 | G152: 16 | H152: 16 | I152: 17 | J152: 17 | K152: 17 | L152: 17 | M152: 18 | N152: 18 | O152: 18 | P152: 18 | Q152: Orion owns the supply transformers at Kimberley.
A153: =ROW() -> 153 | D153: Norwood | E153: Yes | F153: 36.564583 | G153: 38 | H153: 37 | I153: 38 | J153: 38 | K153: 39 | L153: 40 | M153: 40 | N153: 41 | O153: 42 | P153: 42 | Q153: No issues.
A154: =ROW() -> 154 | D154: Southbrook 66 kV | E154: N/A | F154: 53.466667 | G154: 55 | H154: 57 | I154: 64 | J154: 63 | K154: 62 | L154: 64 | M154: 66 | N154: 68 | O154: 69 | P154: 71 | Q154: Mainpower owns the 66 kV feeders at Southbrook. Planned load shifts as advised by MainPower from Southbrook 66 kV: 0.7 MW to Ashley 11 kV (MainPower) in 2026. Planned load shifts as advised by MainPower from Southbrook 66 kV to Ashley 66 kV: 6.85 MW, 2.5 MW and 2.5 MW in 2027, 2030 and 2032, respectively
... A159: =ROW() -> 159 | D159: Black Point | E159: N/A | F159: 16.299999 | G159: 17 | H159: 18 | I159: 18 | J159: 18 | K159: 18 | L159: 18 | M159: 18 | N159: 18 | O159: 18 | P159: 18 | Q159: No issues. Network Waitaki owns the supply transformers at Black Point. Black Point is connected via a single 110 kV Tee connection to the Oamaru–Black Point–Waitaki–1 circuit providing 44/44 MVA (summer/winter) capacity, resulting in n security.
A160: =ROW() -> 160 | D160: North Otago Grid Exit Point | E160: N/A | G160: 0 | H160: 0 | I160: 0.1 | J160: 10 | K160: 10 | L160: 21 | M160: 22 | N160: 22 | O160: 22 | P160: 23 | Q160: This is a planned new GXP by Network Waitaki which is in the investigation phase. Advised by Network Waitaki: 9 MW and 5 MW load shift from Oamaru to North Otago GXP in 2030 and 2032, respectively. The North Otago grid exit point is not committed at the time of publication.
A161: =ROW() -> 161 | D161: Oamaru | E161: Yes | F161: 44.74559 | G161: 50 | H161: 52 | I161: 54 | J161: 51 | K161: 52 | L161: 52 | M161: 52 | N161: 53 | O161: 53 | P161: 54 | Q161: The peak load at Oamaru is forecast to exceed the n-1 circuit capacity from summer 2026, and the voltage stability limit from summer 2027 until summer 2029, and then from 2040. The n-1 transformer capacity limit will also be exceeded from summer 2027 until summer 2029. Capacity is limited by equipment other than the supply transformer(s). Advised by Network Waitaki: 9 MW and 5 MW load shift from Oamaru to North Otago GXP in 2030 and 2032, respectively. The North Otago grid exit point is not committed at the time of publication.
A162: =ROW() -> 162 | D162: Studholme | E162: No | F162: 15 | G162: 20 | H162: 21 | I162: 21 | J162: 22 | K162: 22 | L162: 23 | M162: 23 | N162: 24 | O162: 24 | P162: 24 | Q162: The peak load at Studholme already exceeds the n-1 capacity of the supply transformers, and from summer 2027 the n capacity is forecast to exceed.
A163: =ROW() -> 163 | D163: Tekapo A | E163: No | F163: 6.0921144 | G163: 7 | H163: 7 | I163: 7 | J163: 8 | K163: 8 | L163: 8 | M163: 8 | N163: 9 | O163: 9 | P163: 9 | Q163: Peak load at Tekapo A is forecast to exceed the continuous rating of T1 in 2040. Capacity is limited by equipment other than the supply transformer(s). A single 110/11 kV, 35 MVA transformer (T6) in series with a single 33/11 kV, 10 MVA transformer (T1) supplies load at Tekapo, resulting in n security.
A164: =ROW() -> 164 | D164: Temuka | E164: No | F164: 58.900002 | G164: 71 | H164: 87 | I164: 89 | J164: 91 | K164: 92 | L164: 94 | M164: 95 | N164: 96 | O164: 97 | P164: 97 | Q164: The peak load at Temuka already exceeds the n-1 supply transformer capacity in summer, is forecast to exceed the n-1 circuit capacity from summer 2026, is forecast to exceed the n-1 voltage stability limit from sumer 2030, and is forecast to exceed the n capacity of the supply transformers from summer 2035. Advised by Alpine Energy: 11 MW truck charging and 4 MW heat pumps at Fonterra Clandeboye in 2028.
A165: =ROW() -> 165 | D165: Timaru | E165: Yes | F165: 67.266663 | G165: 87 | H165: 89 | I165: 91 | J165: 94 | K165: 96 | L165: 98 | M165: 99 | N165: 101 | O165: 103 | P165: 104 | Q165: The peak load at Timaru is forecast to exceed the continuous capacity of two supply transformers in service from 2028. Capacity is limited by equipment other than the supply transformer(s)
A166: =ROW() -> 166 | D166: Twizel | E166: Yes | F166: 7.9913044 | G166: 9 | H166: 10 | I166: 10 | J166: 10 | K166: 10 | L166: 11 | M166: 11 | N166: 11 | O166: 12 | P166: 12 | Q166: No issues.
A167: =ROW() -> 167 | D167: Waitaki | E167: N/A | F167: 12.716865 | G167: 14 | H167: 14 | I167: 14 | J167: 14 | K167: 14 | L167: 10 | M167: 11 | N167: 11 | O167: 11 | P167: 11 | Q167: No issues. Network Waitaki is normally supplied through an 11/33 kV, 20 MVA step up transformer owned by Network Waitaki. There is also a lower capacity alternate supply through an 11/33 kV, 5.5 MVA step up transformer (T28) owned by Transpower that is too small to supply the peak load and normally has no load connected to it. Advised by Network Waitaki: 5 MW load shift from Waitaki to North Otago grid exit point in 2032.
A168: =ROW() -> 168 | D168: Balclutha | E168: Yes | F168: 31.35 | G168: 41 | H168: 42 | I168: 43 | J168: 44 | K168: 44 | L168: 45 | M168: 45 | N168: 45 | O168: 46 | P168: 46 | Q168: Peak load at Balclutha is forecast to exceed the n-1 capacity of the supply transformers from shoulder season 2027
A169: =ROW() -> 169 | D169: Brydone | E169: Yes | F169: 11.1 | G169: 9 | H169: 9 | I169: 9 | J169: 9 | K169: 9 | L169: 9 | M169: 9 | N169: 9 | O169: 9 | P169: 9 | Q169: No issues.
A170: =ROW() -> 170 | D170: Clyde | E170: Yes | F170: 12.045946 | G170: 22 | H170: 23 | I170: 24 | J170: 25 | K170: 26 | L170: 27 | M170: 28 | N170: 28 | O170: 29 | P170: 29 | Q170: Peak load at Clyde is forecast to exceed the n-1 capacity of the supply transformers from summer 2032. Capacity is limited by equipment other than the supply transformer(s)
A171: =ROW() -> 171 | D171: Cromwell | E171: Yes | F171: 51.220001 | G171: 79 | H171: 84 | I171: 88 | J171: 91 | K171: 98 | L171: 101 | M171: 103 | N171: 105 | O171: 107 | P171: 109 | Q171: Peak load at Cromwell 33 kV is forecast to exceed the 33 kV cable rating from winter 2026 and the n-1 capacity of the transformers’ 33 kV winding from winter 2027 . Capacity is limited by equipment other than the supply transformer(s). Aurora advised a 12 MW load increase from Bendigo Mine at Cromwell in 2027.
D172: Edendale | E172: No | F172: 50.401726 | G172: 35 | H172: 35 | I172: 36 | J172: 36 | K172: 37 | L172: 38 | M172: 50 | N172: 50 | O172: 50 | P172: 51 | Q172: Formerly Edendale 33 kV. Peak load at Edendale is already exceeding the n-1 capacity of the supply transformers. PowerNet advised a 20 MW load increase from Fonterra’ milk boiler electrification in 2026 and a 10 MW load increase from meat processing in 2033 at Edendale 33 kV. The 20 MW load from Fonterra’s electric boiler will be shifted to the new Puna Awa GXP in late 2027.
A173: =ROW() -> 173 | D173: Puna Awa | E173: N/A | F173: N/A | G173: 83 | H173: 83 | I173: 83 | J173: 83 | K173: 83 | L173: 83 | M173: 83 | N173: 92 | O173: 92 | P173: 92 | Q173: Formerly Edendale 220 kV. PowerNet requested a new Puna Awa GXP to enable electrification and resolve n-1 supply capacity issues at Edendale. Puna Awa is committed and is expected to be commissioned by 2027. PowerNet advised an 83 MW load increase from Fonterra Edendale in 2027 at the new Puna Awa GXP. About 20 MW of that load is the transfer of Fonterra Edendale’s first electric boiler from the Edendale 33 kV GXP.
A174: =ROW() -> 174 | D174: Frankton | E174: Yes | F174: 82.593544 | G174: 93 | H174: 112 | I174: 118 | J174: 122 | K174: 126 | L174: 129 | M174: 132 | N174: 136 | O174: 139 | P174: 141 | Q174: Peak load at Frankton is forecast to exceed the n-1 capacity of the Cromwell–T5 110 kV winding, followed by the 110 kV Cromwell–Frankton circuits from winter 2028. The Frankton supply capacity will also be limited in future by the Cromwell transformers’ 110 kV and 220 kV winding capacities from about winter 2028 About 10 MW load increase at Frankton in 2028 due to residential and commercial development.
A175: =ROW() -> 175 | D175: Gore | E175: Yes | F175: 58.006714 | G175: 47 | H175: 53 | I175: 54 | J175: 55 | K175: 56 | L175: 57 | M175: 58 | N175: 60 | O175: 60 | P175: 61 | Q175: No issues.
A176: =ROW() -> 176 | D176: Halfway Bush | E176: Yes | F176: 120.45778 | G176: 129 | H176: 133 | I176: 140 | J176: 144 | K176: 146 | L176: 148 | M176: 149 | N176: 150 | O176: 152 | P176: 153 | Q176: Assuming no contribution from the embedded generators, the peak load at Halfway Bush is forecast to exceed the n-1 capacity of the supply transformers from winter 2027.
A177: =ROW() -> 177 | D177: Invercargill 33 kV | E177: Yes | F177: 108.25713 | G177: 133 | H177: 140 | I177: 145 | J177: 146 | K177: 149 | L177: 152 | M177: 154 | N177: 156 | O177: 157 | P177: 164 | Q177: Formerly "Invercargill", name changed due to new 66 kV load at Invercargill .Peak load at Invercargill is forecast to exceed the n-1 capacity of the supply transformers from winter 2028. About 10 MW load increase at Invercargill 33 kV in 2026, mainly from industrial sector and transport
A178: =ROW() -> 178 | D178: Invercargill 66 kV | E178: No | F178: 32.399998 | G178: 30 | H178: 30 | I178: 30 | J178: 30 | K178: 60 | L178: 60 | M178: 60 | N178: 60 | O178: 60 | P178: 60 | Q178: New 66 kV load connected in early 2026. No issues. One 220/66 kV transformer will supply the Invercargill 66 kV load, providing a nominal installed capacity of 120 MVA, resulting in n security. PowerNet advised a 30 MW load increase from electric boiler addition in 2031 at Invercargill 66 kV.
A179: =ROW() -> 179 | D179: Naseby | E179: Yes | F179: 32.576733 | G179: 31 | H179: 32 | I179: 33 | J179: 34 | K179: 34 | L179: 35 | M179: 35 | N179: 35 | O179: 36 | P179: 36 | Q179: No issues.
A180: =ROW() -> 180 | D180: North Makarewa | E180: Yes | F180: 61.536366 | G180: 64 | H180: 65 | I180: 80 | J180: 82 | K180: 84 | L180: 94 | M180: 96 | N180: 97 | O180: 98 | P180: 99 | Q180: Assuming no local generation at White Hill wind farm, peak load at North Makarewa is forecast to exceed the n-1 capacity of the supply transformers from summer 2026 .
A181: =ROW() -> 181 | D181: South Dunedin | E181: Yes | F181: 72.199997 | G181: 80 | H181: 81 | I181: 83 | J181: 84 | K181: 85 | L181: 86 | M181: 87 | N181: 88 | O181: 89 | P181: 89 | Q181: No issues.
A182: =ROW() -> 182 | D182: Tiwai | E182: N/A | F182: 590.85004 | G182: 585 | H182: 585 | I182: 585 | J182: 635 | K182: 635 | L182: 635 | M182: 635 | N182: 635 | O182: 635 | P182: 635 | Q182: New Zealand Aluminium Smelter (NZAS) owns the 220 kV feeders connected directly to the Tiwai 220 kV bus and their capacity is not reported in the TPR. The restart of Reduction Line 4 at Tiwai Point aluminium smelter in 2030 was announced after we finished our load forecast update. The 50 MW load increase is not included in all TPR studies, but is noted where this may impact an issue.
A183: =ROW() -> 183 | D183: GXPs Total | F183: =SUM(F9:F182) -> 8737.4683 | G183: =SUM(G9:G182) -> 9301.9262 | H183: =SUM(H9:H182) -> 9658.0588 | I183: =SUM(I9:I182) -> 10063.465 | J183: =SUM(J9:J182) -> 10389.608 | K183: =SUM(K9:K182) -> 10750.551 | L183: =SUM(L9:L182) -> 11021.587 | M183: =SUM(M9:M182) -> 11252.59 | ... P183: =SUM(P9:P182) -> 11853.853
A184: =ROW() -> 184 | D184: *Insert additional rows and update calculation of totals as needed
A185: =ROW() -> 185
A186: =ROW() -> 186 | C186: G3(ii): Current Connection Capacity vs Actual and Forecast Injection
A187: =ROW() -> 187 | D187: Not required from disclosure year 2026
A188: =ROW() -> 188
A189: =ROW() -> 189 | C189: G3(iii): Anticipatory Connection Asset capacity
...

Sheet G4. Quality Grid Outputs
M1: Transpower | O1: Disclosure Date | Q1: =+'F1. RAB'!$R$1 -> 46318
A2: SCHEDULE G4: QUALITY OF SUPPLY: GRID OUTPUTS AND PERFORMANCE MEASURES | O2: Disclosure Year (year ended) | Q2: =CoverSheet!$C$8 -> 46203
A4: ref
A5: =ROW() -> 5 | C5: G4(i): Grid Output Historical and Forecast Measures and Targets
A6: =ROW() -> 6
A7: =ROW() -> 7 | D7: Grid Output Measure - Quality | E7: Actual performance | J7: CY Target | K7: CY Target Achieved | L7: Forecast Performance
A8: =ROW() -> 8 | E8: CY-4 | F8: CY-3 | G8: CY-2 | H8: CY-1 | I8: CY | K8: (Yes/No) | L8: CY+1 | M8: CY+2 | N8: CY+3 | O8: CY+4 | P8: CY+5
A9: =ROW() -> 9 | D9: Number of loss of supply events greater than 0.05 system minutes | E9: 9 | F9: 13 | G9: 9 | H9: 9 | I9: 8 | J9: None | K9: None | L9: None | M9: None | N9: None | O9: None | P9: None
A10: =ROW() -> 10 | D10: Number of loss of supply events greater than 1 system minute | E10: 0 | F10: 1 | G10: 1 | H10: 2 | I10: 3 | J10: None | K10: None | L10: None | M10: None | N10: None | O10: None | P10: None
A11: =ROW() -> 11 | D11: Unplanned HVAC circuit unavailability (%) | E11: 0.00337 | F11: 0.00494 | G11: 0.0006 | H11: 0.00034 | I11: 0.00078 | J11: None | K11: None | L11: None | M11: None | N11: None | O11: None | P11: None
A12: =ROW() -> 12 | D12: Unplanned HVDC bi-pole unavailability (%)* | E12: 0.01264 | F12: 0.0005 | G12: 0.00066 | H12: 0.00646 | I12: 0.00492 | J12: None | K12: None | L12: None | M12: None | N12: None | O12: None | P12: None
A13: =ROW() -> 13 | D13: Total impact of interruptions (measured in system minutes) | E13: 3.28 | F13: 334.46 | G13: 2.53 | H13: 5.77 | I13: 7.43 | J13: None | K13: None | L13: None | M13: None | N13: None | O13: None | P13: None
A14: =ROW() -> 14 | D14: *No target currently specified
A15: =ROW() -> 15 | D15: The number of loss of supply for the above quality measures relate to unplanned loss of supply events.
A16: =ROW() -> 16 | D16: The total impact of interruptions for the earliest year shown was reporting both planned and unplanned. It has now been fixed.
A17: =ROW() -> 17 | C17: G4(ii): Grid Connection Point Performance Measures
A18: =ROW() -> 18
A19: =ROW() -> 19
A20: =ROW() -> 20 | D20: Point of Service Performance - Demand | E20: No target currently specified. The Point of Service code and description have been used to identify the locations.
A21: =ROW() -> 21 | H21: Number of Interruptions | L21: Unserved energy % X100
A22: =ROW() -> 22 | E22: Point of Service | H22: CY-2 Actual | I22: CY-1 Actual | J22: CY Actual | K22: 5 year average | L22: CY-2 Actual | M22: CY-1 Actual | N22: CY Actual | O22: 5 year average
A23: =ROW() -> 23 | E23: ABY011S1 | F23: Albury 11 kV POS S 1 | H23: 3 | I23: 1 | J23: 0 | K23: 1 | L23: 10.610593 | M23: 95.739373 | N23: 0 | O23: 22.868066
A24: =ROW() -> 24 | E24: ALB033S1 | F24: Albany 33 kV POS S 1 | H24: 0 | I24: 0 | J24: 0 | K24: 0 | L24: 0 | M24: 0 | N24: 0 | O24: 0
A25: =ROW() -> 25 | E25: ALB110S1 | F25: Albany 110 kV POS S 1 | H25: 0 | I25: 0 | J25: 0 | K25: 0 | L25: 0 | M25: 0 | N25: 0 | O25: 0
A26: =ROW() -> 26 | E26: APS011S1 | F26: Arthurs Pass 11 kV POS S 1 | H26: 3 | I26: 3 | J26: 1 | K26: 1.8 | L26: 6.1035481 | M26: 4.6090809 | N26: 0.53624475 | O26: 3.166979
A27: =ROW() -> 27 | E27: ARI110S2 | F27: Arapuni 110 kV POS S 2 | H27: 0 | I27: 0 | J27: 0 | K27: 0 | L27: 0 | M27: 0 | N27: 0 | O27: 0
A28: =ROW() -> 28 | E28: ASB066SA | F28: Ashburton 66 kV POS S | H28: 0 | I28: 0 | J28: 0 | K28: 0 | L28: 0 | M28: 0 | N28: 0 | O28: 0
A29: =ROW() -> 29 | E29: ASY011S1 | F29: Ashley 11 kV POS S 1 | H29: 0 | I29: 0 | J29: 0 | K29: 0 | L29: 0 | M29: 0 | N29: 0 | O29: 0
A30: =ROW() -> 30 | E30: ATI220S1 | F30: Atiamuri 220 kV POS S 1 | H30: 0 | I30: 0 | J30: 0 | K30: 0 | L30: 0 | M30: 0 | N30: 0 | O30: 0
A31: =ROW() -> 31 | E31: BAL033S1 | F31: Balclutha 33 kV POS S 1 | H31: 0 | I31: 0 | J31: 0 | K31: 0 | L31: 0 | M31: 0 | N31: 0 | O31: 0
A32: =ROW() -> 32 | E32: BDE011S1 | F32: Brydone 11 kV POS S 1 | H32: 1 | I32: 0 | J32: 0 | K32: 0.2 | L32: 1.4542583 | M32: 0 | N32: 0 | O32: 0.29085166
A33: =ROW() -> 33 | E33: BDE011S2 | F33: Brydone 11 kV POS S 2 | H33: 0 | I33: 0 | J33: 0 | K33: 0 | L33: 0 | M33: 0 | N33: 0 | O33: 0
A34: =ROW() -> 34 | E34: BLN033S1 | F34: Blenheim 33 kV POS S 1 | H34: 0 | I34: 0 | J34: 1 | K34: 0.2 | L34: 0 | M34: 0 | N34: 2.6122234 | O34: 0.52244469
... A67: =ROW() -> 67 | E67: HAM033S1 | F67: Hamilton 33 kV POS S 1 | H67: 0 | I67: 0 | J67: 0 | K67: 0 | L67: 0 | M67: 0 | N67: 0 | O67: 0
A68: =ROW() -> 68 | E68: HAM033S2 | F68: Hamilton 33kV POS S 2 | H68: - | I68: - | J68: 0 | K68: 0 | L68: - | M68: - | N68: 0 | O68: 0
A69: =ROW() -> 69 | E69: HAM055SA | F69: Hamilton 55 kV POS S | H69: 1 | I69: 0 | J69: 0 | K69: 0.2 | L69: 0.018205542 | M69: 0 | N69: 0 | O69: 0.0036411083
A70: =ROW() -> 70 | E70: HAY011S1 | F70: Haywards 11 kV POS S 1 | H70: 0 | I70: 0 | J70: 0 | K70: 0 | L70: 0 | M70: 0 | N70: 0 | O70: 0
A71: =ROW() -> 71 | E71: HAY033S1 | F71: Haywards 33 kV POS S 1 | H71: 0 | I71: 0 | J71: 0 | K71: 0 | L71: 0 | M71: 0 | N71: 0 | O71: 0
A72: =ROW() -> 72 | E72: HEN033S1 | F72: Henderson 33 kV POS S 1 | H72: 0 | I72: 0 | J72: 0 | K72: 0 | L72: 0 | M72: 0 | N72: 0 | O72: 0
A73: =ROW() -> 73 | E73: HEP033S1 | F73: Hepburn Road 33 kV POS S 1 | H73: 0 | I73: 0 | J73: 0 | K73: 0 | L73: 0 | M73: 0 | N73: 0 | O73: 0
A74: =ROW() -> 74 | E74: HIN033S1 | F74: Hinuera 33 kV POS S 1 | H74: 0 | I74: 2 | J74: 0 | K74: 0.6 | L74: 0 | M74: 0.5304106 | N74: 0 | O74: 0.60440674
A75: =ROW() -> 75 | E75: HKK066S1 | F75: Hokitika 66 kV POS S 1 | H75: 0 | I75: 1 | J75: 0 | K75: 0.6 | L75: 0 | M75: 1.0542827 | N75: 0 | O75: 1.1772773
A76: =ROW() -> 76 | E76: HLY033SA | F76: Huntly 33 kV POS S | H76: 0 | I76: 0 | J76: 0 | K76: 0 | L76: 0 | M76: 0 | N76: 0 | O76: 0
A77: =ROW() -> 77 | E77: HOB110S1 | F77: Hobson Street 110 kV POS S 1 | H77: 0 | I77: 0 | J77: 0 | K77: 0 | L77: 0 | M77: 0 | N77: 0 | O77: 0
A78: =ROW() -> 78 | E78: HOR033S1 | F78: Hororata 33 kV POS S 1 | H78: 0 | I78: 0 | J78: 0 | K78: 0 | L78: 0 | M78: 0 | N78: 0 | O78: 0
A79: =ROW() -> 79 | E79: HOR066S1 | F79: Hororata 66 kV POS S 1 | H79: 0 | I79: 0 | J79: 0 | K79: 0 | L79: 0 | M79: 0 | N79: 0 | O79: 0
A80: =ROW() -> 80 | E80: HTI033S1 | F80: Hangatiki 33 kV POS S 1 | H80: 0 | I80: 0 | J80: 0 | K80: 0.2 | L80: 0 | M80: 0 | N80: 0 | O80: 0.77829418
A81: =ROW() -> 81 | E81: HTI110S1 | F81: Hangatiki 110 kV POS S 1 | H81: 0 | I81: 0 | J81: 0 | K81: 0.2 | L81: 0 | M81: 0 | N81: 0 | O81: 0.64117674
A82: =ROW() -> 82 | E82: HTU033S1 | F82: Hautapu 33kV POS S 1 | H82: - | I82: 0 | J82: 1 | K82: 0.5 | L82: - | M82: 0 | N82: 0.59794607 | O82: 0.29897304
A83: =ROW() -> 83 | E83: HUI033S1 | F83: Huirangi 33 kV POS S 1 | H83: 0 | I83: 0 | J83: 0 | K83: 0.2 | L83: 0 | M83: 0 | N83: 0 | O83: 0.37488187
A84: =ROW() -> 84 | E84: HWA033S1 | F84: Hawera 33 kV (A) POS S 1 | H84: 0 | I84: 1 | J84: 0 | K84: 0.2 | L84: 0 | M84: 0.48790137 | N84: 0 | O84: 0.097580275
A85: =ROW() -> 85 | E85: HWA033S2 | F85: Hawera 33 kV (B) POS S 2 | H85: 0 | I85: 0 | J85: 0 | K85: 0 | L85: 0 | M85: 0 | N85: 0 | O85: 0
A86: =ROW() -> 86 | E86: HWB033S1 | F86: Halfway Bush 33 kV (A) POS S 1 | H86: 0 | I86: 0 | J86: 0 | K86: 0 | L86: 0 | M86: 0 | N86: 0 | O86: 0
A87: =ROW() -> 87 | E87: HWB033S2 | F87: Halfway Bush 33 (B) kV POS S 2 | H87: 0 | I87: 0 | J87: 0 | K87: 0 | L87: 0 | M87: 0 | N87: 0 | O87: 0
A88: =ROW() -> 88 | E88: INV033S1 | F88: Invercargill 33 kV POS S 1 | H88: 0 | I88: 0 | J88: 0 | K88: 0 | L88: 0 | M88: 0 | N88: 0 | O88: 0
A89: =ROW() -> 89 | E89: INV066S1 | F89: Invercargill 66 kV POS S 1 | H89: - | I89: - | J89: 0 | K89: 0 | L89: - | M89: - | N89: 0 | O89: 0
A90: =ROW() -> 90 | E90: ISL033S1 | F90: Islington 33 kV POS S 1 | H90: 0 | I90: 0 | J90: 0 | K90: 0 | L90: 0 | M90: 0 | N90: 0 | O90: 0
A91: =ROW() -> 91 | E91: ISL066S1 | F91: Islington 66 kV POS S 1 | H91: 0 | I91: 0 | J91: 0 | K91: 0 | L91: 0 | M91: 0 | N91: 0 | O91: 0
A92: =ROW() -> 92 | E92: KAI011S1 | F92: Kaiapoi 11 kV POS S 1 | H92: 0 | I92: 0 | J92: 0 | K92: 0 | L92: 0 | M92: 0 | N92: 0 | O92: 0
A93: =ROW() -> 93 | E93: KAW011S1 | F93: Kawerau 11 kV (A) POS S 1 | H93: 0 | I93: 0 | J93: 0 | K93: 0 | L93: 0 | M93: 0 | N93: 0 | O93: 0
A94: =ROW() -> 94 | E94: KAW011S2 | F94: Kawerau 11 kV POS S 2 | H94: 0 | I94: 0 | J94: 0 | K94: 0 | L94: 0 | M94: 0 | N94: 0 | O94: 0
A95: =ROW() -> 95 | E95: KBY066SA | F95: Kimberley 66 kV POS S | H95: 0 | I95: 0 | J95: 0 | K95: 0 | L95: 0 | M95: 0 | N95: 0 | O95: 0
A96: =ROW() -> 96 | E96: KIK011S1 | F96: Kikiwa 11 kV POS S 1 | H96: 0 | I96: 0 | J96: 1 | K96: 0.6 | L96: 0 | M96: 0 | N96: 3.1965412 | O96: 4.9622203
A97: =ROW() -> 97 | E97: KIN011SA | F97: Kinleith 11 kV POS SA | H97: 0 | I97: 1 | J97: 0 | K97: 0.2 | L97: 0 | M97: 0.23629496 | N97: 0 | O97: 0.047258992
A98: =ROW() -> 98 | E98: KIN011SB | F98: Kinleith 11 kV POS SB | H98: 0 | I98: 0 | J98: 0 | K98: 0 | L98: - | M98: - | N98: 0 | O98: 0
A99: =ROW() -> 99 | E99: KIN033S1 | F99: Kinleith 33 kV POS S 1 | H99: 0 | I99: 0 | J99: 0 | K99: 0.2 | L99: 0 | M99: 0 | N99: 0 | O99: 0.064441841
A100: =ROW() -> 100 | E100: KMO033S1 | F100: Kaitemako 33 kV POS S 1 | H100: 0 | I100: 0 | J100: 0 | K100: 0 | L100: 0 | M100: 0 | N100: 0 | O100: 0
A101: =ROW() -> 101 | E101: KOE110S1 | F101: Kaikohe 110 kV POS S 1 | H101: 1 | I101: 0 | J101: 0 | K101: 0.2 | L101: 144.29167 | M101: 0 | N101: 0 | O101: 28.858334
A102: =ROW() -> 102 | E102: KPA110S1 | F102: Kaponga Tee 110 kV POS S1 | H102: 0 | I102: 0 | J102: 0 | K102: 0 | L102: 0 | M102: 0 | N102: 0 | O102: 0
A103: =ROW() -> 103 | E103: KPU066S1 | F103: Kopu 66 kV POS S 1 | H103: 1 | I103: 0 | J103: 1 | K103: 0.6 | L103: 1.0970985 | M103: 0 | N103: 0.1725613 | O103: 1.1089383
A104: =ROW() -> 104 | E104: KUM066S1 | F104: Kumara 66 kV POS S 1 | H104: 0 | I104: 0 | J104: 0 | K104: 0.6 | L104: 0 | M104: 0 | N104: 0 | O104: 1.2636067
A105: =ROW() -> 105 | E105: KWA011S1 | F105: Kaiwharawhara 11 kV POS S 1 | H105: 0 | I105: 0 | J105: 0 | K105: 0 | L105: 0 | M105: 0 | N105: 0 | O105: 0
A106: =ROW() -> 106 | E106: LFD110S1 | F106: Lichfield 110 kV POS S 1 | H106: 1 | I106: 0 | J106: 0 | K106: 0.2 | L106: 0.099266992 | M106: 0 | N106: 0 | O106: 0.019853398
A107: =ROW() -> 107 | E107: LTN033S1 | F107: Linton 33 kV POS S 1 | H107: 0 | I107: 0 | J107: 0 | K107: 0 | L107: 0 | M107: 0 | N107: 0 | O107: 0
A108: =ROW() -> 108 | E108: MAT110S1 | F108: Matahina 110 kV (A) POS S 1 | H108: 0 | I108: 0 | J108: 0 | K108: 0 | L108: 0 | M108: 0 | N108: 0 | O108: 0
A109: =ROW() -> 109 | E109: MCH011S1 | F109: Murchison 11 kV POS S 1 | H109: 0 | I109: 1 | J109: 1 | K109: 0.8 | L109: 0 | M109: 3.3090511 | N109: 12.697119 | O109: 5.464201
A110: =ROW() -> 110 | E110: MGM033S1 | F110: Mangamaire 33 kV POS S 1 | H110: 0 | I110: 0 | J110: 0 | K110: 0 | L110: 0 | M110: 0 | N110: 0 | O110: 0
... A181: =ROW() -> 181 | E181: WAI011S1 | F181: Waiotahe 11 kV POS S 1 | H181: 0 | I181: 1 | J181: 1 | K181: 0.4 | L181: 0 | M181: 0.29490696 | N181: 31.218489 | O181: 6.3026792
A182: =ROW() -> 182 | E182: WAI033S1 | F182: Waiotahe 33 kV POS S 1 | H182: - | I182: - | J182: 1 | K182: 1 | L182: - | M182: - | N182: 46.762668 | O182: 46.762668
A183: =ROW() -> 183 | E183: WAI050S1 | F183: Waiotahe 50 kV POS S 1 | H183: 1 | I183: 1 | J183: 0 | K183: 0.4 | L183: 0.35903803 | M183: 0.23776857 | N183: 0 | O183: 0.11936132
A184: =ROW() -> 184 | E184: WDV011S1 | F184: Woodville 11 kV POS S 1 | H184: 0 | I184: 0 | J184: 0 | K184: 0 | L184: 0 | M184: 0 | N184: 0 | O184: 0
A185: =ROW() -> 185 | E185: WEL033S1 | F185: Wellsford 33 kV POS S 1 | H185: 0 | I185: 0 | J185: 0 | K185: 0 | L185: 0 | M185: 0 | N185: 0 | O185: 0
A186: =ROW() -> 186 | E186: WGN033S1 | F186: Whanganui 33 kV POS S 1 | H186: 0 | I186: 0 | J186: 0 | K186: 0 | L186: 0 | M186: 0 | N186: 0 | O186: 0
A187: =ROW() -> 187 | E187: WHI011SA | F187: Whirinaki 11 kV POS S | H187: 0 | I187: 1 | J187: 1 | K187: 0.6 | L187: 0 | M187: 1.7596367 | N187: 2.0853364 | O187: 207.7929
A188: =ROW() -> 188 | E188: WHU033S1 | F188: Waihou 33 kV POS S 1 | H188: 0 | I188: 0 | J188: 0 | K188: 0 | L188: 0 | M188: 0 | N188: 0 | O188: 0
A189: =ROW() -> 189 | E189: WIL033S1 | F189: Wilton 33 kV POS S 1 | H189: 0 | I189: 0 | J189: 0 | K189: 0 | L189: 0 | M189: 0 | N189: 0 | O189: 0
A190: =ROW() -> 190 | E190: WIR033S1 | F190: Wiri 33 kV POS S 1 | H190: 0 | I190: 0 | J190: 0 | K190: 0 | L190: 0 | M190: 0 | N190: 0 | O190: 0
A191: =ROW() -> 191 | E191: WKO033S1 | F191: Waikino 33 kV POS S 1 | H191: 0 | I191: 0 | J191: 0 | K191: 0 | L191: 0 | M191: 0 | N191: 0 | O191: 0
A192: =ROW() -> 192 | E192: WPR033S1 | F192: Waipara 33 kV POS S 1 | H192: 0 | I192: 1 | J192: 0 | K192: 0.2 | L192: 0 | M192: 0.33664728 | N192: 0 | O192: 0.067329456
A193: =ROW() -> 193 | E193: WPR066S1 | F193: Waipara 66 kV POS S 1 | H193: 0 | I193: 1 | J193: 0 | K193: 0.2 | L193: 0 | M193: 0.34678099 | N193: 0 | O193: 0.069356199
A194: =ROW() -> 194 | E194: WPW011S1 | F194: Waipawa 11 kV POS S 1 | H194: 0 | I194: 0 | J194: 1 | K194: 0.6 | L194: 0 | M194: 0 | N194: 4.2943249 | O194: 2.127499
... A201: =ROW() -> 201 | E201: WVY011S1 | F201: Waverley 11 kV POS S 1 | H201: 0 | I201: 0 | J201: 0 | K201: 0.2 | L201: 0 | M201: 0 | N201: 0 | O201: 0.14329795
A202: =ROW() -> 202 | E202: An update on the data has been done since last year's report. This has affected some numbers for KPA110S1.
A203: =ROW() -> 203 | E203: *Insert additional rows as needed
A204: =ROW() -> 204
A205: =ROW() -> 205 | D205: Point of Service Performance - Injection
A206: =ROW() -> 206 | H206: Number of Interruptions | L206: Duration in minutes
A207: =ROW() -> 207 | E207: Point of Service | H207: CY-2 Actual | I207: CY-1 Actual | J207: CY Actual | K207: 5 year average | L207: CY-2 Actual | M207: CY-1 Actual | N207: CY Actual | O207: 5 year average
A208: =ROW() -> 208 | E208: ARA220I1 | F208: Aratiatia 220 kV POS I 1 | H208: 0 | I208: 0 | J208: 0 | K208: 0 | L208: 0 | M208: 0 | N208: 0 | O208: 0
A209: =ROW() -> 209 | E209: ARG110I1 | F209: Argyle 110 kV POS I 1 | H209: 0 | I209: 3 | J209: 2 | K209: 2.2 | L209: 0 | M209: 20 | N209: 203 | O209: 112.2
...

Sheet G5. Quality interconnection 
K1: Transpower | M1: Disclosure Date | O1: =+'F1. RAB'!$R$1 -> 46318
A2: SCHEDULE G5: QUALITY OF SUPPLY: INTERCONNECTION ASSETS | M2: Disclosure Year (year ended) | O2: =CoverSheet!$C$8 -> 46203
A4: ref
A5: =ROW() -> 5 | C5: G5(i): Interconnection Asset Report
A6: =ROW() -> 6
A7: =ROW() -> 7 | C7: Asset | D7: Type* | E7: Asset Category | F7: Sub Cat | G7: Planned Unavailability % | H7: Unplanned Unavailability % | I7: Number Planned Interruptions | J7: Planned Unserved Energy MWh | K7: Number Unplanned Interruptions | L7: Unplanned Unserved Energy MWh | M7: Number of Outages <1 Min | N7: Number of Interruptions <1 min | O7: Measures Exceeded (plan/Unplan) ? | P7: Incidents Affecting Performance | Q7: Steps Being Taken To Improve Performance | R7: IDENT
A8: =ROW() -> 8 | C8: Index Measures for Asset Category | E8: CCT | F8: 110 | G8: 1.67 | H8: 0.07 | I8: 0.08 | J8: 0.5 | K8: 0.28 | L8: 10.45 | M8: None Apply | N8: None Apply
A9: =ROW() -> 9 | C9: ARI-BOB-1 | D9: I | E9: CCT | F9: 110 | G9: 93.11 | H9: 0 | I9: 0 | J9: 0 | K9: 0 | L9: 0 | M9: 0 | N9: 0 | O9: Y/N | P9: Planned Outage /
A10: =ROW() -> 10 | C10: ARI-HAM-1 | D10: I | E10: CCT | F10: 110 | G10: 8.77 | H10: 0 | I10: 0 | J10: 0 | K10: 0 | L10: 0 | M10: 0 | N10: 0 | O10: Y/N | P10: Planned Outage /
A11: =ROW() -> 11 | C11: ARI-HAM-2 | D11: I | E11: CCT | F11: 110 | G11: 11.51 | H11: 0 | I11: 0 | J11: 0 | K11: 0 | L11: 0 | M11: 1 | N11: 0 | O11: Y/N | P11: Planned Outage /
A12: =ROW() -> 12 | C12: ARI-HTI-1 | D12: I | E12: CCT | F12: 110 | G12: 0.76 | H12: 0 | I12: 0 | J12: 0 | K12: 1 | L12: 8.36 | M12: 5 | N12: 0 | O12: N/Y | P12: 20-Feb-2026: ARI-HTI-1 trip & A/R, Y-E, cause unknown area, no patrol. LOS at TMU as COPS operated at TMU. | Q12: No further action. | R12: SN26042
A13: =ROW() -> 13 | C13: ARI-HTI-ONG-1 | D13: I | E13: CCT | F13: 110 | G13: 3.71 | H13: 1.96 | I13: 0 | J13: 0 | K13: 0 | L13: 0 | M13: 5 | N13: 0 | O13: Y/Y | P13: Planned Outage /
A14: =ROW() -> 14 | P14: 14-Oct-2025: ARI-HTI-ONG-1 tripped for a Bph-E fault, trees came down on landslide caused by heavy rain and flood. These trees, made mobile by the landslip, severed conductors in span ARI-ONG-B0194-0195-10. Line was patrolled via helicopter. Bph conductor was repaired. | Q14: Trees that came down were cleared and affected conductor repaired. | R14: SN25150
A15: =ROW() -> 15 | P15: 13-Nov-2025: ARI-HTI-ONG-1 tripped for a red phase to yellow phase fault, caused by gale force winds. Strong winds resulted in a tree falling on these conductors. Service provider repaired two broken conductors and re-instated the span from 195 to 196 using helicopter. | Q15: 2 broken conductors on ARI-ONG-B0195-0196-10 were replaced. Fallen trees were removed. | R15: SN25167
A16: =ROW() -> 16 | P16: 03-Dec-2025: ARI-HTI-ONG-1 trip & A/R, except at ONG, for a three phase fault, probably caused by a lightning strike. SDTF recorded a lightning strike close to ARI-ONG-B0140-10. No line patrol. No interruption of supply. | Q16: No further action. | R16: SN25183
A17: =ROW() -> 17 | P17: 06-May-2026: ONG-CB-92 RFS for a low SF6 gas pressure alarm which was a false alarm caused by an inverted SCADA point. ONG-RTO-1 circuit section of ARI-HTI-ONG-1 was also RFS. | Q17: SCADA point mapping corrected. | R17: SN26066
A18: =ROW() -> 18 | C18: ARI-KIN-1 | D18: I | E18: CCT | F18: 110 | G18: 0.37 | H18: 0 | I18: 0 | J18: 0 | K18: 0 | L18: 0 | M18: 1 | N18: 0 | O18: N/N | P18: Planned Outage /
A19: =ROW() -> 19 | C19: ARI-KIN-2 | D19: I | E19: CCT | F19: 110 | G19: 0.76 | H19: 0 | I19: 0 | J19: 0 | K19: 0 | L19: 0 | M19: 1 | N19: 0 | O19: N/N | P19: Planned Outage /
A20: =ROW() -> 20 | C20: ATU-DOB-1 | D20: I | E20: CCT | F20: 110 | G20: 0 | H20: 0 | I20: 0 | J20: 0 | K20: 0 | L20: 0 | M20: 0 | N20: 0 | O20: N/N
A21: =ROW() -> 21 | C21: ATU-RFN-IGH-1 | D21: I | E21: CCT | F21: 110 | G21: 0 | H21: 0 | I21: 0 | J21: 0 | K21: 0 | L21: 0 | M21: 0 | N21: 0 | O21: N/N
A22: =ROW() -> 22 | C22: BAL-GOR-1 | D22: B | E22: CCT | F22: 110 | G22: 2.04 | H22: 0 | I22: 0 | J22: 0 | K22: 0 | L22: 0 | M22: 2 | N22: 0 | O22: Y/N | P22: Planned Outage /
A23: =ROW() -> 23 | C23: BAL-HWB-1 | D23: B | E23: CCT | F23: 110 | G23: 5.06 | H23: 0.38 | I23: 0 | J23: 0 | K23: 0 | L23: 0 | M23: 2 | N23: 0 | O23: Y/Y | P23: Planned Outage /
A24: =ROW() -> 24 | P24: 29-Oct-2025: BAL-BWK-1 section of BAL-BWK-HWB-1 RFS STPP for line repairs after storm | Q24: Tree removed from line and broken conductor was replaced. | R24: SS25103
A25: =ROW() -> 25 | C25: BDE-EDN-1 | D25: B | E25: CCT | F25: 110 | G25: 1 | H25: 0 | I25: 0 | J25: 0 | K25: 0 | L25: 0 | M25: 0 | N25: 0 | O25: N/N | P25: Planned Outage /
A26: =ROW() -> 26 | C26: BDE-GOR-1 | D26: B | E26: CCT | F26: 110 | G26: 0.91 | H26: 0 | I26: 0 | J26: 0 | K26: 0 | L26: 0 | M26: 0 | N26: 0 | O26: N/N | P26: Planned Outage /
A27: =ROW() -> 27 | C27: BLN-KIK-1 | D27: I | E27: CCT | F27: 110 | G27: 7.48 | H27: 0.01 | I27: 0 | J27: 0 | K27: 0 | L27: 0 | M27: 5 | N27: 1 | O27: Y/N | P27: Planned Outage /
A28: =ROW() -> 28 | C28: BLN-STK-1 | D28: I | E28: CCT | F28: 110 | G28: 0.99 | H28: 0.02 | I28: 0 | J28: 0 | K28: 0 | L28: 0 | M28: 1 | N28: 0 | O28: N/N | P28: Planned Outage /
A29: =ROW() -> 29 | C29: BLN-STK-2 | D29: I | E29: CCT | F29: 110 | G29: 0 | H29: 0.02 | I29: 0 | J29: 0 | K29: 0 | L29: 0 | M29: 2 | N29: 0 | O29: N/N
A30: =ROW() -> 30 | C30: BOB-HAM-1 | D30: I | E30: CCT | F30: 110 | G30: 0 | H30: 0 | I30: 0 | J30: 0 | K30: 0 | L30: 0 | M30: 0 | N30: 0 | O30: N/N
A31: =ROW() -> 31 | C31: BOB-HAM-2 | D31: I | E31: CCT | F31: 110 | G31: 0 | H31: 0 | I31: 0 | J31: 0 | K31: 0 | L31: 0 | M31: 0 | N31: 0 | O31: N/N
A32: =ROW() -> 32 | C32: BPE-MTN-WGN-1 | D32: B | E32: CCT | F32: 110 | G32: 1.19 | H32: 0.06 | I32: 0 | J32: 0 | K32: 0 | L32: 0 | M32: 0 | N32: 0 | O32: N/N | P32: Planned Outage /
A33: =ROW() -> 33 | C33: BPE-MTN-WGN-2 | D33: B | E33: CCT | F33: 110 | G33: 4.05 | H33: 0 | I33: 0 | J33: 0 | K33: 0 | L33: 0 | M33: 0 | N33: 0 | O33: Y/N | P33: Planned Outage /
A34: =ROW() -> 34 | C34: BPE-MTR-1 | D34: I | E34: CCT | F34: 110 | G34: 0.08 | H34: 2 | I34: 0 | J34: 0 | K34: 0 | L34: 0 | M34: 2 | N34: 0 | O34: N/Y | P34: 15-Feb-2026: BPE-MTR-1 tripped for red to blue phase fault, caused by gale-force winds that felled trees onto 3 phase conductors in span BPE-ONG-A0148-0149-10. Copper conductor had snapped & was repaired. Note planned outage to BPE-MTR-1 for project work started on 23/2/2026 at 07:00 | Q34: Cleared all access tracks and trees along the circuit corridor. Damaged conductors were repaired. | R34: SN26038
A35: =ROW() -> 35 | C35: BPE-WDV-1 | D35: I | E35: CCT | F35: 110 | G35: 1.13 | H35: 0 | I35: 0 | J35: 0 | K35: 0 | L35: 0 | M35: 0 | N35: 0 | O35: N/N | P35: Planned Outage /
